Workbook
Name cotisation15_16: Cotisation!$A$14:$H$32
Name Image: 'ancien membre'!$D:$P
Name section: 'Info synthese membres'!$B$14:$B$27
Name tha: 'calendrier jrs'!$J$1
Name thb: 'calendrier jrs'!$H$1

Sheet liste Imprimable
A1: Nb | B1: Code | C1: licence | D1: Nom | E1: code2 | F1: S | G1: liste date Nai | H1: tél | I1: GSM | J1: 80 | K1: D/I | L1: Inscription | M1: As | N1: Cot
A2: =+'inscription 2015-2016'!B2 -> 1 | B2: =+'inscription 2015-2016'!C2 -> GRE | C2: =+'inscription 2015-2016'!D2 -> 14497 | D2: =+'inscription 2015-2016'!E2 -> Benhida-Yasmine | E2: =+'inscription 2015-2016'!F2 -> GRI | F2: =+'inscription 2015-2016'!G2 -> F | G2: =+'inscription 2015-2016'!K2 -> 36840 | H2: =+'inscription 2015-2016'!M2 -> 04/257 78 88 | I2: =+'inscription 2015-2016'!N2 -> 0497/38 42 26 0499/19 29 99 M | J2: =+'inscription 2015-2016'!O2 -> fat_osmani@hotmail.com | K2: =+'inscription 2015-2016'!P2 -> 34/o | L2: =+'inscription 2015-2016'!Q2 -> 42249 | M2: =+'inscription 2015-2016'!T2 -> OK | N2: =+'inscription 2015-2016'!AM2 -> ok | O2: Retard cot | P2: =SUBTOTAL(9,$N$2:$N$200) -> 3149
A3: =+'inscription 2015-2016'!B3 -> 1 | B3: =+'inscription 2015-2016'!C3 -> GRI | C3: =+'inscription 2015-2016'!D3 -> 14497 | D3: =+'inscription 2015-2016'!E3 -> Benhida-Yasmine | E3: =+'inscription 2015-2016'!F3 -> GRE | F3: =+'inscription 2015-2016'!G3 -> F | G3: =+'inscription 2015-2016'!K3 -> 36840 | H3: =+'inscription 2015-2016'!M3 -> 04/257 78 88 | I3: =+'inscription 2015-2016'!N3 -> 0497/38 42 26 0499/19 29 99 M | J3: =+'inscription 2015-2016'!O3 -> fat_osmani@hotmail.com | K3: =+'inscription 2015-2016'!P3 -> 34/o | L3: =+'inscription 2015-2016'!Q3 -> 42260 | M3: =+'inscription 2015-2016'!T3 -> OK | N3: =+'inscription 2015-2016'!AM3 -> 130
A4: =+'inscription 2015-2016'!B4 -> 1 | B4: =+'inscription 2015-2016'!C4 -> GRE | C4: =+'inscription 2015-2016'!D4 -> 14498 | D4: =+'inscription 2015-2016'!E4 -> Bortoletto-Laura | E4: =+'inscription 2015-2016'!F4 -> GRI | F4: =+'inscription 2015-2016'!G4 -> F | G4: =+'inscription 2015-2016'!K4 -> 36398 | H4: =+'inscription 2015-2016'!M4 -> 04/226 90 00 | I4: =+'inscription 2015-2016'!N4 -> 0483/36 10 47 0486/27 74 55 M | J4: =+'inscription 2015-2016'!O4 -> odette.marion@base.be | K4: =+'inscription 2015-2016'!P4 -> 2/o | L4: =+'inscription 2015-2016'!Q4 -> 42249 | M4: =+'inscription 2015-2016'!T4 -> OK | N4: =+'inscription 2015-2016'!AM4 -> ok
A5: =+'inscription 2015-2016'!B5 -> 1 | B5: =+'inscription 2015-2016'!C5 -> GRI | C5: =+'inscription 2015-2016'!D5 -> 14498 | D5: =+'inscription 2015-2016'!E5 -> Bortoletto-Laura | E5: =+'inscription 2015-2016'!F5 -> GRE | F5: =+'inscription 2015-2016'!G5 -> F | G5: =+'inscription 2015-2016'!K5 -> 36398 | H5: =+'inscription 2015-2016'!M5 -> 04/226 90 00 | I5: =+'inscription 2015-2016'!N5 -> 0483/36 10 47 0486/27 74 55 M | J5: =+'inscription 2015-2016'!O5 -> odette.marion@base.be | K5: =+'inscription 2015-2016'!P5 -> 2/o | L5: =+'inscription 2015-2016'!Q5 -> 42260 | M5: =+'inscription 2015-2016'!T5 -> OK | N5: =+'inscription 2015-2016'!AM5 -> 100
A6: =+'inscription 2015-2016'!B6 -> 1 | B6: =+'inscription 2015-2016'!C6 -> GRE | C6: =+'inscription 2015-2016'!D6 -> 19548 | D6: =+'inscription 2015-2016'!E6 -> Lesage-Tiffany | E6: =+'inscription 2015-2016'!F6 -> GRI | F6: =+'inscription 2015-2016'!G6 -> F | G6: =+'inscription 2015-2016'!K6 -> 35655 | H6: =+'inscription 2015-2016'!M6 -> 0 | I6: =+'inscription 2015-2016'!N6 -> 0498/78 32 68 0496/11 12 13 M | J6: =+'inscription 2015-2016'!O6 -> tiffany.lesage1997@gmail.com | K6: =+'inscription 2015-2016'!P6 -> 39/o | L6: =+'inscription 2015-2016'!Q6 -> 42249 | M6: =+'inscription 2015-2016'!T6 -> OK | N6: =+'inscription 2015-2016'!AM6 -> 75
A7: =+'inscription 2015-2016'!B7 -> 1 | B7: =+'inscription 2015-2016'!C7 -> GRI | C7: =+'inscription 2015-2016'!D7 -> 19548 | D7: =+'inscription 2015-2016'!E7 -> Lesage-Tiffany | E7: =+'inscription 2015-2016'!F7 -> GRE | F7: =+'inscription 2015-2016'!G7 -> F | G7: =+'inscription 2015-2016'!K7 -> 35655 | H7: =+'inscription 2015-2016'!M7 -> 0 | I7: =+'inscription 2015-2016'!N7 -> 0498/78 32 68 0496/11 12 13 M | J7: =+'inscription 2015-2016'!O7 -> tiffany.lesage1997@gmail.com | K7: =+'inscription 2015-2016'!P7 -> 39/o | L7: =+'inscription 2015-2016'!Q7 -> 42260 | M7: =+'inscription 2015-2016'!T7 -> OK | N7: =+'inscription 2015-2016'!AM7 -> ok
A8: =+'inscription 2015-2016'!B8 -> 1 | B8: =+'inscription 2015-2016'!C8 -> EDam | C8: =+'inscription 2015-2016'!D8 -> 19561 | D8: =+'inscription 2015-2016'!E8 -> Mattina-Nuzia | E8: =+'inscription 2015-2016'!F8 -> 0 | F8: =+'inscription 2015-2016'!G8 -> F | G8: =+'inscription 2015-2016'!K8 -> 19697 | H8: =+'inscription 2015-2016'!M8 -> 0 | I8: =+'inscription 2015-2016'!N8 -> 0499/176643 | J8: =+'inscription 2015-2016'!O8 -> 0 | K8: =+'inscription 2015-2016'!P8 -> 67/o | L8: =+'inscription 2015-2016'!Q8 -> 42248 | M8: =+'inscription 2015-2016'!T8 -> OK | N8: =+'inscription 2015-2016'!AM8 -> ok
A9: =+'inscription 2015-2016'!B9 -> 1 | B9: =+'inscription 2015-2016'!C9 -> GRE | C9: =+'inscription 2015-2016'!D9 -> 19562 | D9: =+'inscription 2015-2016'!E9 -> Mazziotta-Maude | E9: =+'inscription 2015-2016'!F9 -> 0 | F9: =+'inscription 2015-2016'!G9 -> F | G9: =+'inscription 2015-2016'!K9 -> 34493 | H9: =+'inscription 2015-2016'!M9 -> 0 | I9: =+'inscription 2015-2016'!N9 -> 0497/67 27 16 | J9: =+'inscription 2015-2016'!O9 -> maudesouricette0608@gmail.com | K9: =+'inscription 2015-2016'!P9 -> 6/o | L9: =+'inscription 2015-2016'!Q9 -> 42249 | M9: =+'inscription 2015-2016'!T9 -> OK | N9: =+'inscription 2015-2016'!AM9 -> 75
A10: =+'inscription 2015-2016'!B10 -> 1 | B10: =+'inscription 2015-2016'!C10 -> EDam | C10: =+'inscription 2015-2016'!D10 -> 19590 | D10: =+'inscription 2015-2016'!E10 -> Sciascia-Anna | E10: =+'inscription 2015-2016'!F10 -> 0 | F10: =+'inscription 2015-2016'!G10 -> F | G10: =+'inscription 2015-2016'!K10 -> 23770 | H10: =+'inscription 2015-2016'!M10 -> 04/234 05 51 | I10: =+'inscription 2015-2016'!N10 -> 0491/08 92 93 | J10: =+'inscription 2015-2016'!O10 -> Sciasciaanna@gmail.com | K10: =+'inscription 2015-2016'!P10 -> 9/o | L10: =+'inscription 2015-2016'!Q10 -> 42250 | M10: =+'inscription 2015-2016'!T10 -> OK | N10: =+'inscription 2015-2016'!AM10 -> ok
A11: =+'inscription 2015-2016'!B11 -> 1 | B11: =+'inscription 2015-2016'!C11 -> GRE | C11: =+'inscription 2015-2016'!D11 -> 32659 | D11: =+'inscription 2015-2016'!E11 -> Smets-Guénaëlle | E11: =+'inscription 2015-2016'!F11 -> GRI | F11: =+'inscription 2015-2016'!G11 -> F | G11: =+'inscription 2015-2016'!K11 -> 37202 | H11: =+'inscription 2015-2016'!M11 -> 04/384 78 00 | I11: =+'inscription 2015-2016'!N11 -> 0471/71 35 31 0493/58 36 16 M | J11: =+'inscription 2015-2016'!O11 -> lucie.nieduziak@hotmail.be | K11: =+'inscription 2015-2016'!P11 -> 36/o | L11: =+'inscription 2015-2016'!Q11 -> 42249 | M11: =+'inscription 2015-2016'!T11 -> OK | N11: =+'inscription 2015-2016'!AM11 -> 150
A12: =+'inscription 2015-2016'!B12 -> 1 | B12: =+'inscription 2015-2016'!C12 -> GRI | C12: =+'inscription 2015-2016'!D12 -> 32659 | D12: =+'inscription 2015-2016'!E12 -> Smets-Guénaëlle | E12: =+'inscription 2015-2016'!F12 -> GRE | F12: =+'inscription 2015-2016'!G12 -> F | G12: =+'inscription 2015-2016'!K12 -> 37202 | H12: =+'inscription 2015-2016'!M12 -> 04/384 78 00 | I12: =+'inscription 2015-2016'!N12 -> 0471/71 35 31 0493/58 36 16 M | J12: =+'inscription 2015-2016'!O12 -> lucie.nieduziak@hotmail.be | K12: =+'inscription 2015-2016'!P12 -> 36/o | L12: =+'inscription 2015-2016'!Q12 -> 42260 | M12: =+'inscription 2015-2016'!T12 -> OK | N12: =+'inscription 2015-2016'!AM12 -> 200
A13: =+'inscription 2015-2016'!B13 -> 1 | B13: =+'inscription 2015-2016'!C13 -> Edam | C13: =+'inscription 2015-2016'!D13 -> 32802 | D13: =+'inscription 2015-2016'!E13 -> Binnici-Vincianne | E13: =+'inscription 2015-2016'!F13 -> 0 | F13: =+'inscription 2015-2016'!G13 -> F | G13: =+'inscription 2015-2016'!K13 -> 26963 | H13: =+'inscription 2015-2016'!M13 -> 04/265 63 31 | I13: =+'inscription 2015-2016'!N13 -> 0485/56 99 79 | J13: =+'inscription 2015-2016'!O13 -> vincentarrisico@gmail.com | K13: =+'inscription 2015-2016'!P13 -> 65/o | L13: =+'inscription 2015-2016'!Q13 -> 42248 | M13: =+'inscription 2015-2016'!T13 -> OK | N13: =+'inscription 2015-2016'!AM13 -> ok
A14: =+'inscription 2015-2016'!B14 -> 2 | B14: =+'inscription 2015-2016'!C14 -> Edam | C14: =+'inscription 2015-2016'!D14 -> 35782 | D14: =+'inscription 2015-2016'!E14 -> Natola-Maria | E14: =+'inscription 2015-2016'!F14 -> 0 | F14: =+'inscription 2015-2016'!G14 -> F | G14: =+'inscription 2015-2016'!K14 -> 19833 | H14: =+'inscription 2015-2016'!M14 -> 04/246 34 00 | I14: =+'inscription 2015-2016'!N14 -> 0495/92 69 10 | J14: =+'inscription 2015-2016'!O14 -> 0 | K14: =+'inscription 2015-2016'!P14 -> 164/o | L14: =+'inscription 2015-2016'!Q14 -> 42270 | M14: =+'inscription 2015-2016'!T14 -> OK | N14: =+'inscription 2015-2016'!AM14 -> ok
... A20: =+'inscription 2015-2016'!B20 -> 1 | B20: =+'inscription 2015-2016'!C20 -> GRE | C20: =+'inscription 2015-2016'!D20 -> 55196 | D20: =+'inscription 2015-2016'!E20 -> Nyns-Nora | E20: =+'inscription 2015-2016'!F20 -> GRI | F20: =+'inscription 2015-2016'!G20 -> F | G20: =+'inscription 2015-2016'!K20 -> 37042 | H20: =+'inscription 2015-2016'!M20 -> 04/229 32 04 | I20: =+'inscription 2015-2016'!N20 -> 0493/62 02 80 | J20: =+'inscription 2015-2016'!O20 -> ben-nyns@hotmail.com | K20: =+'inscription 2015-2016'!P20 -> 89/o | L20: =+'inscription 2015-2016'!Q20 -> 42251 | M20: =+'inscription 2015-2016'!T20 -> OK | N20: =+'inscription 2015-2016'!AM20 -> ok
A21: =+'inscription 2015-2016'!B21 -> 1 | B21: =+'inscription 2015-2016'!C21 -> GRI | C21: =+'inscription 2015-2016'!D21 -> 55196 | D21: =+'inscription 2015-2016'!E21 -> Nyns-Nora | E21: =+'inscription 2015-2016'!F21 -> GRE | F21: =+'inscription 2015-2016'!G21 -> F | G21: =+'inscription 2015-2016'!K21 -> 37042 | H21: =+'inscription 2015-2016'!M21 -> 04/229 32 04 | I21: =+'inscription 2015-2016'!N21 -> 0493/62 02 80 | J21: =+'inscription 2015-2016'!O21 -> ben-nyns@hotmail.com | K21: =+'inscription 2015-2016'!P21 -> 89/o | L21: =+'inscription 2015-2016'!Q21 -> 42260 | M21: =+'inscription 2015-2016'!T21 -> OK | N21: =+'inscription 2015-2016'!AM21 -> 200 | O21: Retard cot | P21: =SUBTOTAL(9,$N$2:$N$100) -> 2914
A22: =+'inscription 2015-2016'!B22 -> 1 | B22: =+'inscription 2015-2016'!C22 -> GRA | C22: =+'inscription 2015-2016'!D22 -> 57397 | D22: =+'inscription 2015-2016'!E22 -> Gilles-Emma | E22: =+'inscription 2015-2016'!F22 -> 0 | F22: =+'inscription 2015-2016'!G22 -> F | G22: =+'inscription 2015-2016'!K22 -> 39582 | H22: =+'inscription 2015-2016'!M22 -> 0 | I22: =+'inscription 2015-2016'!N22 -> 0497/21 87 62 M | J22: =+'inscription 2015-2016'!O22 -> gilles.louis@hotmail.com | K22: =+'inscription 2015-2016'!P22 -> 161/o | L22: =+'inscription 2015-2016'!Q22 -> 42263 | M22: =+'inscription 2015-2016'!T22 -> OK | N22: =+'inscription 2015-2016'!AM22 -> ok
A23: =+'inscription 2015-2016'!B23 -> 1 | B23: =+'inscription 2015-2016'!C23 -> GRC | C23: =+'inscription 2015-2016'!D23 -> 58362 | D23: =+'inscription 2015-2016'!E23 -> Benvegna-Lilou | E23: =+'inscription 2015-2016'!F23 -> 0 | F23: =+'inscription 2015-2016'!G23 -> F | G23: =+'inscription 2015-2016'!K23 -> 39336 | H23: =+'inscription 2015-2016'!M23 -> 0 | I23: =+'inscription 2015-2016'!N23 -> 0475/29 63 71 | J23: =+'inscription 2015-2016'!O23 -> 0 | K23: =+'inscription 2015-2016'!P23 -> 146/o | L23: =+'inscription 2015-2016'!Q23 -> 42254 | M23: =+'inscription 2015-2016'!T23 -> OK | N23: =+'inscription 2015-2016'!AM23 -> ok
A24: =+'inscription 2015-2016'!B24 -> 1 | B24: =+'inscription 2015-2016'!C24 -> Edam | C24: =+'inscription 2015-2016'!D24 -> 58596 | D24: =+'inscription 2015-2016'!E24 -> Banken-Josiane | E24: =+'inscription 2015-2016'!F24 -> 0 | F24: =+'inscription 2015-2016'!G24 -> F | G24: =+'inscription 2015-2016'!K24 -> 22330 | H24: =+'inscription 2015-2016'!M24 -> 0 | I24: =+'inscription 2015-2016'!N24 -> 0495/77 23 69 | J24: =+'inscription 2015-2016'!O24 -> 0 | K24: =+'inscription 2015-2016'!P24 -> 149/o | L24: =+'inscription 2015-2016'!Q24 -> 42261 | M24: =+'inscription 2015-2016'!T24 -> OK | N24: =+'inscription 2015-2016'!AM24 -> ok
A25: =+'inscription 2015-2016'!B25 -> 1 | B25: =+'inscription 2015-2016'!C25 -> GRC | C25: =+'inscription 2015-2016'!D25 -> 68716 | D25: =+'inscription 2015-2016'!E25 -> Maréchal-Maria | E25: =+'inscription 2015-2016'!F25 -> 0 | F25: =+'inscription 2015-2016'!G25 -> F | G25: =+'inscription 2015-2016'!K25 -> 38582 | H25: =+'inscription 2015-2016'!M25 -> 04/2242728 | I25: =+'inscription 2015-2016'!N25 -> 0485/74 97 35 P 0486/40 87 10 M | J25: =+'inscription 2015-2016'!O25 -> ermarechal@gmail.com | K25: =+'inscription 2015-2016'!P25 -> 7/o | L25: =+'inscription 2015-2016'!Q25 -> 42264 | M25: =+'inscription 2015-2016'!T25 -> OK | N25: =+'inscription 2015-2016'!AM25 -> ok
A26: =+'inscription 2015-2016'!B26 -> 1 | B26: =+'inscription 2015-2016'!C26 -> EDam | C26: =+'inscription 2015-2016'!D26 -> 71369 | D26: =+'inscription 2015-2016'!E26 -> Defresne-Anne Marie | E26: =+'inscription 2015-2016'!F26 -> 0 | F26: =+'inscription 2015-2016'!G26 -> F | G26: =+'inscription 2015-2016'!K26 -> 18935 | H26: =+'inscription 2015-2016'!M26 -> 0 | I26: =+'inscription 2015-2016'!N26 -> 0471/88 51 89 | J26: =+'inscription 2015-2016'!O26 -> 0 | K26: =+'inscription 2015-2016'!P26 -> 54/o | L26: =+'inscription 2015-2016'!Q26 -> 42250 | M26: =+'inscription 2015-2016'!T26 -> OK | N26: =+'inscription 2015-2016'!AM26 -> ok
A27: =+'inscription 2015-2016'!B27 -> 2 | B27: =+'inscription 2015-2016'!C27 -> EDam | C27: =+'inscription 2015-2016'!D27 -> 71385 | D27: =+'inscription 2015-2016'!E27 -> Legrand-Marie-Louise | E27: =+'inscription 2015-2016'!F27 -> 0 | F27: =+'inscription 2015-2016'!G27 -> F | G27: =+'inscription 2015-2016'!K27 -> 21176 | H27: =+'inscription 2015-2016'!M27 -> 04/234 23 05 | I27: =+'inscription 2015-2016'!N27 -> 0487/74 95 50 | J27: =+'inscription 2015-2016'!O27 -> marie.l-legrand@hotmail.fr | K27: =+'inscription 2015-2016'!P27 -> 19/o | L27: =+'inscription 2015-2016'!Q27 -> 42248 | M27: =+'inscription 2015-2016'!T27 -> OK | N27: =+'inscription 2015-2016'!AM27 -> ok
A28: =+'inscription 2015-2016'!B28 -> 3 | B28: =+'inscription 2015-2016'!C28 -> EDam | C28: =+'inscription 2015-2016'!D28 -> 71386 | D28: =+'inscription 2015-2016'!E28 -> Mathy-Joelle | E28: =+'inscription 2015-2016'!F28 -> 0 | F28: =+'inscription 2015-2016'!G28 -> F | G28: =+'inscription 2015-2016'!K28 -> 22350 | H28: =+'inscription 2015-2016'!M28 -> 0 | I28: =+'inscription 2015-2016'!N28 -> 0497/18 45 07 | J28: =+'inscription 2015-2016'!O28 -> 0 | K28: =+'inscription 2015-2016'!P28 -> 138/N | L28: =+'inscription 2015-2016'!Q28 -> 42250 | M28: =+'inscription 2015-2016'!T28 -> OK | N28: =+'inscription 2015-2016'!AM28 -> ok
A29: =+'inscription 2015-2016'!B29 -> 1 | B29: =+'inscription 2015-2016'!C29 -> GRA | C29: =+'inscription 2015-2016'!D29 -> 74917 | D29: =+'inscription 2015-2016'!E29 -> Maes-Erin | E29: =+'inscription 2015-2016'!F29 -> 0 | F29: =+'inscription 2015-2016'!G29 -> F | G29: =+'inscription 2015-2016'!K29 -> 37949 | H29: =+'inscription 2015-2016'!M29 -> 0 | I29: =+'inscription 2015-2016'!N29 -> 0476/63 54 10 0498/21 27 58 M | J29: =+'inscription 2015-2016'!O29 -> catherinemaes12@hotmail.com | K29: =+'inscription 2015-2016'!P29 -> 158/? | L29: =+'inscription 2015-2016'!Q29 -> 42249 | M29: =+'inscription 2015-2016'!T29 -> OK | N29: =+'inscription 2015-2016'!AM29 -> 100
A30: =+'inscription 2015-2016'!B30 -> 2 | B30: =+'inscription 2015-2016'!C30 -> GRA | C30: =+'inscription 2015-2016'!D30 -> 75581 | D30: =+'inscription 2015-2016'!E30 -> Girardi-Charline | E30: =+'inscription 2015-2016'!F30 -> MJ | F30: =+'inscription 2015-2016'!G30 -> F | G30: =+'inscription 2015-2016'!K30 -> 39654 | H30: =+'inscription 2015-2016'!M30 -> 04/231 09 57 | I30: =+'inscription 2015-2016'!N30 -> 0496/67 07 80 P 0494/84 03 28 M | J30: =+'inscription 2015-2016'!O30 -> girardibrun@hotmail.com | K30: =+'inscription 2015-2016'!P30 -> 73/o | L30: =+'inscription 2015-2016'!Q30 -> 42249 | M30: =+'inscription 2015-2016'!T30 -> rappel | N30: =+'inscription 2015-2016'!AM30 -> 135
A31: =+'inscription 2015-2016'!B31 -> 1 | B31: =+'inscription 2015-2016'!C31 -> Mjazz | C31: =+'inscription 2015-2016'!D31 -> 75581 | D31: =+'inscription 2015-2016'!E31 -> Girardi-Charline | E31: =+'inscription 2015-2016'!F31 -> GRA | F31: =+'inscription 2015-2016'!G31 -> F | G31: =+'inscription 2015-2016'!K31 -> 39654 | H31: =+'inscription 2015-2016'!M31 -> 04/231 09 57 | I31: =+'inscription 2015-2016'!N31 -> 0496/67 07 80 P 0494/84 03 28 M | J31: =+'inscription 2015-2016'!O31 -> girardibrun@hotmail.com | K31: =+'inscription 2015-2016'!P31 -> 73/o | L31: =+'inscription 2015-2016'!Q31 -> 42254 | M31: =+'inscription 2015-2016'!T31 -> rappel | N31: =+'inscription 2015-2016'!AM31
A32: =+'inscription 2015-2016'!B32 -> 1 | B32: =+'inscription 2015-2016'!C32 -> GRA | C32: =+'inscription 2015-2016'!D32 -> 78893 | D32: =+'inscription 2015-2016'!E32 -> Vanturenhout-Mathilde | E32: =+'inscription 2015-2016'!F32 -> 0 | F32: =+'inscription 2015-2016'!G32 -> F | G32: =+'inscription 2015-2016'!K32 -> 39260 | H32: =+'inscription 2015-2016'!M32 -> 04/252 58 28 | I32: =+'inscription 2015-2016'!N32 -> 0495/43 36 51 M | J32: =+'inscription 2015-2016'!O32 -> genevieve.lizin@gmail.com | K32: =+'inscription 2015-2016'!P32 -> 45/o | L32: =+'inscription 2015-2016'!Q32 -> 42249 | M32: =+'inscription 2015-2016'!T32 -> OK | N32: =+'inscription 2015-2016'!AM32 -> ok
A33: =+'inscription 2015-2016'!B33 -> 1 | B33: =+'inscription 2015-2016'!C33 -> Mjazz | C33: =+'inscription 2015-2016'!D33 -> 78897 | D33: =+'inscription 2015-2016'!E33 -> Dagnely-Noella | E33: =+'inscription 2015-2016'!F33 -> 0 | F33: =+'inscription 2015-2016'!G33 -> F | G33: =+'inscription 2015-2016'!K33 -> 37676 | H33: =+'inscription 2015-2016'!M33 -> 04/266 21 09 | I33: =+'inscription 2015-2016'!N33 -> 0494/36 82 71 M | J33: =+'inscription 2015-2016'!O33 -> am.binnici@live.be | K33: =+'inscription 2015-2016'!P33 -> 57/o | L33: =+'inscription 2015-2016'!Q33 -> 42254 | M33: =+'inscription 2015-2016'!T33 -> rappel | N33: =+'inscription 2015-2016'!AM33
... A45: =+'inscription 2015-2016'!B45 -> 1 | B45: =+'inscription 2015-2016'!C45 -> GRI | C45: =+'inscription 2015-2016'!D45 -> 86167 | D45: =+'inscription 2015-2016'!E45 -> Quaranta-Issia | E45: =+'inscription 2015-2016'!F45 -> GRB | F45: =+'inscription 2015-2016'!G45 -> F | G45: =+'inscription 2015-2016'!K45 -> 39835 | H45: =+'inscription 2015-2016'!M45 -> 0 | I45: =+'inscription 2015-2016'!N45 -> 0492/31 10 22 M 0492/31 10 26 P | J45: =+'inscription 2015-2016'!O45 -> magange@live.be | K45: =+'inscription 2015-2016'!P45 -> 38/o | L45: =+'inscription 2015-2016'!Q45 -> 42260 | M45: =+'inscription 2015-2016'!T45 -> OK | N45: =+'inscription 2015-2016'!AM45 -> ok
A46: =+'inscription 2015-2016'!B46 -> 1 | B46: =+'inscription 2015-2016'!C46 -> GRB | C46: =+'inscription 2015-2016'!D46 -> 93824 | D46: =+'inscription 2015-2016'!E46 -> Roung-Eva | E46: =+'inscription 2015-2016'!F46 -> 0 | F46: =+'inscription 2015-2016'!G46 -> F | G46: =+'inscription 2015-2016'!K46 -> 37853 | H46: =+'inscription 2015-2016'!M46 -> 0 | I46: =+'inscription 2015-2016'!N46 -> 0495/32 94 03 0494/10 08 05 | J46: =+'inscription 2015-2016'!O46 -> cochi_20@hotmail.com | K46: =+'inscription 2015-2016'!P46 -> 71/o | L46: =+'inscription 2015-2016'!Q46 -> 42249 | M46: =+'inscription 2015-2016'!T46 -> OK | N46: =+'inscription 2015-2016'!AM46 -> ok | O46: Retard cot | P46: =SUBTOTAL(9,$N$2:$N$100) -> 2914
A47: =+'inscription 2015-2016'!B47 -> 1 | B47: =+'inscription 2015-2016'!C47 -> GRA | C47: =+'inscription 2015-2016'!D47 -> 93829 | D47: =+'inscription 2015-2016'!E47 -> Abbate-Lucie | E47: =+'inscription 2015-2016'!F47 -> 0 | F47: =+'inscription 2015-2016'!G47 -> F | G47: =+'inscription 2015-2016'!K47 -> 39357 | H47: =+'inscription 2015-2016'!M47 -> 04/246 10 87 | I47: =+'inscription 2015-2016'!N47 -> 0476/62 70 68 M | J47: =+'inscription 2015-2016'!O47 -> miprilou@hotmail.com | K47: =+'inscription 2015-2016'!P47 -> 70/o | L47: =+'inscription 2015-2016'!Q47 -> 42263 | M47: =+'inscription 2015-2016'!T47 -> OK | N47: =+'inscription 2015-2016'!AM47 -> ok
A48: =+'inscription 2015-2016'!B48 -> 2 | B48: =+'inscription 2015-2016'!C48 -> GRA | C48: =+'inscription 2015-2016'!D48 -> 98662 | D48: =+'inscription 2015-2016'!E48 -> Caputi-Alicia | E48: =+'inscription 2015-2016'!F48 -> 0 | F48: =+'inscription 2015-2016'!G48 -> F | G48: =+'inscription 2015-2016'!K48 -> 38849 | H48: =+'inscription 2015-2016'!M48 -> 04/269 55 78 | I48: =+'inscription 2015-2016'!N48 -> 0497/86 62 28 M 0496/84 51 81 P | J48: =+'inscription 2015-2016'!O48 -> brayeurisabelle@gmail.com | K48: =+'inscription 2015-2016'!P48 -> 88/o | L48: =+'inscription 2015-2016'!Q48 -> 42249 | M48: =+'inscription 2015-2016'!T48 -> OK | N48: =+'inscription 2015-2016'!AM48 -> ok
A49: =+'inscription 2015-2016'!B49 -> 3 | B49: =+'inscription 2015-2016'!C49 -> GRA | C49: =+'inscription 2015-2016'!D49 -> 98664 | D49: =+'inscription 2015-2016'!E49 -> Ramakers-Laly | E49: =+'inscription 2015-2016'!F49 -> MJ | F49: =+'inscription 2015-2016'!G49 -> F | G49: =+'inscription 2015-2016'!K49 -> 39521 | H49: =+'inscription 2015-2016'!M49 -> 042 33 67 00 | I49: =+'inscription 2015-2016'!N49 -> 0495/33 52 67 M | J49: =+'inscription 2015-2016'!O49 -> cricri57@live.be | K49: =+'inscription 2015-2016'!P49 -> 86/o | L49: =+'inscription 2015-2016'!Q49 -> 42249 | M49: =+'inscription 2015-2016'!T49 -> OK | N49: =+'inscription 2015-2016'!AM49 -> ok
A50: =+'inscription 2015-2016'!B50 -> 1 | B50: =+'inscription 2015-2016'!C50 -> Mjazz | C50: =+'inscription 2015-2016'!D50 -> 98664 | D50: =+'inscription 2015-2016'!E50 -> Ramakers-Laly | E50: =+'inscription 2015-2016'!F50 -> GRA | F50: =+'inscription 2015-2016'!G50 -> F | G50: =+'inscription 2015-2016'!K50 -> 39521 | H50: =+'inscription 2015-2016'!M50 -> 042 33 67 00 | I50: =+'inscription 2015-2016'!N50 -> 0495/33 52 67 M | J50: =+'inscription 2015-2016'!O50 -> cricri57@live.be | K50: =+'inscription 2015-2016'!P50 -> 86/o | L50: =+'inscription 2015-2016'!Q50 -> 42254 | M50: =+'inscription 2015-2016'!T50 -> OK | N50: =+'inscription 2015-2016'!AM50
A51: =+'inscription 2015-2016'!B51 -> 1 | B51: =+'inscription 2015-2016'!C51 -> GRA | C51: =+'inscription 2015-2016'!D51 -> 98665 | D51: =+'inscription 2015-2016'!E51 -> Vanstraelen-Clémentine | E51: =+'inscription 2015-2016'!F51 -> 0 | F51: =+'inscription 2015-2016'!G51 -> F | G51: =+'inscription 2015-2016'!K51 -> 38971 | H51: =+'inscription 2015-2016'!M51 -> 0 | I51: =+'inscription 2015-2016'!N51 -> 0474/62 15 28 P | J51: =+'inscription 2015-2016'!O51 -> rudyvanstraelen@yahoo.fr | K51: =+'inscription 2015-2016'!P51 -> 87/o | L51: =+'inscription 2015-2016'!Q51 -> 42256 | M51: =+'inscription 2015-2016'!T51 -> OK | N51: =+'inscription 2015-2016'!AM51 -> 50
A52: =+'inscription 2015-2016'!B52 -> 2 | B52: =+'inscription 2015-2016'!C52 -> GRA | C52: =+'inscription 2015-2016'!D52 -> 100296 | D52: =+'inscription 2015-2016'!E52 -> Santangelo-Eva | E52: =+'inscription 2015-2016'!F52 -> GRC | F52: =+'inscription 2015-2016'!G52 -> F | G52: =+'inscription 2015-2016'!K52 -> 38230 | H52: =+'inscription 2015-2016'!M52 -> 0 | I52: =+'inscription 2015-2016'!N52 -> 0493/20 54 04 0494/51 53 52 M | J52: =+'inscription 2015-2016'!O52 -> mary.licata@hotmail.com | K52: =+'inscription 2015-2016'!P52 -> 162/o | L52: =+'inscription 2015-2016'!Q52 -> 42263 | M52: =+'inscription 2015-2016'!T52 -> OK | N52: =+'inscription 2015-2016'!AM52 -> 77
A53: =+'inscription 2015-2016'!B53 -> 1 | B53: =+'inscription 2015-2016'!C53 -> GRC | C53: =+'inscription 2015-2016'!D53 -> 100296 | D53: =+'inscription 2015-2016'!E53 -> Santangelo-Eva | E53: =+'inscription 2015-2016'!F53 -> GRA | F53: =+'inscription 2015-2016'!G53 -> F | G53: =+'inscription 2015-2016'!K53 -> 38230 | H53: =+'inscription 2015-2016'!M53 -> 0 | I53: =+'inscription 2015-2016'!N53 -> 0493/20 54 04 0494/51 53 52 M | J53: =+'inscription 2015-2016'!O53 -> mary.licata@hotmail.com | K53: =+'inscription 2015-2016'!P53 -> 162/o | L53: =+'inscription 2015-2016'!Q53 -> 42263 | M53: =+'inscription 2015-2016'!T53 -> OK | N53: =+'inscription 2015-2016'!AM53 -> 77
A54: =+'inscription 2015-2016'!B54 -> 1 | B54: =+'inscription 2015-2016'!C54 -> GRA | C54: =+'inscription 2015-2016'!D54 -> 100362 | D54: =+'inscription 2015-2016'!E54 -> Preud'homme-Noémie | E54: =+'inscription 2015-2016'!F54 -> 0 | F54: =+'inscription 2015-2016'!G54 -> F | G54: =+'inscription 2015-2016'!K54 -> 37667 | H54: =+'inscription 2015-2016'!M54 -> 04/223 00 58 | I54: =+'inscription 2015-2016'!N54 -> Bastin Bernard R | J54: =+'inscription 2015-2016'!O54 -> asbllamaison@skynet.be | K54: =+'inscription 2015-2016'!P54 -> 106/N | L54: =+'inscription 2015-2016'!Q54 -> 42249 | M54: =+'inscription 2015-2016'!T54 -> OK | N54: =+'inscription 2015-2016'!AM54 -> ok
A55: =+'inscription 2015-2016'!B55 -> 2 | B55: =+'inscription 2015-2016'!C55 -> GRA | C55: =+'inscription 2015-2016'!D55 -> 100363 | D55: =+'inscription 2015-2016'!E55 -> Lahaye-Priscilla | E55: =+'inscription 2015-2016'!F55 -> 0 | F55: =+'inscription 2015-2016'!G55 -> F | G55: =+'inscription 2015-2016'!K55 -> 37333 | H55: =+'inscription 2015-2016'!M55 -> 04/223 00 58 | I55: =+'inscription 2015-2016'!N55 -> Bastin Bernard R | J55: =+'inscription 2015-2016'!O55 -> asbllamaison@skynet.be | K55: =+'inscription 2015-2016'!P55 -> 107/N | L55: =+'inscription 2015-2016'!Q55 -> 42249 | M55: =+'inscription 2015-2016'!T55 -> OK | N55: =+'inscription 2015-2016'!AM55 -> ok
A56: =+'inscription 2015-2016'!B56 -> 1 | B56: =+'inscription 2015-2016'!C56 -> GRB | C56: =+'inscription 2015-2016'!D56 -> 100365 | D56: =+'inscription 2015-2016'!E56 -> Lognoul-Luna | E56: =+'inscription 2015-2016'!F56 -> 0 | F56: =+'inscription 2015-2016'!G56 -> F | G56: =+'inscription 2015-2016'!K56 -> 37873 | H56: =+'inscription 2015-2016'!M56 -> 0 | I56: =+'inscription 2015-2016'!N56 -> 0495/79 51 86 P 0479/45 67 43 M | J56: =+'inscription 2015-2016'!O56 -> macgil2405@gmail.com | K56: =+'inscription 2015-2016'!P56 -> 108/o | L56: =+'inscription 2015-2016'!Q56 -> 42249 | M56: =+'inscription 2015-2016'!T56 -> OK | N56: =+'inscription 2015-2016'!AM56 -> 65 | O56: Retard cot | P56: =SUBTOTAL(9,$N$2:$N$100) -> 2914
A57: =+'inscription 2015-2016'!B57 -> 1 | B57: =+'inscription 2015-2016'!C57 -> Mjazz | C57: =+'inscription 2015-2016'!D57 -> 100384 | D57: =+'inscription 2015-2016'!E57 -> Rizzo-Alissa | E57: =+'inscription 2015-2016'!F57 -> 0 | F57: =+'inscription 2015-2016'!G57 -> F | G57: =+'inscription 2015-2016'!K57 -> 39386 | H57: =+'inscription 2015-2016'!M57 -> 04/226 23 05 | I57: =+'inscription 2015-2016'!N57 -> 0495/21 06 39 | J57: =+'inscription 2015-2016'!O57 -> fc211151@skynet.be | K57: =+'inscription 2015-2016'!P57 -> 97/o | L57: =+'inscription 2015-2016'!Q57 -> 42254 | M57: =+'inscription 2015-2016'!T57 -> rappel | N57: =+'inscription 2015-2016'!AM57
A58: =+'inscription 2015-2016'!B58 -> 1 | B58: =+'inscription 2015-2016'!C58 -> GRC | C58: =+'inscription 2015-2016'!D58 -> 100884 | D58: =+'inscription 2015-2016'!E58 -> Rhimi-Maissa | E58: =+'inscription 2015-2016'!F58 -> 0 | F58: =+'inscription 2015-2016'!G58 -> F | G58: =+'inscription 2015-2016'!K58 -> 38331 | H58: =+'inscription 2015-2016'!M58 -> 0 | I58: =+'inscription 2015-2016'!N58 -> 0494/23 58 29 P 0498/56 98 39 M | J58: =+'inscription 2015-2016'!O58 -> sandu-semi@hotmail.com | K58: =+'inscription 2015-2016'!P58 -> 133/o | L58: =+'inscription 2015-2016'!Q58 -> 42249 | M58: =+'inscription 2015-2016'!T58 -> OK | N58: =+'inscription 2015-2016'!AM58 -> ok
A59: =+'inscription 2015-2016'!B59 -> 1 | B59: =+'inscription 2015-2016'!C59 -> GRA | C59: =+'inscription 2015-2016'!D59 -> 100885 | D59: =+'inscription 2015-2016'!E59 -> Bergmans-Romane | E59: =+'inscription 2015-2016'!F59 -> 0 | F59: =+'inscription 2015-2016'!G59 -> F | G59: =+'inscription 2015-2016'!K59 -> 38509 | H59: =+'inscription 2015-2016'!M59 -> 04/371 97 68 | I59: =+'inscription 2015-2016'!N59 -> 0476/41 40 51 M | J59: =+'inscription 2015-2016'!O59 -> nancy-longree@hotmail.com | K59: =+'inscription 2015-2016'!P59 -> 154/o | L59: =+'inscription 2015-2016'!Q59 -> 42249 | M59: =+'inscription 2015-2016'!T59 -> OK | N59: =+'inscription 2015-2016'!AM59 -> ok
A60: =+'inscription 2015-2016'!B60 -> 1 | B60: =+'inscription 2015-2016'!C60 -> GRC | C60: =+'inscription 2015-2016'!D60 -> 101046 | D60: =+'inscription 2015-2016'!E60 -> Lombardo-Célia | E60: =+'inscription 2015-2016'!F60 -> 0 | F60: =+'inscription 2015-2016'!G60 -> F | G60: =+'inscription 2015-2016'!K60 -> 38946 | H60: =+'inscription 2015-2016'!M60 -> 0 | I60: =+'inscription 2015-2016'!N60 -> 0476/46 43 31 M | J60: =+'inscription 2015-2016'!O60 -> pippo.lombardo@hotmail.com | K60: =+'inscription 2015-2016'!P60 -> 79/o | L60: =+'inscription 2015-2016'!Q60 -> 42249 | M60: =+'inscription 2015-2016'!T60 -> OK | N60: =+'inscription 2015-2016'!AM60 -> 100
A61: =+'inscription 2015-2016'!B61 -> 1 | B61: =+'inscription 2015-2016'!C61 -> GRB | C61: =+'inscription 2015-2016'!D61 -> 101047 | D61: =+'inscription 2015-2016'!E61 -> Chammache-Yassmine | E61: =+'inscription 2015-2016'!F61 -> GRI | F61: =+'inscription 2015-2016'!G61 -> F | G61: =+'inscription 2015-2016'!K61 -> 38757 | H61: =+'inscription 2015-2016'!M61 -> 0 | I61: =+'inscription 2015-2016'!N61 -> 0487/72 16 08 M | J61: =+'inscription 2015-2016'!O61 -> nayass_anas@hotmail.com | K61: =+'inscription 2015-2016'!P61 -> 110/o | L61: =+'inscription 2015-2016'!Q61 -> 42256 | M61: =+'inscription 2015-2016'!T61 -> OK | N61: =+'inscription 2015-2016'!AM61 -> ok
A62: =+'inscription 2015-2016'!B62 -> 1 | B62: =+'inscription 2015-2016'!C62 -> GRI | C62: =+'inscription 2015-2016'!D62 -> 101047 | D62: =+'inscription 2015-2016'!E62 -> Chammache-Yassmine | E62: =+'inscription 2015-2016'!F62 -> GRB | F62: =+'inscription 2015-2016'!G62 -> F | G62: =+'inscription 2015-2016'!K62 -> 38757 | H62: =+'inscription 2015-2016'!M62 -> 0 | I62: =+'inscription 2015-2016'!N62 -> 0487/72 16 08 M | J62: =+'inscription 2015-2016'!O62 -> nayass_anas@hotmail.com | K62: =+'inscription 2015-2016'!P62 -> 110/o | L62: =+'inscription 2015-2016'!Q62 -> 42260 | M62: =+'inscription 2015-2016'!T62 -> OK | N62: =+'inscription 2015-2016'!AM62 -> 85
A63: =+'inscription 2015-2016'!B63 -> 1 | B63: =+'inscription 2015-2016'!C63 -> GRC | C63: =+'inscription 2015-2016'!D63 -> 102574 | D63: =+'inscription 2015-2016'!E63 -> Paulus-Elana | E63: =+'inscription 2015-2016'!F63 -> 0 | F63: =+'inscription 2015-2016'!G63 -> F | G63: =+'inscription 2015-2016'!K63 -> 40499 | H63: =+'inscription 2015-2016'!M63 -> 0 | I63: =+'inscription 2015-2016'!N63 -> 0494/21 42 56 M | J63: =+'inscription 2015-2016'!O63 -> laurencemaquet@hotmail.com | K63: =+'inscription 2015-2016'!P63 -> 156/o | L63: =+'inscription 2015-2016'!Q63 -> 42264 | M63: =+'inscription 2015-2016'!T63 -> OK | N63: =+'inscription 2015-2016'!AM63 -> 100
A64: =+'inscription 2015-2016'!B64 -> 1 | B64: =+'inscription 2015-2016'!C64 -> GRE | C64: =+'inscription 2015-2016'!D64 -> 103776 | D64: =+'inscription 2015-2016'!E64 -> Herman-Léa | E64: =+'inscription 2015-2016'!F64 -> 0 | F64: =+'inscription 2015-2016'!G64 -> F | G64: =+'inscription 2015-2016'!K64 -> 36832 | H64: =+'inscription 2015-2016'!M64 -> 042/52 25 46 | I64: =+'inscription 2015-2016'!N64 -> 0497/24 06 76 0495/94 56 10 M 0495/65 68 92 P | J64: =+'inscription 2015-2016'!O64 -> mfallea@skynet.be | K64: =+'inscription 2015-2016'!P64 -> 118/o | L64: =+'inscription 2015-2016'!Q64 -> 42251 | M64: =+'inscription 2015-2016'!T64 -> OK | N64: =+'inscription 2015-2016'!AM64 -> ok
A65: =+'inscription 2015-2016'!B65 -> 1 | B65: =+'inscription 2015-2016'!C65 -> EDam | C65: =+'inscription 2015-2016'!D65 -> 104336 | D65: =+'inscription 2015-2016'!E65 -> Legrand-Antoinette | E65: =+'inscription 2015-2016'!F65 -> 0 | F65: =+'inscription 2015-2016'!G65 -> F | G65: =+'inscription 2015-2016'!K65 -> 18778 | H65: =+'inscription 2015-2016'!M65 -> 043/676848 | I65: =+'inscription 2015-2016'!N65 -> 0499/742834 | J65: =+'inscription 2015-2016'!O65 -> dubleg9@hotmail.com | K65: =+'inscription 2015-2016'!P65 -> 119/o | L65: =+'inscription 2015-2016'!Q65 -> 42248 | M65: =+'inscription 2015-2016'!T65 -> OK | N65: =+'inscription 2015-2016'!AM65 -> ok
A66: =+'inscription 2015-2016'!B66 -> 1 | B66: =+'inscription 2015-2016'!C66 -> GRA | C66: =+'inscription 2015-2016'!D66 -> 106496 | D66: =+'inscription 2015-2016'!E66 -> Papeliers-Clémence | E66: =+'inscription 2015-2016'!F66 -> 0 | F66: =+'inscription 2015-2016'!G66 -> F | G66: =+'inscription 2015-2016'!K66 -> 38753 | H66: =+'inscription 2015-2016'!M66 | I66: =+'inscription 2015-2016'!N66 -> 0475/30 53 30 | J66: =+'inscription 2015-2016'!O66 -> sandrine.bxl@gmail.com | K66: =+'inscription 2015-2016'!P66 -> 126/o | L66: =+'inscription 2015-2016'!Q66 -> 42249 | M66: =+'inscription 2015-2016'!T66 -> OK | N66: =+'inscription 2015-2016'!AM66 -> ok
A67: =+'inscription 2015-2016'!B67 -> 1 | B67: =+'inscription 2015-2016'!C67 -> EDam | C67: =+'inscription 2015-2016'!D67 -> 107691 | D67: =+'inscription 2015-2016'!E67 -> Zattolo-Giovanna | E67: =+'inscription 2015-2016'!F67 -> 0 | F67: =+'inscription 2015-2016'!G67 -> F | G67: =+'inscription 2015-2016'!K67 -> 22775 | H67: =+'inscription 2015-2016'!M67 -> 0 | I67: =+'inscription 2015-2016'!N67 -> 0498/19 44 16 | J67: =+'inscription 2015-2016'!O67 -> moa_c_moa33@hotmail.com | K67: =+'inscription 2015-2016'!P67 -> 121/o | L67: =+'inscription 2015-2016'!Q67 -> 42250 | M67: =+'inscription 2015-2016'!T67 -> OK | N67: =+'inscription 2015-2016'!AM67 -> 65
A68: =+'inscription 2015-2016'!B68 -> 2 | B68: =+'inscription 2015-2016'!C68 -> EDam | C68: =+'inscription 2015-2016'!D68 -> 107695 | D68: =+'inscription 2015-2016'!E68 -> Coppola-Melina | E68: =+'inscription 2015-2016'!F68 -> 0 | F68: =+'inscription 2015-2016'!G68 -> F | G68: =+'inscription 2015-2016'!K68 -> 24472 | H68: =+'inscription 2015-2016'!M68 -> 04/269 43 83 | I68: =+'inscription 2015-2016'!N68 -> 0499/08 77 02 | J68: =+'inscription 2015-2016'!O68 -> 0 | K68: =+'inscription 2015-2016'!P68 -> 136/o | L68: =+'inscription 2015-2016'!Q68 -> 42257 | M68: =+'inscription 2015-2016'!T68 -> OK | N68: =+'inscription 2015-2016'!AM68 -> ok
... A71: =+'inscription 2015-2016'!B71 -> 1 | B71: =+'inscription 2015-2016'!C71 -> GRB | C71: =+'inscription 2015-2016'!D71 -> 108354 | D71: =+'inscription 2015-2016'!E71 -> Caltabellotta-Eva | E71: =+'inscription 2015-2016'!F71 -> 0 | F71: =+'inscription 2015-2016'!G71 -> F | G71: =+'inscription 2015-2016'!K71 -> 37343 | H71: =+'inscription 2015-2016'!M71 -> 04/265 58 27 | I71: =+'inscription 2015-2016'!N71 -> 0485/ 89 33 52 | J71: =+'inscription 2015-2016'!O71 -> giabitelli@hotmail.com | K71: =+'inscription 2015-2016'!P71 -> 144/o | L71: =+'inscription 2015-2016'!Q71 -> 42256 | M71: =+'inscription 2015-2016'!T71 -> OK | N71: =+'inscription 2015-2016'!AM71 -> 30
A72: =+'inscription 2015-2016'!B72 -> 2 | B72: =+'inscription 2015-2016'!C72 -> GRB | C72: =+'inscription 2015-2016'!D72 -> 108355 | D72: =+'inscription 2015-2016'!E72 -> Caltabellotta-Lola | E72: =+'inscription 2015-2016'!F72 -> 0 | F72: =+'inscription 2015-2016'!G72 -> F | G72: =+'inscription 2015-2016'!K72 -> 38110 | H72: =+'inscription 2015-2016'!M72 -> 04/265 58 27 | I72: =+'inscription 2015-2016'!N72 -> 0485/ 89 33 52 | J72: =+'inscription 2015-2016'!O72 -> giabitelli@hotmail.com | K72: =+'inscription 2015-2016'!P72 -> 145/o | L72: =+'inscription 2015-2016'!Q72 -> 42256 | M72: =+'inscription 2015-2016'!T72 -> OK | N72: =+'inscription 2015-2016'!AM72 -> 30 | O72: Retard cot | P72: =SUBTOTAL(9,$N$2:$N$100) -> 2914
A73: =+'inscription 2015-2016'!B73 -> 1 | B73: =+'inscription 2015-2016'!C73 -> GRC | C73: =+'inscription 2015-2016'!D73 -> 108356 | D73: =+'inscription 2015-2016'!E73 -> Donato-lily | E73: =+'inscription 2015-2016'!F73 -> 0 | F73: =+'inscription 2015-2016'!G73 -> F | G73: =+'inscription 2015-2016'!K73 -> 38931 | H73: =+'inscription 2015-2016'!M73 -> 04/358 78 89 | I73: =+'inscription 2015-2016'!N73 -> 0497/39 54 64 P | J73: =+'inscription 2015-2016'!O73 -> geoffroydonato@gmail.com | K73: =+'inscription 2015-2016'!P73 -> 147/o | L73: =+'inscription 2015-2016'!Q73 -> 42257 | M73: =+'inscription 2015-2016'!T73 -> OK | N73: =+'inscription 2015-2016'!AM73 -> ok
A74: =+'inscription 2015-2016'!B74 -> 1 | B74: =+'inscription 2015-2016'!C74 -> GRA | C74: =+'inscription 2015-2016'!D74 -> 109282 | D74: =+'inscription 2015-2016'!E74 -> Katambowe-Ruth-Claude | E74: =+'inscription 2015-2016'!F74 -> 0 | F74: =+'inscription 2015-2016'!G74 -> F | G74: =+'inscription 2015-2016'!K74 -> 38955 | H74: =+'inscription 2015-2016'!M74 -> 04/233 98 19 | I74: =+'inscription 2015-2016'!N74 -> 0492/49 34 27 0498/ 88 82 39 M | J74: =+'inscription 2015-2016'!O74 -> yollandemayamba@gmail.com | K74: =+'inscription 2015-2016'!P74 -> 159/o | L74: =+'inscription 2015-2016'!Q74 -> 42256 | M74: =+'inscription 2015-2016'!T74 -> OK | N74: =+'inscription 2015-2016'!AM74 -> 65
A75: =+'inscription 2015-2016'!B75 -> 1 | B75: =+'inscription 2015-2016'!C75 -> GRC | C75: =+'inscription 2015-2016'!D75 -> 109283 | D75: =+'inscription 2015-2016'!E75 -> Addouche-Sophia | E75: =+'inscription 2015-2016'!F75 -> 0 | F75: =+'inscription 2015-2016'!G75 -> F | G75: =+'inscription 2015-2016'!K75 -> 38135 | H75: =+'inscription 2015-2016'!M75 -> 0 | I75: =+'inscription 2015-2016'!N75 -> 0465/63 19 32 M | J75: =+'inscription 2015-2016'!O75 -> krause_angelique@hotmail.com | K75: =+'inscription 2015-2016'!P75 -> 157/o | L75: =+'inscription 2015-2016'!Q75 -> 42271 | M75: =+'inscription 2015-2016'!T75 -> OK | N75: =+'inscription 2015-2016'!AM75 -> 100
A76: =+'inscription 2015-2016'!B76 -> 1 | B76: =+'inscription 2015-2016'!C76 -> GRA | C76: =+'inscription 2015-2016'!D76 -> 109469 | D76: =+'inscription 2015-2016'!E76 -> Moriello-Olivia | E76: =+'inscription 2015-2016'!F76 -> 0 | F76: =+'inscription 2015-2016'!G76 -> F | G76: =+'inscription 2015-2016'!K76 -> 39154 | H76: =+'inscription 2015-2016'!M76 -> 0 | I76: =+'inscription 2015-2016'!N76 -> 0479/64 96 02 M 0476/59 28 47 P | J76: =+'inscription 2015-2016'!O76 -> gabriel.moriello@gmail | K76: =+'inscription 2015-2016'!P76 -> 176/o | L76: =+'inscription 2015-2016'!Q76 -> 42256 | M76: =+'inscription 2015-2016'!T76 -> OK | N76: =+'inscription 2015-2016'!AM76 -> ok
A77: =+'inscription 2015-2016'!B77 -> 1 | B77: =+'inscription 2015-2016'!C77 -> Psych | C77: =+'inscription 2015-2016'!D77 -> 109470 | D77: =+'inscription 2015-2016'!E77 -> Bodson-Elise | E77: =+'inscription 2015-2016'!F77 -> 0 | F77: =+'inscription 2015-2016'!G77 -> F | G77: =+'inscription 2015-2016'!K77 -> 40533 | H77: =+'inscription 2015-2016'!M77 -> 0 | I77: =+'inscription 2015-2016'!N77 -> 0476/96 49 09 M | J77: =+'inscription 2015-2016'!O77 -> chagosse@hotmail.com | K77: =+'inscription 2015-2016'!P77 -> 151/o | L77: =+'inscription 2015-2016'!Q77 -> 42261 | M77: =+'inscription 2015-2016'!T77 -> OK | N77: =+'inscription 2015-2016'!AM77 -> ok
A78: =+'inscription 2015-2016'!B78 -> 2 | B78: =+'inscription 2015-2016'!C78 -> Psych | C78: =+'inscription 2015-2016'!D78 -> 109472 | D78: =+'inscription 2015-2016'!E78 -> Bodson-Martin | E78: =+'inscription 2015-2016'!F78 -> 0 | F78: =+'inscription 2015-2016'!G78 -> M | G78: =+'inscription 2015-2016'!K78 -> 41254 | H78: =+'inscription 2015-2016'!M78 -> 0 | I78: =+'inscription 2015-2016'!N78 -> 0476/96 49 09 M | J78: =+'inscription 2015-2016'!O78 -> chagosse@hotmail.com | K78: =+'inscription 2015-2016'!P78 -> 150/o | L78: =+'inscription 2015-2016'!Q78 -> 42261 | M78: =+'inscription 2015-2016'!T78 -> OK | N78: =+'inscription 2015-2016'!AM78 -> ok
A79: =+'inscription 2015-2016'!B79 -> 3 | B79: =+'inscription 2015-2016'!C79 -> Psych | C79: =+'inscription 2015-2016'!D79 -> 109473 | D79: =+'inscription 2015-2016'!E79 -> Lo Presti-Ilario | E79: =+'inscription 2015-2016'!F79 -> 0 | F79: =+'inscription 2015-2016'!G79 -> M | G79: =+'inscription 2015-2016'!K79 -> 41151 | H79: =+'inscription 2015-2016'!M79 -> 0 | I79: =+'inscription 2015-2016'!N79 -> 0495/65 47 87 M 0497/23 45 68 P | J79: =+'inscription 2015-2016'!O79 -> gramme.gaelle@hotmail.com | K79: =+'inscription 2015-2016'!P79 -> 0 | L79: =+'inscription 2015-2016'!Q79 -> 42261 | M79: =+'inscription 2015-2016'!T79 -> OK | N79: =+'inscription 2015-2016'!AM79 -> ok
A80: =+'inscription 2015-2016'!B80 -> 1 | B80: =+'inscription 2015-2016'!C80 -> Mjazz | C80: =+'inscription 2015-2016'!D80 -> 109474 | D80: =+'inscription 2015-2016'!E80 -> Van Raemdonck-Célia | E80: =+'inscription 2015-2016'!F80 -> 0 | F80: =+'inscription 2015-2016'!G80 -> F | G80: =+'inscription 2015-2016'!K80 -> 38911 | H80: =+'inscription 2015-2016'!M80 -> 0 | I80: =+'inscription 2015-2016'!N80 -> 0497/99 49 54 M 0495/87 07 14 GM | J80: =+'inscription 2015-2016'!O80 -> 0 | K80: =+'inscription 2015-2016'!P80 -> 165/? | L80: =+'inscription 2015-2016'!Q80 -> 42254 | M80: =+'inscription 2015-2016'!T80 -> OK | N80: =+'inscription 2015-2016'!AM80 | O80: Retard cot | P80: =SUBTOTAL(9,$N$2:$N$100) -> 2914
A81: =+'inscription 2015-2016'!B81 -> 1 | B81: =+'inscription 2015-2016'!C81 -> GRA | C81: =+'inscription 2015-2016'!D81 -> 110293 | D81: =+'inscription 2015-2016'!E81 -> Caputi-Romane | E81: =+'inscription 2015-2016'!F81 -> 0 | F81: =+'inscription 2015-2016'!G81 -> F | G81: =+'inscription 2015-2016'!K81 -> 38950 | H81: =+'inscription 2015-2016'!M81 -> 0 | I81: =+'inscription 2015-2016'!N81 -> 0497/27 28 78 0497/25 94 63 M | J81: =+'inscription 2015-2016'!O81 -> 0 | K81: =+'inscription 2015-2016'!P81 -> 172/o | L81: =+'inscription 2015-2016'!Q81 -> 42263 | M81: =+'inscription 2015-2016'!T81 -> OK | N81: =+'inscription 2015-2016'!AM81 -> 100
A82: =+'inscription 2015-2016'!B82 -> 2 | B82: =+'inscription 2015-2016'!C82 -> GRA | C82: =+'inscription 2015-2016'!D82 -> 110294 | D82: =+'inscription 2015-2016'!E82 -> De Saint Georges-Iseut | E82: =+'inscription 2015-2016'!F82 -> 0 | F82: =+'inscription 2015-2016'!G82 -> F | G82: =+'inscription 2015-2016'!K82 -> 39107 | H82: =+'inscription 2015-2016'!M82 -> 04/365 14 44 | I82: =+'inscription 2015-2016'!N82 -> 0486/27 56 32 P 0485/52 34 64 M | J82: =+'inscription 2015-2016'!O82 -> oli.d56@gmail.com marie.chantry@gmail.com | K82: =+'inscription 2015-2016'!P82 -> 143/o | L82: =+'inscription 2015-2016'!Q82 -> 42263 | M82: =+'inscription 2015-2016'!T82 -> OK | N82: =+'inscription 2015-2016'!AM82 -> 100
A83: =+'inscription 2015-2016'!B83 -> 3 | B83: =+'inscription 2015-2016'!C83 -> GRA | C83: =+'inscription 2015-2016'!D83 -> 110295 | D83: =+'inscription 2015-2016'!E83 -> Essaidi-Ines | E83: =+'inscription 2015-2016'!F83 -> 0 | F83: =+'inscription 2015-2016'!G83 -> F | G83: =+'inscription 2015-2016'!K83 -> 39919 | H83: =+'inscription 2015-2016'!M83 -> 0 | I83: =+'inscription 2015-2016'!N83 -> 0489/42 61 70 M 0486/03 05 15 P | J83: =+'inscription 2015-2016'!O83 -> fauvillerachel@gmail.com | K83: =+'inscription 2015-2016'!P83 -> 134/o | L83: =+'inscription 2015-2016'!Q83 -> 42249 | M83: =+'inscription 2015-2016'!T83 -> OK | N83: =+'inscription 2015-2016'!AM83 -> 100
A84: =+'inscription 2015-2016'!B84 -> 1 | B84: =+'inscription 2015-2016'!C84 -> GRC | C84: =+'inscription 2015-2016'!D84 -> 110297 | D84: =+'inscription 2015-2016'!E84 -> San Lorenzo-Mila | E84: =+'inscription 2015-2016'!F84 -> 0 | F84: =+'inscription 2015-2016'!G84 -> F | G84: =+'inscription 2015-2016'!K84 -> 40654 | H84: =+'inscription 2015-2016'!M84 -> 043/33 33 93 | I84: =+'inscription 2015-2016'!N84 -> 0486/26 20 55 0475/65 87 27 | J84: =+'inscription 2015-2016'!O84 -> aud-portaro@hotmail.com | K84: =+'inscription 2015-2016'!P84 -> 155/o | L84: =+'inscription 2015-2016'!Q84 -> 42257 | M84: =+'inscription 2015-2016'!T84 -> OK | N84: =+'inscription 2015-2016'!AM84 -> ok
A85: =+'inscription 2015-2016'!B85 -> 2 | B85: =+'inscription 2015-2016'!C85 -> GRC | C85: =+'inscription 2015-2016'!D85 -> 110298 | D85: =+'inscription 2015-2016'!E85 -> Desmicht-Orlane | E85: =+'inscription 2015-2016'!F85 -> MJ | F85: =+'inscription 2015-2016'!G85 -> F | G85: =+'inscription 2015-2016'!K85 -> 38902 | H85: =+'inscription 2015-2016'!M85 -> 0 | I85: =+'inscription 2015-2016'!N85 -> 0494/07 64 25 M | J85: =+'inscription 2015-2016'!O85 -> 0 | K85: =+'inscription 2015-2016'!P85 -> 169/o | L85: =+'inscription 2015-2016'!Q85 -> 42271 | M85: =+'inscription 2015-2016'!T85 -> OK | N85: =+'inscription 2015-2016'!AM85 -> 100
A86: =+'inscription 2015-2016'!B86 -> 1 | B86: =+'inscription 2015-2016'!C86 -> Mjazz | C86: =+'inscription 2015-2016'!D86 -> 110298 | D86: =+'inscription 2015-2016'!E86 -> Desmicht-Orlane | E86: =+'inscription 2015-2016'!F86 -> GRC | F86: =+'inscription 2015-2016'!G86 -> F | G86: =+'inscription 2015-2016'!K86 -> 0 | H86: =+'inscription 2015-2016'!M86 -> 0 | I86: =+'inscription 2015-2016'!N86 -> 0 | J86: =+'inscription 2015-2016'!O86 -> 0 | K86: =+'inscription 2015-2016'!P86 -> 169/o | L86: =+'inscription 2015-2016'!Q86 -> 42261 | M86: =+'inscription 2015-2016'!T86 -> OK | N86: =+'inscription 2015-2016'!AM86
A87: =+'inscription 2015-2016'!B87 -> 1 | B87: =+'inscription 2015-2016'!C87 -> Psych | C87: =+'inscription 2015-2016'!D87 -> 110310 | D87: =+'inscription 2015-2016'!E87 -> Delvaux-Juliette | E87: =+'inscription 2015-2016'!F87 -> 0 | F87: =+'inscription 2015-2016'!G87 -> F | G87: =+'inscription 2015-2016'!K87 -> 41446 | H87: =+'inscription 2015-2016'!M87 -> 0 | I87: =+'inscription 2015-2016'!N87 -> 0494/100596 | J87: =+'inscription 2015-2016'!O87 -> jennifertromme@gmail.com | K87: =+'inscription 2015-2016'!P87 -> 168/o | L87: =+'inscription 2015-2016'!Q87 -> 42261 | M87: =+'inscription 2015-2016'!T87 -> OK | N87: =+'inscription 2015-2016'!AM87 -> ok
A88: =+'inscription 2015-2016'!B88 -> 2 | B88: =+'inscription 2015-2016'!C88 -> Psych | C88: =+'inscription 2015-2016'!D88 -> 110328 | D88: =+'inscription 2015-2016'!E88 -> Capitano-Calogero | E88: =+'inscription 2015-2016'!F88 -> 0 | F88: =+'inscription 2015-2016'!G88 -> M | G88: =+'inscription 2015-2016'!K88 -> 41053 | H88: =+'inscription 2015-2016'!M88 -> 0 | I88: =+'inscription 2015-2016'!N88 -> 0496/99 38 71 | J88: =+'inscription 2015-2016'!O88 -> 0 | K88: =+'inscription 2015-2016'!P88 -> 167/? | L88: =+'inscription 2015-2016'!Q88 -> 42254 | M88: =+'inscription 2015-2016'!T88 -> OK | N88: =+'inscription 2015-2016'!AM88 -> ok
A89: =+'inscription 2015-2016'!B89 -> 3 | B89: =+'inscription 2015-2016'!C89 -> Psych | C89: =+'inscription 2015-2016'!D89 -> 110329 | D89: =+'inscription 2015-2016'!E89 -> Capitano-Carmelo | E89: =+'inscription 2015-2016'!F89 -> 0 | F89: =+'inscription 2015-2016'!G89 -> M | G89: =+'inscription 2015-2016'!K89 -> 41053 | H89: =+'inscription 2015-2016'!M89 -> 0 | I89: =+'inscription 2015-2016'!N89 -> 0496/99 38 71 | J89: =+'inscription 2015-2016'!O89 -> 0 | K89: =+'inscription 2015-2016'!P89 -> 166/? | L89: =+'inscription 2015-2016'!Q89 -> 42254 | M89: =+'inscription 2015-2016'!T89 -> OK | N89: =+'inscription 2015-2016'!AM89 -> ok
A90: =+'inscription 2015-2016'!B90 -> 1 | B90: =+'inscription 2015-2016'!C90 -> GRA | C90: =+'inscription 2015-2016'!D90 -> 110354 | D90: =+'inscription 2015-2016'!E90 -> Caputi-Maelle | E90: =+'inscription 2015-2016'!F90 -> 0 | F90: =+'inscription 2015-2016'!G90 -> F | G90: =+'inscription 2015-2016'!K90 -> 38950 | H90: =+'inscription 2015-2016'!M90 -> 0 | I90: =+'inscription 2015-2016'!N90 -> 0497/27 28 78 0497/25 94 63 M | J90: =+'inscription 2015-2016'!O90 -> 0 | K90: =+'inscription 2015-2016'!P90 -> 173/o | L90: =+'inscription 2015-2016'!Q90 -> 42263 | M90: =+'inscription 2015-2016'!T90 -> OK | N90: =+'inscription 2015-2016'!AM90 -> 100 | O90: Retard cot | P90: =SUBTOTAL(9,$N$2:$N$100) -> 2914
A91: =+'inscription 2015-2016'!B91 -> 1 | B91: =+'inscription 2015-2016'!C91 -> GRC | C91: =+'inscription 2015-2016'!D91 -> 110568 | D91: =+'inscription 2015-2016'!E91 -> Meys-Jeanne | E91: =+'inscription 2015-2016'!F91 -> 0 | F91: =+'inscription 2015-2016'!G91 -> F | G91: =+'inscription 2015-2016'!K91 -> 39983 | H91: =+'inscription 2015-2016'!M91 -> 04/226 70 57 | I91: =+'inscription 2015-2016'!N91 -> 0470/84 63 00 | J91: =+'inscription 2015-2016'!O91 -> 0 | K91: =+'inscription 2015-2016'!P91 -> 0 | L91: =+'inscription 2015-2016'!Q91 -> 42271 | M91: =+'inscription 2015-2016'!T91 -> OK | N91: =+'inscription 2015-2016'!AM91 -> ok
A92: =+'inscription 2015-2016'!B92 -> 2 | B92: =+'inscription 2015-2016'!C92 -> GRC | C92: =+'inscription 2015-2016'!D92 -> 111532 | D92: =+'inscription 2015-2016'!E92 -> Mouloudi-Aya | E92: =+'inscription 2015-2016'!F92 -> 0 | F92: =+'inscription 2015-2016'!G92 -> F | G92: =+'inscription 2015-2016'!K92 -> 40103 | H92: =+'inscription 2015-2016'!M92 -> 0 | I92: =+'inscription 2015-2016'!N92 -> 0498/28 21 03 M | J92: =+'inscription 2015-2016'!O92 -> 0 | K92: =+'inscription 2015-2016'!P92 -> 177/N | L92: =+'inscription 2015-2016'!Q92 -> 42285 | M92: =+'inscription 2015-2016'!T92 -> OK | N92: =+'inscription 2015-2016'!AM92 -> 100
A93: =+'inscription 2015-2016'!B93 -> 3 | B93: =+'inscription 2015-2016'!C93 -> GRC | C93: =+'inscription 2015-2016'!D93 -> 111533 | D93: =+'inscription 2015-2016'!E93 -> Tahri-Sirine | E93: =+'inscription 2015-2016'!F93 -> 0 | F93: =+'inscription 2015-2016'!G93 -> F | G93: =+'inscription 2015-2016'!K93 -> 39394 | H93: =+'inscription 2015-2016'!M93 -> 0 | I93: =+'inscription 2015-2016'!N93 -> 0484/83 71 91 M | J93: =+'inscription 2015-2016'!O93 -> elkhajouti_hassana@hotmail.fr | K93: =+'inscription 2015-2016'!P93 -> 175/o | L93: =+'inscription 2015-2016'!Q93 -> 42285 | M93: =+'inscription 2015-2016'!T93 -> OK | N93: =+'inscription 2015-2016'!AM93 -> ok
A94: =+'inscription 2015-2016'!B94 -> 1 | B94: =+'inscription 2015-2016'!C94 -> GRA | C94: =+'inscription 2015-2016'!D94 -> 111535 | D94: =+'inscription 2015-2016'!E94 -> Karatzas-Angélique | E94: =+'inscription 2015-2016'!F94 -> 0 | F94: =+'inscription 2015-2016'!G94 -> F | G94: =+'inscription 2015-2016'!K94 -> 40060 | H94: =+'inscription 2015-2016'!M94 -> 0 | I94: =+'inscription 2015-2016'!N94 -> 0485/52 57 91 M | J94: =+'inscription 2015-2016'!O94 -> blom.isabelle@gmail.com | K94: =+'inscription 2015-2016'!P94 -> 170/o | L94: =+'inscription 2015-2016'!Q94 -> 42277 | M94: =+'inscription 2015-2016'!T94 -> OK | N94: =+'inscription 2015-2016'!AM94 -> ok
A95: =+'inscription 2015-2016'!B95 -> 2 | B95: =+'inscription 2015-2016'!C95 -> GRA | C95: =+'inscription 2015-2016'!D95 -> 111536 | D95: =+'inscription 2015-2016'!E95 -> Karatzas-Anastasia | E95: =+'inscription 2015-2016'!F95 -> 0 | F95: =+'inscription 2015-2016'!G95 -> F | G95: =+'inscription 2015-2016'!K95 -> 39370 | H95: =+'inscription 2015-2016'!M95 -> 0 | I95: =+'inscription 2015-2016'!N95 -> 0485/52 57 91 M | J95: =+'inscription 2015-2016'!O95 -> blom.isabelle@gmail.com | K95: =+'inscription 2015-2016'!P95 -> 171/o | L95: =+'inscription 2015-2016'!Q95 -> 42277 | M95: =+'inscription 2015-2016'!T95 -> OK | N95: =+'inscription 2015-2016'!AM95 -> ok
A96: =+'inscription 2015-2016'!B96 -> 3 | B96: =+'inscription 2015-2016'!C96 -> GRA | C96: =+'inscription 2015-2016'!D96 -> 111537 | D96: =+'inscription 2015-2016'!E96 -> Gazibaric-Alena | E96: =+'inscription 2015-2016'!F96 -> 0 | F96: =+'inscription 2015-2016'!G96 -> F | G96: =+'inscription 2015-2016'!K96 -> 39053 | H96: =+'inscription 2015-2016'!M96 -> 0 | I96: =+'inscription 2015-2016'!N96 -> 0498/40 58 12 M 0494/76 83 98 GM | J96: =+'inscription 2015-2016'!O96 -> 0 | K96: =+'inscription 2015-2016'!P96 -> 0 | L96: =+'inscription 2015-2016'!Q96 -> 42256 | M96: =+'inscription 2015-2016'!T96 -> OK | N96: =+'inscription 2015-2016'!AM96 -> ok
A97: =+'inscription 2015-2016'!B97 -> 4 | B97: =+'inscription 2015-2016'!C97 -> GRA | C97: =+'inscription 2015-2016'!D97 -> 111538 | D97: =+'inscription 2015-2016'!E97 -> Cennetoglu-Aksel | E97: =+'inscription 2015-2016'!F97 -> 0 | F97: =+'inscription 2015-2016'!G97 -> F | G97: =+'inscription 2015-2016'!K97 -> 39871 | H97: =+'inscription 2015-2016'!M97 -> 0 | I97: =+'inscription 2015-2016'!N97 -> 0498/23 05 14 M | J97: =+'inscription 2015-2016'!O97 -> tekatliraziye@live.be | K97: =+'inscription 2015-2016'!P97 -> ? | L97: =+'inscription 2015-2016'!Q97 -> 42277 | M97: =+'inscription 2015-2016'!T97 -> OK | N97: =+'inscription 2015-2016'!AM97 -> 35
A98: =+'inscription 2015-2016'!B98 -> 5 | B98: =+'inscription 2015-2016'!C98 -> GRA | C98: =+'inscription 2015-2016'!D98 -> 1113534 | D98: =+'inscription 2015-2016'!E98 -> Koudja-Jade | E98: =+'inscription 2015-2016'!F98 -> 0 | F98: =+'inscription 2015-2016'!G98 -> F | G98: =+'inscription 2015-2016'!K98 -> 39385 | H98: =+'inscription 2015-2016'!M98 -> 0 | I98: =+'inscription 2015-2016'!N98 -> 0497/07 50 34 M | J98: =+'inscription 2015-2016'!O98 -> nathaliesk@live.be | K98: =+'inscription 2015-2016'!P98 -> 160/o | L98: =+'inscription 2015-2016'!Q98 -> 42270 | M98: =+'inscription 2015-2016'!T98 -> OK | N98: =+'inscription 2015-2016'!AM98 -> ok | O98: Retard cot | P98: =SUBTOTAL(9,$N$2:$N$100) -> 2914
A99: =+'inscription 2015-2016'!B99 -> 6 | B99: =+'inscription 2015-2016'!C99 -> GRA | C99: =+'inscription 2015-2016'!D99 -> 0 | D99: =+'inscription 2015-2016'!E99 -> Kassessa Kayembe-Lisa-Grâce | E99: =+'inscription 2015-2016'!F99 -> 0 | F99: =+'inscription 2015-2016'!G99 -> F | G99: =+'inscription 2015-2016'!K99 -> 38822 | H99: =+'inscription 2015-2016'!M99 -> 0 | I99: =+'inscription 2015-2016'!N99 -> 0484/96 22 11 | J99: =+'inscription 2015-2016'!O99 -> sulbout.v@gmail.com | K99: =+'inscription 2015-2016'!P99 -> 141/o | L99: =+'inscription 2015-2016'!Q99 -> 42263 | M99: =+'inscription 2015-2016'!T99 -> rappel | N99: =+'inscription 2015-2016'!AM99 -> 135
A100: =+'inscription 2015-2016'!B100 -> 1 | B100: =+'inscription 2015-2016'!C100 -> GRC | C100: =+'inscription 2015-2016'!D100 -> 0 | D100: =+'inscription 2015-2016'!E100 -> Avola-Natasha | E100: =+'inscription 2015-2016'!F100 -> 0 | F100: =+'inscription 2015-2016'!G100 -> F | G100: =+'inscription 2015-2016'!K100 -> 40336 | H100: =+'inscription 2015-2016'!M100 -> 0 | I100: =+'inscription 2015-2016'!N100 -> 0491/29 87 66 | J100: =+'inscription 2015-2016'!O100 -> avolacateno@gmail.com | K100: =+'inscription 2015-2016'!P100 -> 163/o | L100: =+'inscription 2015-2016'!Q100 -> 42270 | M100: =+'inscription 2015-2016'!T100 -> rappel | N100: =+'inscription 2015-2016'!AM100 -> 135
A101: =+'inscription 2015-2016'!B101 -> 2 | B101: =+'inscription 2015-2016'!C101 -> GRC | C101: =+'inscription 2015-2016'!D101 -> 0 | D101: =+'inscription 2015-2016'!E101 -> El kadri-Ines | E101: =+'inscription 2015-2016'!F101 -> 0 | F101: =+'inscription 2015-2016'!G101 -> F | G101: =+'inscription 2015-2016'!K101 -> 40298 | H101: =+'inscription 2015-2016'!M101 -> 0 | I101: =+'inscription 2015-2016'!N101 -> 0495/16 95 59 M | J101: =+'inscription 2015-2016'!O101 -> lila.aaboud@hotmail.be | K101: =+'inscription 2015-2016'!P101 -> 174/o | L101: =+'inscription 2015-2016'!Q101 -> 42271 | M101: =+'inscription 2015-2016'!T101 -> rappel | N101: =+'inscription 2015-2016'!AM101 -> 135
A102: =+'inscription 2015-2016'!B102 -> 1 | B102: =+'inscription 2015-2016'!C102 -> GRE | C102: =+'inscription 2015-2016'!D102 -> 0 | D102: =+'inscription 2015-2016'!E102 -> Sahraoui-Anissa | E102: =+'inscription 2015-2016'!F102 -> 0 | F102: =+'inscription 2015-2016'!G102 -> F | G102: =+'inscription 2015-2016'!K102 -> 36637 | H102: =+'inscription 2015-2016'!M102 -> 0 | I102: =+'inscription 2015-2016'!N102 -> 0499/17 91 76 0495/92 27 96 M | J102: =+'inscription 2015-2016'!O102 -> ameri22_2@hotmail.com | K102: =+'inscription 2015-2016'!P102 -> 178/o | L102: =+'inscription 2015-2016'!Q102 -> 42269 | M102: =+'inscription 2015-2016'!T102 -> OK | N102: =+'inscription 2015-2016'!AM102 -> 100
A103: =+'inscription 2015-2016'!B103 -> 1 | B103: =+'inscription 2015-2016'!C103 -> Mjazz | C103: =+'inscription 2015-2016'!D103 -> 0 | D103: =+'inscription 2015-2016'!E103 -> Coppola-Chiara | E103: =+'inscription 2015-2016'!F103 -> 0 | F103: =+'inscription 2015-2016'!G103 -> F | G103: =+'inscription 2015-2016'!K103 -> 38689 | H103: =+'inscription 2015-2016'!M103 -> 0 | I103: =+'inscription 2015-2016'!N103 -> 0491/50 28 09 M | J103: =+'inscription 2015-2016'!O103 -> 0 | K103: =+'inscription 2015-2016'!P103 -> 135/o | L103: =+'inscription 2015-2016'!Q103 -> 42254 | M103: =+'inscription 2015-2016'!T103 -> rappel | N103: =+'inscription 2015-2016'!AM103
A104: =+'inscription 2015-2016'!B104 -> 1 | B104: =+'inscription 2015-2016'!C104 -> z | C104: =+'inscription 2015-2016'!D104 -> 0 | D104: =+'inscription 2015-2016'!E104 -> zz | E104: =+'inscription 2015-2016'!F104 -> 0 | F104: =+'inscription 2015-2016'!G104 -> . | G104: =+'inscription 2015-2016'!K104 -> . | H104: =+'inscription 2015-2016'!M104 -> . | I104: =+'inscription 2015-2016'!N104 -> . | J104: =+'inscription 2015-2016'!O104 -> . | K104: =+'inscription 2015-2016'!P104 -> . | L104: =+'inscription 2015-2016'!Q104 -> 0 | M104: =+'inscription 2015-2016'!T104 -> - | N104: =+'inscription 2015-2016'!AM104
A105: =+'inscription 2015-2016'!B105 -> 2 | B105: =+'inscription 2015-2016'!C105 -> z | C105: =+'inscription 2015-2016'!D105 -> 0 | D105: =+'inscription 2015-2016'!E105 -> zz | E105: =+'inscription 2015-2016'!F105 -> 0 | F105: =+'inscription 2015-2016'!G105 -> . | G105: =+'inscription 2015-2016'!K105 -> . | H105: =+'inscription 2015-2016'!M105 -> . | I105: =+'inscription 2015-2016'!N105 -> . | J105: =+'inscription 2015-2016'!O105 -> . | K105: =+'inscription 2015-2016'!P105 -> . | L105: =+'inscription 2015-2016'!Q105 -> 0 | M105: =+'inscription 2015-2016'!T105 -> - | N105: =+'inscription 2015-2016'!AM105
A106: =+'inscription 2015-2016'!B106 -> 3 | B106: =+'inscription 2015-2016'!C106 -> z | C106: =+'inscription 2015-2016'!D106 -> 0 | D106: =+'inscription 2015-2016'!E106 -> zz | E106: =+'inscription 2015-2016'!F106 -> 0 | F106: =+'inscription 2015-2016'!G106 -> . | G106: =+'inscription 2015-2016'!K106 -> . | H106: =+'inscription 2015-2016'!M106 -> . | I106: =+'inscription 2015-2016'!N106 -> . | J106: =+'inscription 2015-2016'!O106 -> . | K106: =+'inscription 2015-2016'!P106 -> . | L106: =+'inscription 2015-2016'!Q106 -> 0 | M106: =+'inscription 2015-2016'!T106 -> - | N106: =+'inscription 2015-2016'!AM106
A107: =+'inscription 2015-2016'!B107 -> 4 | B107: =+'inscription 2015-2016'!C107 -> z | C107: =+'inscription 2015-2016'!D107 -> 0 | D107: =+'inscription 2015-2016'!E107 -> zz | E107: =+'inscription 2015-2016'!F107 -> 0 | F107: =+'inscription 2015-2016'!G107 -> . | G107: =+'inscription 2015-2016'!K107 -> . | H107: =+'inscription 2015-2016'!M107 -> . | I107: =+'inscription 2015-2016'!N107 -> . | J107: =+'inscription 2015-2016'!O107 -> . | K107: =+'inscription 2015-2016'!P107 -> . | L107: =+'inscription 2015-2016'!Q107 -> 0 | M107: =+'inscription 2015-2016'!T107 -> - | N107: =+'inscription 2015-2016'!AM107
A108: =+'inscription 2015-2016'!B108 -> 5 | B108: =+'inscription 2015-2016'!C108 -> z | C108: =+'inscription 2015-2016'!D108 -> 0 | D108: =+'inscription 2015-2016'!E108 -> zz | E108: =+'inscription 2015-2016'!F108 -> 0 | F108: =+'inscription 2015-2016'!G108 -> . | G108: =+'inscription 2015-2016'!K108 -> . | H108: =+'inscription 2015-2016'!M108 -> . | I108: =+'inscription 2015-2016'!N108 -> . | J108: =+'inscription 2015-2016'!O108 -> . | K108: =+'inscription 2015-2016'!P108 -> . | L108: =+'inscription 2015-2016'!Q108 -> 0 | M108: =+'inscription 2015-2016'!T108 -> - | N108: =+'inscription 2015-2016'!AM108
A109: =+'inscription 2015-2016'!B109 -> 6 | B109: =+'inscription 2015-2016'!C109 -> z | C109: =+'inscription 2015-2016'!D109 -> 0 | D109: =+'inscription 2015-2016'!E109 -> zz | E109: =+'inscription 2015-2016'!F109 -> 0 | F109: =+'inscription 2015-2016'!G109 -> . | G109: =+'inscription 2015-2016'!K109 -> . | H109: =+'inscription 2015-2016'!M109 -> . | I109: =+'inscription 2015-2016'!N109 -> . | J109: =+'inscription 2015-2016'!O109 -> . | K109: =+'inscription 2015-2016'!P109 -> . | L109: =+'inscription 2015-2016'!Q109 -> 0 | M109: =+'inscription 2015-2016'!T109 -> - | N109: =+'inscription 2015-2016'!AM109
A110: =+'inscription 2015-2016'!B110 -> 7 | B110: =+'inscription 2015-2016'!C110 -> z | C110: =+'inscription 2015-2016'!D110 -> 0 | D110: =+'inscription 2015-2016'!E110 -> zz | E110: =+'inscription 2015-2016'!F110 -> 0 | F110: =+'inscription 2015-2016'!G110 -> . | G110: =+'inscription 2015-2016'!K110 -> . | H110: =+'inscription 2015-2016'!M110 -> . | I110: =+'inscription 2015-2016'!N110 -> . | J110: =+'inscription 2015-2016'!O110 -> . | K110: =+'inscription 2015-2016'!P110 -> . | L110: =+'inscription 2015-2016'!Q110 -> 0 | M110: =+'inscription 2015-2016'!T110 -> - | N110: =+'inscription 2015-2016'!AM110
... A116: =+'inscription 2015-2016'!B116 -> 13 | B116: =+'inscription 2015-2016'!C116 -> z | C116: =+'inscription 2015-2016'!D116 -> 0 | D116: =+'inscription 2015-2016'!E116 -> zz | E116: =+'inscription 2015-2016'!F116 -> 0 | F116: =+'inscription 2015-2016'!G116 -> . | G116: =+'inscription 2015-2016'!K116 -> . | H116: =+'inscription 2015-2016'!M116 -> . | I116: =+'inscription 2015-2016'!N116 -> . | J116: =+'inscription 2015-2016'!O116 -> . | K116: =+'inscription 2015-2016'!P116 -> . | L116: =+'inscription 2015-2016'!Q116 -> 0 | M116: =+'inscription 2015-2016'!T116 -> - | N116: =+'inscription 2015-2016'!AM116

Sheet TCD exemle
A1: Code liste | B1: GRB
A3: Étiquettes de lignes | B3: Nombre de licence | C3: Nombre de liste GSM | D3: Nombre de Liste droit image N° doc
A4: Abbate-Louise | B4: 1 | C4: 1 | D4: 1
A5: Caltabellotta-Eva | B5: 1 | C5: 1 | D5: 1
A6: Caltabellotta-Lola | B6: 1 | C6: 1 | D6: 1
A7: Chammache-Yassmine | B7: 1 | C7: 1 | D7: 1
A8: Lognoul-Luna | B8: 1 | C8: 1 | D8: 1
A9: Marchal-Lise | B9: 1 | C9: 1 | D9: 1
A10: Quaranta-Issia | B10: 1 | C10: 1 | D10: 1
A11: Roung-Eva | B11: 1 | C11: 1 | D11: 1
A12: Tergui-Naïssa | B12: 1 | C12: 1 | D12: 1
A13: Vincke-Lola | B13: 1 | C13: 1 | D13: 1
A14: Total général | B14: 10 | C14: 10 | D14: 10

Sheet inscription 2015-2016
A1: Date V.L. | B1: Nb liste | C1: Code liste | D1: licence liste | E1: Nom liste | F1: code2 | G1: S | H1: Adresse | I1: CP | J1: Localité | K1: liste date Nai | L1: Natio | M1: tél | N1: liste GSM | O1: =COUNTIF(O2:O135,"*@*") -> 79 | P1: Liste droit image N° doc | Q1: Liste Inscription | R1: assur | S1: date Paie assur | T1: =COUNTIF($T$2:$T$127,"ok") -> 93 | U1: 42277 | V1: Date Payé ou Arrangement | W1: =COUNTIF(W2:W127,"ok") -> 66 | X1: 42308 | Y1: Date Payé Cot 2 promesse | AA1: 42338 | AB1: Date Payé Cot 3 promesse | AD1: 42369 | AE1: Date Payé Cot 3 promesse | AG1: 42035 | AH1: Date Payé Cot 3 promesse | AJ1: 1er contact | AK1: tot cotisation | AL1: Versé | AM1: =COUNTIF(AM2:AM135,"ok") -> 62 | AN1: rappel | AO1: rappel | AP1: rappel | AQ1: retard assur | AR1: retard cotis -15 jr | AS1: diff paie ass
A2: 42255 | B2: =IF(C2=".","",IF(ISTEXT(C2),IF(C2=C1,B1+1,1),"")) -> 1 | C2: GRE | D2: 14497 | E2: Benhida-Yasmine | F2: GRI | G2: F | H2: Rue Louis Germeaux 30 | I2: 4342 | J2: Hognoul | K2: 36840 | L2: Belge | M2: 04/257 78 88 | N2: 0497/38 42 26 0499/19 29 99 M | O2: fat_osmani@hotmail.com | P2: 34/o | Q2: 42249 | R2: 35 | S2: 42250 | T2: =IF(Q2,IF(ISNUMBER(S2),"OK",IF(Q2+8<TODAY(),"rappel","encour")),"-") -> OK | U2: 120 | V2: 42250 | W2: =IF(ISNUMBER(U2),IF(ISNUMBER(V2),"OK",IF(Q2+15<TODAY(),"rappel","encour")),"-") -> OK | X2: 30 | Y2: 42278 | Z2: =IF(X2,IF(ISNUMBER(Y2),"OK",IF(X$1<TODAY(),"rappel","encour")),"-") -> OK | AC2: =IF(AA2,IF(ISNUMBER(AB2),"OK",IF(AA$1<TODAY(),"rappel","encour")),"-") -> - | AF2: =IF(AD2,IF(ISNUMBER(AE2),"OK",IF(AD$1<TODAY(),"rappel","encour")),"-") -> - | AI2: =IF(AG2,IF(ISNUMBER(AH2),"OK",IF(AG$1<TODAY(),"rappel","encour")),"-") -> - | AK2: =IF(OR(ISNUMBER(U2),ISNUMBER(X2),ISNUMBER(AA2),ISNUMBER(AD2),ISNUMBER(AG2)),+R2+U2+X2+AA2+AD2+AG2,"") -> 185 | AL2: =IF(T2="ok",+R2)+IF(W2="ok",+U2)+IF(Z2="ok",+X2)+IF(AC2="ok",+AA2)+IF(AF2="ok",+AD2)+IF(AI2="ok",+AG2) -> 185 | AM2: =IF(ISNUMBER(AK2),IF(AK2=AL2,"ok",AK2-AL2),"") -> ok | AQ2: =IF(T2="rappel",TODAY()-Q2,".") -> . | AR2: =IF(W2="rappel",TODAY()-Q2,".") -> . | AS2: =IF(W2="rappel",TODAY()-S2,".") -> .
A3: 42255 | B3: =IF(C3=".","",IF(ISTEXT(C3),IF(C3=C2,B2+1,1),"")) -> 1 | C3: GRI | D3: 14497 | E3: Benhida-Yasmine | F3: GRE | G3: F | H3: Rue Louis Germeaux 30 | I3: 4342 | J3: Hognoul | K3: 36840 | L3: Belge | M3: 04/257 78 88 | N3: 0497/38 42 26 0499/19 29 99 M | O3: fat_osmani@hotmail.com | P3: 34/o | Q3: 42260 | R3: 0 | S3: 42250 | T3: =IF(Q3,IF(ISNUMBER(S3),"OK",IF(Q3+8<TODAY(),"rappel","encour")),"-") -> OK | W3: =IF(ISNUMBER(U3),IF(ISNUMBER(V3),"OK",IF(Q3+15<TODAY(),"rappel","encour")),"-") -> - | X3: 70 | Y3: 42278 | Z3: =IF(X3,IF(ISNUMBER(Y3),"OK",IF(X$1<TODAY(),"rappel","encour")),"-") -> OK | AA3: 130 | AC3: =IF(AA3,IF(ISNUMBER(AB3),"OK",IF(AA$1<TODAY(),"rappel","encour")),"-") -> encour | AF3: =IF(AD3,IF(ISNUMBER(AE3),"OK",IF(AD$1<TODAY(),"rappel","encour")),"-") -> - | AI3: =IF(AG3,IF(ISNUMBER(AH3),"OK",IF(AG$1<TODAY(),"rappel","encour")),"-") -> - | AK3: =IF(OR(ISNUMBER(U3),ISNUMBER(X3),ISNUMBER(AA3),ISNUMBER(AD3),ISNUMBER(AG3)),+R3+U3+X3+AA3+AD3+AG3,"") -> 200 | AL3: =IF(T3="ok",+R3)+IF(W3="ok",+U3)+IF(Z3="ok",+X3)+IF(AC3="ok",+AA3)+IF(AF3="ok",+AD3)+IF(AI3="ok",+AG3) -> 70 | AM3: =IF(ISNUMBER(AK3),IF(AK3=AL3,"ok",AK3-AL3),"") -> 130 | AQ3: =IF(T3="rappel",TODAY()-Q3,".") -> . | AR3: =IF(W3="rappel",TODAY()-Q3,".") -> . | AS3: =IF(W3="rappel",TODAY()-S3,".") -> .
A4: 42255 | B4: =IF(C4=".","",IF(ISTEXT(C4),IF(C4=C3,B3+1,1),"")) -> 1 | C4: GRE | D4: 14498 | E4: Bortoletto-Laura | F4: GRI | G4: F | H4: Rue Fond-Pirette 87 | I4: 4000 | J4: Liège | K4: 36398 | L4: Belge | M4: 04/226 90 00 | N4: 0483/36 10 47 0486/27 74 55 M | O4: odette.marion@base.be | P4: 2/o | Q4: 42249 | R4: 35 | S4: 42249 | T4: =IF(Q4,IF(ISNUMBER(S4),"OK",IF(Q4+8<TODAY(),"rappel","encour")),"-") -> OK | U4: =IF(ISERROR(VLOOKUP(C4,cotisation15_16,4,FALSE)),".",VLOOKUP(C4,cotisation15_16,4,FALSE)) -> 150 | V4: 42249 | W4: =IF(ISNUMBER(U4),IF(ISNUMBER(V4),"OK",IF(Q4+15<TODAY(),"rappel","encour")),"-") -> OK | Z4: =IF(X4,IF(ISNUMBER(Y4),"OK",IF(X$1<TODAY(),"rappel","encour")),"-") -> - | AC4: =IF(AA4,IF(ISNUMBER(AB4),"OK",IF(AA$1<TODAY(),"rappel","encour")),"-") -> - | AF4: =IF(AD4,IF(ISNUMBER(AE4),"OK",IF(AD$1<TODAY(),"rappel","encour")),"-") -> - | AI4: =IF(AG4,IF(ISNUMBER(AH4),"OK",IF(AG$1<TODAY(),"rappel","encour")),"-") -> - | AK4: =IF(OR(ISNUMBER(U4),ISNUMBER(X4),ISNUMBER(AA4),ISNUMBER(AD4),ISNUMBER(AG4)),+R4+U4+X4+AA4+AD4+AG4,"") -> 185 | AL4: =IF(T4="ok",+R4)+IF(W4="ok",+U4)+IF(Z4="ok",+X4)+IF(AC4="ok",+AA4)+IF(AF4="ok",+AD4)+IF(AI4="ok",+AG4) -> 185 | AM4: =IF(ISNUMBER(AK4),IF(AK4=AL4,"ok",AK4-AL4),"") -> ok | AQ4: =IF(T4="rappel",TODAY()-Q4,".") -> . | AR4: =IF(W4="rappel",TODAY()-Q4,".") -> . | AS4: =IF(W4="rappel",TODAY()-S4,".") -> .
A5: 42255 | B5: =IF(C5=".","",IF(ISTEXT(C5),IF(C5=C4,B4+1,1),"")) -> 1 | C5: GRI | D5: 14498 | E5: Bortoletto-Laura | F5: GRE | G5: F | H5: Rue Fond-Pirette 87 | I5: 4000 | J5: Liège | K5: 36398 | L5: Belge | M5: 04/226 90 00 | N5: 0483/36 10 47 0486/27 74 55 M | O5: odette.marion@base.be | P5: 2/o | Q5: 42260 | R5: 0 | S5: 42249 | T5: =IF(Q5,IF(ISNUMBER(S5),"OK",IF(Q5+8<TODAY(),"rappel","encour")),"-") -> OK | W5: =IF(ISNUMBER(U5),IF(ISNUMBER(V5),"OK",IF(Q5+15<TODAY(),"rappel","encour")),"-") -> - | X5: 100 | Y5: 42289 | Z5: =IF(X5,IF(ISNUMBER(Y5),"OK",IF(X$1<TODAY(),"rappel","encour")),"-") -> OK | AA5: 100 | AC5: =IF(AA5,IF(ISNUMBER(AB5),"OK",IF(AA$1<TODAY(),"rappel","encour")),"-") -> encour | AF5: =IF(AD5,IF(ISNUMBER(AE5),"OK",IF(AD$1<TODAY(),"rappel","encour")),"-") -> - | AI5: =IF(AG5,IF(ISNUMBER(AH5),"OK",IF(AG$1<TODAY(),"rappel","encour")),"-") -> - | AK5: =IF(OR(ISNUMBER(U5),ISNUMBER(X5),ISNUMBER(AA5),ISNUMBER(AD5),ISNUMBER(AG5)),+R5+U5+X5+AA5+AD5+AG5,"") -> 200 | AL5: =IF(T5="ok",+R5)+IF(W5="ok",+U5)+IF(Z5="ok",+X5)+IF(AC5="ok",+AA5)+IF(AF5="ok",+AD5)+IF(AI5="ok",+AG5) -> 100 | AM5: =IF(ISNUMBER(AK5),IF(AK5=AL5,"ok",AK5-AL5),"") -> 100 | AQ5: =IF(T5="rappel",TODAY()-Q5,".") -> . | AR5: =IF(W5="rappel",TODAY()-Q5,".") -> . | AS5: =IF(W5="rappel",TODAY()-S5,".") -> .
A6: 42248 | B6: =IF(C6=".","",IF(ISTEXT(C6),IF(C6=C5,B5+1,1),"")) -> 1 | C6: GRE | D6: 19548 | E6: Lesage-Tiffany | F6: GRI | G6: F | H6: Rue Tout-Va-Bien 67 | I6: 4420 | J6: St Nicolas | K6: 35655 | L6: Belge | N6: 0498/78 32 68 0496/11 12 13 M | O6: tiffany.lesage1997@gmail.com | P6: 39/o | Q6: 42249 | R6: 0 | S6: 42248 | T6: =IF(Q6,IF(ISNUMBER(S6),"OK",IF(Q6+8<TODAY(),"rappel","encour")),"-") -> OK | U6: 75 | W6: =IF(ISNUMBER(U6),IF(ISNUMBER(V6),"OK",IF(Q6+15<TODAY(),"rappel","encour")),"-") -> rappel | Z6: =IF(X6,IF(ISNUMBER(Y6),"OK",IF(X$1<TODAY(),"rappel","encour")),"-") -> - | AC6: =IF(AA6,IF(ISNUMBER(AB6),"OK",IF(AA$1<TODAY(),"rappel","encour")),"-") -> - | AF6: =IF(AD6,IF(ISNUMBER(AE6),"OK",IF(AD$1<TODAY(),"rappel","encour")),"-") -> - | AI6: =IF(AG6,IF(ISNUMBER(AH6),"OK",IF(AG$1<TODAY(),"rappel","encour")),"-") -> - | AK6: =IF(OR(ISNUMBER(U6),ISNUMBER(X6),ISNUMBER(AA6),ISNUMBER(AD6),ISNUMBER(AG6)),+R6+U6+X6+AA6+AD6+AG6,"") -> 75 | AL6: =IF(T6="ok",+R6)+IF(W6="ok",+U6)+IF(Z6="ok",+X6)+IF(AC6="ok",+AA6)+IF(AF6="ok",+AD6)+IF(AI6="ok",+AG6) -> 0 | AM6: =IF(ISNUMBER(AK6),IF(AK6=AL6,"ok",AK6-AL6),"") -> 75 | AQ6: =IF(T6="rappel",TODAY()-Q6,".") -> . | AR6: =IF(W6="rappel",TODAY()-Q6-14,".") -> 27 | AS6: =IF(W6="rappel",TODAY()-S6,".") -> 42
A7: 42248 | B7: =IF(C7=".","",IF(ISTEXT(C7),IF(C7=C6,B6+1,1),"")) -> 1 | C7: GRI | D7: 19548 | E7: Lesage-Tiffany | F7: GRE | G7: F | H7: Rue Tout-Va-Bien 67 | I7: 4420 | J7: St Nicolas | K7: 35655 | L7: Belge | N7: 0498/78 32 68 0496/11 12 13 M | O7: tiffany.lesage1997@gmail.com | P7: 39/o | Q7: 42260 | R7: 0 | S7: 42248 | T7: =IF(Q7,IF(ISNUMBER(S7),"OK",IF(Q7+8<TODAY(),"rappel","encour")),"-") -> OK | U7: 100 | V7: 42263 | W7: =IF(ISNUMBER(U7),IF(ISNUMBER(V7),"OK",IF(Q7+15<TODAY(),"rappel","encour")),"-") -> OK | X7: 100 | Y7: 42282 | Z7: =IF(X7,IF(ISNUMBER(Y7),"OK",IF(X$1<TODAY(),"rappel","encour")),"-") -> OK | AC7: =IF(AA7,IF(ISNUMBER(AB7),"OK",IF(AA$1<TODAY(),"rappel","encour")),"-") -> - | AF7: =IF(AD7,IF(ISNUMBER(AE7),"OK",IF(AD$1<TODAY(),"rappel","encour")),"-") -> - | AI7: =IF(AG7,IF(ISNUMBER(AH7),"OK",IF(AG$1<TODAY(),"rappel","encour")),"-") -> - | AK7: =IF(OR(ISNUMBER(U7),ISNUMBER(X7),ISNUMBER(AA7),ISNUMBER(AD7),ISNUMBER(AG7)),+R7+U7+X7+AA7+AD7+AG7,"") -> 200 | AL7: =IF(T7="ok",+R7)+IF(W7="ok",+U7)+IF(Z7="ok",+X7)+IF(AC7="ok",+AA7)+IF(AF7="ok",+AD7)+IF(AI7="ok",+AG7) -> 200 | AM7: =IF(ISNUMBER(AK7),IF(AK7=AL7,"ok",AK7-AL7),"") -> ok | AQ7: =IF(T7="rappel",TODAY()-Q7,".") -> . | AR7: =IF(W7="rappel",TODAY()-Q7,".") -> . | AS7: =IF(W7="rappel",TODAY()-S7,".") -> .
A8: 42260 | B8: =IF(C8=".","",IF(ISTEXT(C8),IF(C8=C7,B7+1,1),"")) -> 1 | C8: EDam | D8: 19561 | E8: Mattina-Nuzia | G8: F | H8: rue des Muguets 34 | I8: 4420 | J8: St Nicolas | K8: 19697 | L8: Ital | N8: 0499/176643 | P8: 67/o | Q8: 42248 | R8: 35 | S8: 42258 | T8: =IF(Q8,IF(ISNUMBER(S8),"OK",IF(Q8+8<TODAY(),"rappel","encour")),"-") -> OK | U8: =IF(ISERROR(VLOOKUP(C8,cotisation15_16,4,FALSE)),".",VLOOKUP(C8,cotisation15_16,4,FALSE)) -> 100 | V8: 42258 | W8: =IF(ISNUMBER(U8),IF(ISNUMBER(V8),"OK",IF(Q8+15<TODAY(),"rappel","encour")),"-") -> OK | Z8: =IF(X8,IF(ISNUMBER(Y8),"OK",IF(X$1<TODAY(),"rappel","encour")),"-") -> - | AC8: =IF(AA8,IF(ISNUMBER(AB8),"OK",IF(AA$1<TODAY(),"rappel","encour")),"-") -> - | AF8: =IF(AD8,IF(ISNUMBER(AE8),"OK",IF(AD$1<TODAY(),"rappel","encour")),"-") -> - | AI8: =IF(AG8,IF(ISNUMBER(AH8),"OK",IF(AG$1<TODAY(),"rappel","encour")),"-") -> - | AK8: =IF(OR(ISNUMBER(U8),ISNUMBER(X8),ISNUMBER(AA8),ISNUMBER(AD8),ISNUMBER(AG8)),+R8+U8+X8+AA8+AD8+AG8,"") -> 135 | AL8: =IF(T8="ok",+R8)+IF(W8="ok",+U8)+IF(Z8="ok",+X8)+IF(AC8="ok",+AA8)+IF(AF8="ok",+AD8)+IF(AI8="ok",+AG8) -> 135 | AM8: =IF(ISNUMBER(AK8),IF(AK8=AL8,"ok",AK8-AL8),"") -> ok | AQ8: =IF(T8="rappel",TODAY()-Q8,".") -> . | AR8: =IF(W8="rappel",TODAY()-Q8,".") -> . | AS8: =IF(W8="rappel",TODAY()-S8,".") -> .
A9: 42248 | B9: =IF(C9=".","",IF(ISTEXT(C9),IF(C9=C8,B8+1,1),"")) -> 1 | C9: GRE | D9: 19562 | E9: Mazziotta-Maude | G9: F | H9: Rue De La Vaux 9/7 | I9: 4450 | J9: Juprelle | K9: 34493 | L9: Belge | N9: 0497/67 27 16 | O9: maudesouricette0608@gmail.com | P9: 6/o | Q9: 42249 | R9: 0 | S9: 42249 | T9: =IF(Q9,IF(ISNUMBER(S9),"OK",IF(Q9+8<TODAY(),"rappel","encour")),"-") -> OK | U9: 75 | W9: =IF(ISNUMBER(U9),IF(ISNUMBER(V9),"OK",IF(Q9+15<TODAY(),"rappel","encour")),"-") -> rappel | Z9: =IF(X9,IF(ISNUMBER(Y9),"OK",IF(X$1<TODAY(),"rappel","encour")),"-") -> - | AC9: =IF(AA9,IF(ISNUMBER(AB9),"OK",IF(AA$1<TODAY(),"rappel","encour")),"-") -> - | AF9: =IF(AD9,IF(ISNUMBER(AE9),"OK",IF(AD$1<TODAY(),"rappel","encour")),"-") -> - | AI9: =IF(AG9,IF(ISNUMBER(AH9),"OK",IF(AG$1<TODAY(),"rappel","encour")),"-") -> - | AK9: =IF(OR(ISNUMBER(U9),ISNUMBER(X9),ISNUMBER(AA9),ISNUMBER(AD9),ISNUMBER(AG9)),+R9+U9+X9+AA9+AD9+AG9,"") -> 75 | AL9: =IF(T9="ok",+R9)+IF(W9="ok",+U9)+IF(Z9="ok",+X9)+IF(AC9="ok",+AA9)+IF(AF9="ok",+AD9)+IF(AI9="ok",+AG9) -> 0 | AM9: =IF(ISNUMBER(AK9),IF(AK9=AL9,"ok",AK9-AL9),"") -> 75 | AQ9: =IF(T9="rappel",TODAY()-Q9,".") -> . | AR9: =IF(W9="rappel",TODAY()-Q9-14,".") -> 27 | AS9: =IF(W9="rappel",TODAY()-S9,".") -> 41
A10: 42255 | B10: =IF(C10=".","",IF(ISTEXT(C10),IF(C10=C9,B9+1,1),"")) -> 1 | C10: EDam | D10: 19590 | E10: Sciascia-Anna | G10: F | H10: Av Fr. Van Belle 41 | I10: 4420 | J10: Tilleur (lg) | K10: 23770 | L10: Belge | M10: 04/234 05 51 | N10: 0491/08 92 93 | O10: Sciasciaanna@gmail.com | P10: 9/o | Q10: 42250 | R10: 35 | S10: 42250 | T10: =IF(Q10,IF(ISNUMBER(S10),"OK",IF(Q10+8<TODAY(),"rappel","encour")),"-") -> OK | U10: 50 | V10: 42257 | W10: =IF(ISNUMBER(U10),IF(ISNUMBER(V10),"OK",IF(Q10+15<TODAY(),"rappel","encour")),"-") -> OK | X10: 50 | Y10: 42285 | Z10: =IF(X10,IF(ISNUMBER(Y10),"OK",IF(X$1<TODAY(),"rappel","encour")),"-") -> OK | AC10: =IF(AA10,IF(ISNUMBER(AB10),"OK",IF(AA$1<TODAY(),"rappel","encour")),"-") -> - | AF10: =IF(AD10,IF(ISNUMBER(AE10),"OK",IF(AD$1<TODAY(),"rappel","encour")),"-") -> - | AI10: =IF(AG10,IF(ISNUMBER(AH10),"OK",IF(AG$1<TODAY(),"rappel","encour")),"-") -> - | AK10: =IF(OR(ISNUMBER(U10),ISNUMBER(X10),ISNUMBER(AA10),ISNUMBER(AD10),ISNUMBER(AG10)),+R10+U10+X10+AA10+AD10+AG10,"") -> 135 | AL10: =IF(T10="ok",+R10)+IF(W10="ok",+U10)+IF(Z10="ok",+X10)+IF(AC10="ok",+AA10)+IF(AF10="ok",+AD10)+IF(AI10="ok",+AG10) -> 135 | AM10: =IF(ISNUMBER(AK10),IF(AK10=AL10,"ok",AK10-AL10),"") -> ok | AQ10: =IF(T10="rappel",TODAY()-Q10,".") -> . | AR10: =IF(W10="rappel",TODAY()-Q10,".") -> . | AS10: =IF(W10="rappel",TODAY()-S10,".") -> .
A11: 42255 | B11: =IF(C11=".","",IF(ISTEXT(C11),IF(C11=C10,B10+1,1),"")) -> 1 | C11: GRE | D11: 32659 | E11: Smets-Guénaëlle | F11: GRI | G11: F | H11: Rue Davio 17 | I11: 4102 | J11: Ougrée | K11: 37202 | L11: Belge | M11: 04/384 78 00 | N11: 0471/71 35 31 0493/58 36 16 M | O11: lucie.nieduziak@hotmail.be | P11: 36/o | Q11: 42249 | R11: 35 | S11: 42251 | T11: =IF(Q11,IF(ISNUMBER(S11),"OK",IF(Q11+8<TODAY(),"rappel","encour")),"-") -> OK | U11: =IF(ISERROR(VLOOKUP(C11,cotisation15_16,4,FALSE)),".",VLOOKUP(C11,cotisation15_16,4,FALSE)) -> 150 | W11: =IF(ISNUMBER(U11),IF(ISNUMBER(V11),"OK",IF(Q11+15<TODAY(),"rappel","encour")),"-") -> rappel | Z11: =IF(X11,IF(ISNUMBER(Y11),"OK",IF(X$1<TODAY(),"rappel","encour")),"-") -> - | AC11: =IF(AA11,IF(ISNUMBER(AB11),"OK",IF(AA$1<TODAY(),"rappel","encour")),"-") -> - | AF11: =IF(AD11,IF(ISNUMBER(AE11),"OK",IF(AD$1<TODAY(),"rappel","encour")),"-") -> - | AI11: =IF(AG11,IF(ISNUMBER(AH11),"OK",IF(AG$1<TODAY(),"rappel","encour")),"-") -> - | AK11: =IF(OR(ISNUMBER(U11),ISNUMBER(X11),ISNUMBER(AA11),ISNUMBER(AD11),ISNUMBER(AG11)),+R11+U11+X11+AA11+AD11+AG11,"") -> 185 | AL11: =IF(T11="ok",+R11)+IF(W11="ok",+U11)+IF(Z11="ok",+X11)+IF(AC11="ok",+AA11)+IF(AF11="ok",+AD11)+IF(AI11="ok",+AG11) -> 35 | AM11: =IF(ISNUMBER(AK11),IF(AK11=AL11,"ok",AK11-AL11),"") -> 150 | AN11: 42285 | AQ11: =IF(T11="rappel",TODAY()-Q11,".") -> . | AR11: =IF(W11="rappel",TODAY()-Q11-14,".") -> 27 | AS11: =IF(W11="rappel",TODAY()-S11,".") -> 39
A12: 42255 | B12: =IF(C12=".","",IF(ISTEXT(C12),IF(C12=C11,B11+1,1),"")) -> 1 | C12: GRI | D12: 32659 | E12: Smets-Guénaëlle | F12: GRE | G12: F | H12: Rue Davio 17 | I12: 4102 | J12: Ougrée | K12: 37202 | L12: Belge | M12: 04/384 78 00 | N12: 0471/71 35 31 0493/58 36 16 M | O12: lucie.nieduziak@hotmail.be | P12: 36/o | Q12: 42260 | R12: 0 | S12: 42251 | T12: =IF(Q12,IF(ISNUMBER(S12),"OK",IF(Q12+8<TODAY(),"rappel","encour")),"-") -> OK | U12: =IF(ISERROR(VLOOKUP(C12,cotisation15_16,4,FALSE)),".",VLOOKUP(C12,cotisation15_16,4,FALSE)) -> 200 | W12: =IF(ISNUMBER(U12),IF(ISNUMBER(V12),"OK",IF(Q12+15<TODAY(),"rappel","encour")),"-") -> rappel | Z12: =IF(X12,IF(ISNUMBER(Y12),"OK",IF(X$1<TODAY(),"rappel","encour")),"-") -> - | AC12: =IF(AA12,IF(ISNUMBER(AB12),"OK",IF(AA$1<TODAY(),"rappel","encour")),"-") -> - | AF12: =IF(AD12,IF(ISNUMBER(AE12),"OK",IF(AD$1<TODAY(),"rappel","encour")),"-") -> - | AI12: =IF(AG12,IF(ISNUMBER(AH12),"OK",IF(AG$1<TODAY(),"rappel","encour")),"-") -> - | AK12: =IF(OR(ISNUMBER(U12),ISNUMBER(X12),ISNUMBER(AA12),ISNUMBER(AD12),ISNUMBER(AG12)),+R12+U12+X12+AA12+AD12+AG12,"") -> 200 | AL12: =IF(T12="ok",+R12)+IF(W12="ok",+U12)+IF(Z12="ok",+X12)+IF(AC12="ok",+AA12)+IF(AF12="ok",+AD12)+IF(AI12="ok",+AG12) -> 0 | AM12: =IF(ISNUMBER(AK12),IF(AK12=AL12,"ok",AK12-AL12),"") -> 200 | AN12: 42285 | AQ12: =IF(T12="rappel",TODAY()-Q12,".") -> . | AR12: =IF(W12="rappel",TODAY()-Q12-14,".") -> 16 | AS12: =IF(W12="rappel",TODAY()-S12,".") -> 39
A13: 42263 | B13: =IF(C13=".","",IF(ISTEXT(C13),IF(C13=C12,B12+1,1),"")) -> 1 | C13: Edam | D13: 32802 | E13: Binnici-Vincianne | G13: F | H13: Rue du Carrefour 165 | I13: 4101 | J13: Jemeppe | K13: 26963 | L13: Belge | M13: 04/265 63 31 | N13: 0485/56 99 79 | O13: vincentarrisico@gmail.com | P13: 65/o | Q13: 42248 | R13: =IF(ISERROR(VLOOKUP(C13,cotisation15_16,3,FALSE)),".",VLOOKUP(C13,cotisation15_16,3,FALSE)) -> 35 | S13: 42263 | T13: =IF(Q13,IF(ISNUMBER(S13),"OK",IF(Q13+8<TODAY(),"rappel","encour")),"-") -> OK | U13: =IF(ISERROR(VLOOKUP(C13,cotisation15_16,4,FALSE)),".",VLOOKUP(C13,cotisation15_16,4,FALSE)) -> 100 | V13: 42263 | W13: =IF(ISNUMBER(U13),IF(ISNUMBER(V13),"OK",IF(Q13+15<TODAY(),"rappel","encour")),"-") -> OK | Z13: =IF(X13,IF(ISNUMBER(Y13),"OK",IF(X$1<TODAY(),"rappel","encour")),"-") -> - | AC13: =IF(AA13,IF(ISNUMBER(AB13),"OK",IF(AA$1<TODAY(),"rappel","encour")),"-") -> - | AF13: =IF(AD13,IF(ISNUMBER(AE13),"OK",IF(AD$1<TODAY(),"rappel","encour")),"-") -> - | AI13: =IF(AG13,IF(ISNUMBER(AH13),"OK",IF(AG$1<TODAY(),"rappel","encour")),"-") -> - | AK13: =IF(OR(ISNUMBER(U13),ISNUMBER(X13),ISNUMBER(AA13),ISNUMBER(AD13),ISNUMBER(AG13)),+R13+U13+X13+AA13+AD13+AG13,"") -> 135 | AL13: =IF(T13="ok",+R13)+IF(W13="ok",+U13)+IF(Z13="ok",+X13)+IF(AC13="ok",+AA13)+IF(AF13="ok",+AD13)+IF(AI13="ok",+AG13) -> 135 | AM13: =IF(ISNUMBER(AK13),IF(AK13=AL13,"ok",AK13-AL13),"") -> ok | AQ13: =IF(T13="rappel",TODAY()-Q13,".") -> . | AR13: =IF(W13="rappel",TODAY()-Q13,".") -> . | AS13: =IF(W13="rappel",TODAY()-S13,".") -> .
A14: 42279 | B14: =IF(C14=".","",IF(ISTEXT(C14),IF(C14=C13,B13+1,1),"")) -> 2 | C14: Edam | D14: 35782 | E14: Natola-Maria | G14: F | H14: Jean-Paul Sartre 15 | I14: 4460 | J14: Grâce-Hollogne | K14: 19833 | L14: Belge | M14: 04/246 34 00 | N14: 0495/92 69 10 | P14: 164/o | Q14: 42270 | R14: =IF(ISERROR(VLOOKUP(C14,cotisation15_16,3,FALSE)),".",VLOOKUP(C14,cotisation15_16,3,FALSE)) -> 35 | S14: 0 | T14: =IF(Q14,IF(ISNUMBER(S14),"OK",IF(Q14+8<TODAY(),"rappel","encour")),"-") -> OK | U14: =IF(ISERROR(VLOOKUP(C14,cotisation15_16,4,FALSE)),".",VLOOKUP(C14,cotisation15_16,4,FALSE)) -> 100 | V14: 42279 | W14: =IF(ISNUMBER(U14),IF(ISNUMBER(V14),"OK",IF(Q14+15<TODAY(),"rappel","encour")),"-") -> OK | Z14: =IF(X14,IF(ISNUMBER(Y14),"OK",IF(X$1<TODAY(),"rappel","encour")),"-") -> - | AC14: =IF(AA14,IF(ISNUMBER(AB14),"OK",IF(AA$1<TODAY(),"rappel","encour")),"-") -> - | AF14: =IF(AD14,IF(ISNUMBER(AE14),"OK",IF(AD$1<TODAY(),"rappel","encour")),"-") -> - | AI14: =IF(AG14,IF(ISNUMBER(AH14),"OK",IF(AG$1<TODAY(),"rappel","encour")),"-") -> - | AK14: =IF(OR(ISNUMBER(U14),ISNUMBER(X14),ISNUMBER(AA14),ISNUMBER(AD14),ISNUMBER(AG14)),+R14+U14+X14+AA14+AD14+AG14,"") -> 135 | AL14: =IF(Q14,IF(T14="ok",+R14)+IF(W14="ok",+U14)+IF(Z14="ok",+X14)+IF(AC14="ok",+AA14)+IF(AF14="ok",+AD14)+IF(AI14="ok",+AG14),"-") -> 135 | AM14: =IF(ISNUMBER(AK14),IF(AK14=AL14,"ok",AK14-AL14),"") -> ok | AQ14: =IF(T14="rappel",TODAY()-Q14,".") -> . | AR14: =IF(W14="rappel",TODAY()-Q14,".") -> . | AS14: =IF(W14="rappel",TODAY()-S14,".") -> .
A15: 42255 | B15: =IF(C15=".","",IF(ISTEXT(C15),IF(C15=C14,B14+1,1),"")) -> 3 | C15: EDam | D15: 38333 | E15: Picone-Dominique | G15: F | H15: Rue des Noyers 53 | I15: 4000 | J15: Liège | K15: 23587 | L15: Belge | M15: 04/226 41 71 | N15: 0485/37 22 41 | O15: dominique-picone@live.fr | P15: 12/o | Q15: 42248 | R15: 35 | S15: 42252 | T15: =IF(Q15,IF(ISNUMBER(S15),"OK",IF(Q15+8<TODAY(),"rappel","encour")),"-") -> OK | U15: =IF(ISERROR(VLOOKUP(C15,cotisation15_16,4,FALSE)),".",VLOOKUP(C15,cotisation15_16,4,FALSE)) -> 100 | V15: 42252 | W15: =IF(ISNUMBER(U15),IF(ISNUMBER(V15),"OK",IF(Q15+15<TODAY(),"rappel","encour")),"-") -> OK | Z15: =IF(X15,IF(ISNUMBER(Y15),"OK",IF(X$1<TODAY(),"rappel","encour")),"-") -> - | AC15: =IF(AA15,IF(ISNUMBER(AB15),"OK",IF(AA$1<TODAY(),"rappel","encour")),"-") -> - | AF15: =IF(AD15,IF(ISNUMBER(AE15),"OK",IF(AD$1<TODAY(),"rappel","encour")),"-") -> - | AI15: =IF(AG15,IF(ISNUMBER(AH15),"OK",IF(AG$1<TODAY(),"rappel","encour")),"-") -> - | AK15: =IF(OR(ISNUMBER(U15),ISNUMBER(X15),ISNUMBER(AA15),ISNUMBER(AD15),ISNUMBER(AG15)),+R15+U15+X15+AA15+AD15+AG15,"") -> 135 | AL15: =IF(T15="ok",+R15)+IF(W15="ok",+U15)+IF(Z15="ok",+X15)+IF(AC15="ok",+AA15)+IF(AF15="ok",+AD15)+IF(AI15="ok",+AG15) -> 135 | AM15: =IF(ISNUMBER(AK15),IF(AK15=AL15,"ok",AK15-AL15),"") -> ok | AQ15: =IF(T15="rappel",TODAY()-Q15,".") -> . | AR15: =IF(W15="rappel",TODAY()-Q15-14,".") -> . | AS15: =IF(W15="rappel",TODAY()-S15,".") -> .
A16: 42268 | B16: =IF(C16=".","",IF(ISTEXT(C16),IF(C16=C15,B15+1,1),"")) -> 1 | C16: GRC | D16: 43682 | E16: Rogge-Ambre | G16: F | H16: rue du Mayeur 66 | I16: 4420 | J16: St Nicolas | K16: 38901 | L16: Belge | M16: 04/342 90 61 | N16: 0497/93 87 51 M | O16: ac.fraikin@gmail.com | P16: 148/o | Q16: 42257 | R16: 35 | S16: 42268 | T16: =IF(Q16,IF(ISNUMBER(S16),"OK",IF(Q16+8<TODAY(),"rappel","encour")),"-") -> OK | U16: =IF(ISERROR(VLOOKUP(C16,cotisation15_16,4,FALSE)),".",VLOOKUP(C16,cotisation15_16,4,FALSE)) -> 100 | V16: 42268 | W16: =IF(ISNUMBER(U16),IF(ISNUMBER(V16),"OK",IF(Q16+15<TODAY(),"rappel","encour")),"-") -> OK | Z16: =IF(X16,IF(ISNUMBER(Y16),"OK",IF(X$1<TODAY(),"rappel","encour")),"-") -> - | AC16: =IF(AA16,IF(ISNUMBER(AB16),"OK",IF(AA$1<TODAY(),"rappel","encour")),"-") -> - | AF16: =IF(AD16,IF(ISNUMBER(AE16),"OK",IF(AD$1<TODAY(),"rappel","encour")),"-") -> - | AI16: =IF(AG16,IF(ISNUMBER(AH16),"OK",IF(AG$1<TODAY(),"rappel","encour")),"-") -> - | AK16: =IF(OR(ISNUMBER(U16),ISNUMBER(X16),ISNUMBER(AA16),ISNUMBER(AD16),ISNUMBER(AG16)),+R16+U16+X16+AA16+AD16+AG16,"") -> 135 | AL16: =IF(T16="ok",+R16)+IF(W16="ok",+U16)+IF(Z16="ok",+X16)+IF(AC16="ok",+AA16)+IF(AF16="ok",+AD16)+IF(AI16="ok",+AG16) -> 135 | AM16: =IF(ISNUMBER(AK16),IF(AK16=AL16,"ok",AK16-AL16),"") -> ok | AN16: 42267 | AQ16: =IF(T16="rappel",TODAY()-Q16,".") -> . | AR16: =IF(W16="rappel",TODAY()-Q16,".") -> . | AS16: =IF(W16="rappel",TODAY()-S16,".") -> .
A17: 42262 | B17: =IF(C17=".","",IF(ISTEXT(C17),IF(C17=C16,B16+1,1),"")) -> 1 | C17: EDam | D17: 54301 | E17: Viola-Marie-Therèse | G17: F | H17: Av des Maronniers 162 | I17: 4420 | J17: St Nicolas | K17: 17417 | L17: Belge | M17: 04/233 51 72 | N17: 0477/79 09 23 | P17: 14/o | Q17: 42248 | R17: 35 | S17: 42261 | T17: =IF(Q17,IF(ISNUMBER(S17),"OK",IF(Q17+8<TODAY(),"rappel","encour")),"-") -> OK | U17: =IF(ISERROR(VLOOKUP(C17,cotisation15_16,4,FALSE)),".",VLOOKUP(C17,cotisation15_16,4,FALSE)) -> 100 | V17: 42261 | W17: =IF(ISNUMBER(U17),IF(ISNUMBER(V17),"OK",IF(Q17+15<TODAY(),"rappel","encour")),"-") -> OK | Z17: =IF(X17,IF(ISNUMBER(Y17),"OK",IF(X$1<TODAY(),"rappel","encour")),"-") -> - | AC17: =IF(AA17,IF(ISNUMBER(AB17),"OK",IF(AA$1<TODAY(),"rappel","encour")),"-") -> - | AF17: =IF(AD17,IF(ISNUMBER(AE17),"OK",IF(AD$1<TODAY(),"rappel","encour")),"-") -> - | AI17: =IF(AG17,IF(ISNUMBER(AH17),"OK",IF(AG$1<TODAY(),"rappel","encour")),"-") -> - | AK17: =IF(OR(ISNUMBER(U17),ISNUMBER(X17),ISNUMBER(AA17),ISNUMBER(AD17),ISNUMBER(AG17)),+R17+U17+X17+AA17+AD17+AG17,"") -> 135 | AL17: =IF(Q17,IF(T17="ok",+R17)+IF(W17="ok",+U17)+IF(Z17="ok",+X17)+IF(AC17="ok",+AA17)+IF(AF17="ok",+AD17)+IF(AI17="ok",+AG17),"-") -> 135 | AM17: =IF(ISNUMBER(AK17),IF(AK17=AL17,"ok",AK17-AL17),"") -> ok | AQ17: =IF(T17="rappel",TODAY()-Q17,".") -> . | AR17: =IF(W17="rappel",TODAY()-Q17,".") -> . | AS17: =IF(W17="rappel",TODAY()-S17,".") -> .
A18: 42283 | B18: =IF(C18=".","",IF(ISTEXT(C18),IF(C18=C17,B17+1,1),"")) -> 2 | C18: EDam | D18: 54319 | E18: Castiglione-Assunta | G18: F | H18: Rue du Mayeur 27 | I18: 4420 | J18: St Nicolas | K18: 20519 | L18: Belge | N18: 0494/08 92 67 | O18: assunta.bode@hotmail.com | P18: 13/o | Q18: 42248 | R18: =IF(ISERROR(VLOOKUP(C18,cotisation15_16,3,FALSE)),".",VLOOKUP(C18,cotisation15_16,3,FALSE)) -> 35 | S18: 42283 | T18: =IF(Q18,IF(ISNUMBER(S18),"OK",IF(Q18+8<TODAY(),"rappel","encour")),"-") -> OK | U18: =IF(ISERROR(VLOOKUP(C18,cotisation15_16,4,FALSE)),".",VLOOKUP(C18,cotisation15_16,4,FALSE)) -> 100 | V18: 42283 | W18: =IF(ISNUMBER(U18),IF(ISNUMBER(V18),"OK",IF(Q18+15<TODAY(),"rappel","encour")),"-") -> OK | Z18: =IF(X18,IF(ISNUMBER(Y18),"OK",IF(X$1<TODAY(),"rappel","encour")),"-") -> - | AC18: =IF(AA18,IF(ISNUMBER(AB18),"OK",IF(AA$1<TODAY(),"rappel","encour")),"-") -> - | AF18: =IF(AD18,IF(ISNUMBER(AE18),"OK",IF(AD$1<TODAY(),"rappel","encour")),"-") -> - | AI18: =IF(AG18,IF(ISNUMBER(AH18),"OK",IF(AG$1<TODAY(),"rappel","encour")),"-") -> - | AK18: =IF(OR(ISNUMBER(U18),ISNUMBER(X18),ISNUMBER(AA18),ISNUMBER(AD18),ISNUMBER(AG18)),+R18+U18+X18+AA18+AD18+AG18,"") -> 135 | AL18: =IF(T18="ok",+R18)+IF(W18="ok",+U18)+IF(Z18="ok",+X18)+IF(AC18="ok",+AA18)+IF(AF18="ok",+AD18)+IF(AI18="ok",+AG18) -> 135 | AM18: =IF(ISNUMBER(AK18),IF(AK18=AL18,"ok",AK18-AL18),"") -> ok | AQ18: =IF(T18="rappel",TODAY()-Q18,".") -> . | AR18: =IF(W18="rappel",TODAY()-Q18,".") -> .
A19: 42273 | B19: =IF(C19=".","",IF(ISTEXT(C19),IF(C19=C18,B18+1,1),"")) -> 3 | C19: Edam | D19: 55108 | E19: Montagnino-Antonia | G19: F | H19: Chemin des Puisatiers 10 | I19: 4431 | J19: Loncin | K19: 18967 | L19: Ital | N19: 0496/08 07 02 | P19: 96/o | Q19: 42262 | R19: 35 | S19: 42271 | T19: =IF(Q19,IF(ISNUMBER(S19),"OK",IF(Q19+8<TODAY(),"rappel","encour")),"-") -> OK | U19: =IF(ISERROR(VLOOKUP(C19,cotisation15_16,4,FALSE)),".",VLOOKUP(C19,cotisation15_16,4,FALSE)) -> 100 | V19: 42271 | W19: =IF(ISNUMBER(U19),IF(ISNUMBER(V19),"OK",IF(Q19+15<TODAY(),"rappel","encour")),"-") -> OK | Z19: =IF(X19,IF(ISNUMBER(Y19),"OK",IF(X$1<TODAY(),"rappel","encour")),"-") -> - | AC19: =IF(AA19,IF(ISNUMBER(AB19),"OK",IF(AA$1<TODAY(),"rappel","encour")),"-") -> - | AF19: =IF(AD19,IF(ISNUMBER(AE19),"OK",IF(AD$1<TODAY(),"rappel","encour")),"-") -> - | AI19: =IF(AG19,IF(ISNUMBER(AH19),"OK",IF(AG$1<TODAY(),"rappel","encour")),"-") -> - | AK19: =IF(OR(ISNUMBER(U19),ISNUMBER(X19),ISNUMBER(AA19),ISNUMBER(AD19),ISNUMBER(AG19)),+R19+U19+X19+AA19+AD19+AG19,"") -> 135 | AL19: =IF(T19="ok",+R19)+IF(W19="ok",+U19)+IF(Z19="ok",+X19)+IF(AC19="ok",+AA19)+IF(AF19="ok",+AD19)+IF(AI19="ok",+AG19) -> 135 | AM19: =IF(ISNUMBER(AK19),IF(AK19=AL19,"ok",AK19-AL19),"") -> ok | AQ19: =IF(T19="rappel",TODAY()-Q19,".") -> . | AR19: =IF(W19="rappel",TODAY()-Q19,".") -> . | AS19: =IF(W19="rappel",TODAY()-S19,".") -> .
A20: 42270 | B20: =IF(C20=".","",IF(ISTEXT(C20),IF(C20=C19,B19+1,1),"")) -> 1 | C20: GRE | D20: 55196 | E20: Nyns-Nora | F20: GRI | G20: F | H20: rue des Noyers 27 | I20: 4000 | J20: Liège | K20: 37042 | L20: Belge | M20: 04/229 32 04 | N20: 0493/62 02 80 | O20: ben-nyns@hotmail.com | P20: 89/o | Q20: 42251 | R20: 35 | S20: 42265 | T20: =IF(Q20,IF(ISNUMBER(S20),"OK",IF(Q20+8<TODAY(),"rappel","encour")),"-") -> OK | U20: =IF(ISERROR(VLOOKUP(C20,cotisation15_16,4,FALSE)),".",VLOOKUP(C20,cotisation15_16,4,FALSE)) -> 150 | V20: 42265 | W20: =IF(ISNUMBER(U20),IF(ISNUMBER(V20),"OK",IF(Q20+15<TODAY(),"rappel","encour")),"-") -> OK | Z20: =IF(X20,IF(ISNUMBER(Y20),"OK",IF(X$1<TODAY(),"rappel","encour")),"-") -> - | AC20: =IF(AA20,IF(ISNUMBER(AB20),"OK",IF(AA$1<TODAY(),"rappel","encour")),"-") -> - | AF20: =IF(AD20,IF(ISNUMBER(AE20),"OK",IF(AD$1<TODAY(),"rappel","encour")),"-") -> - | AI20: =IF(AG20,IF(ISNUMBER(AH20),"OK",IF(AG$1<TODAY(),"rappel","encour")),"-") -> - | AK20: =IF(OR(ISNUMBER(U20),ISNUMBER(X20),ISNUMBER(AA20),ISNUMBER(AD20),ISNUMBER(AG20)),+R20+U20+X20+AA20+AD20+AG20,"") -> 185 | AL20: =IF(T20="ok",+R20)+IF(W20="ok",+U20)+IF(Z20="ok",+X20)+IF(AC20="ok",+AA20)+IF(AF20="ok",+AD20)+IF(AI20="ok",+AG20) -> 185 | AM20: =IF(ISNUMBER(AK20),IF(AK20=AL20,"ok",AK20-AL20),"") -> ok | AQ20: =IF(T20="rappel",TODAY()-Q20,".") -> . | AR20: =IF(W20="rappel",TODAY()-Q20,".") -> . | AS20: =IF(W20="rappel",TODAY()-S20,".") -> .
A21: 42270 | B21: =IF(C21=".","",IF(ISTEXT(C21),IF(C21=C20,B20+1,1),"")) -> 1 | C21: GRI | D21: 55196 | E21: Nyns-Nora | F21: GRE | G21: F | H21: rue des Noyers 27 | I21: 4000 | J21: Liège | K21: 37042 | L21: Belge | M21: 04/229 32 04 | N21: 0493/62 02 80 | O21: ben-nyns@hotmail.com | P21: 89/o | Q21: 42260 | R21: 0 | S21: 42265 | T21: =IF(Q21,IF(ISNUMBER(S21),"OK",IF(Q21+8<TODAY(),"rappel","encour")),"-") -> OK | U21: =IF(ISERROR(VLOOKUP(C21,cotisation15_16,4,FALSE)),".",VLOOKUP(C21,cotisation15_16,4,FALSE)) -> 200 | W21: =IF(ISNUMBER(U21),IF(ISNUMBER(V21),"OK",IF(Q21+15<TODAY(),"rappel","encour")),"-") -> rappel | Z21: =IF(X21,IF(ISNUMBER(Y21),"OK",IF(X$1<TODAY(),"rappel","encour")),"-") -> - | AC21: =IF(AA21,IF(ISNUMBER(AB21),"OK",IF(AA$1<TODAY(),"rappel","encour")),"-") -> - | AF21: =IF(AD21,IF(ISNUMBER(AE21),"OK",IF(AD$1<TODAY(),"rappel","encour")),"-") -> - | AI21: =IF(AG21,IF(ISNUMBER(AH21),"OK",IF(AG$1<TODAY(),"rappel","encour")),"-") -> - | AK21: =IF(OR(ISNUMBER(U21),ISNUMBER(X21),ISNUMBER(AA21),ISNUMBER(AD21),ISNUMBER(AG21)),+R21+U21+X21+AA21+AD21+AG21,"") -> 200 | AL21: =IF(T21="ok",+R21)+IF(W21="ok",+U21)+IF(Z21="ok",+X21)+IF(AC21="ok",+AA21)+IF(AF21="ok",+AD21)+IF(AI21="ok",+AG21) -> 0 | AM21: =IF(ISNUMBER(AK21),IF(AK21=AL21,"ok",AK21-AL21),"") -> 200 | AQ21: =IF(T21="rappel",TODAY()-Q21,".") -> . | AR21: =IF(W21="rappel",TODAY()-Q21-14,".") -> 16 | AS21: =IF(W21="rappel",TODAY()-S21,".") -> 25
A22: 42273 | B22: =IF(C22=".","",IF(ISTEXT(C22),IF(C22=C21,B21+1,1),"")) -> 1 | C22: GRA | D22: 57397 | E22: Gilles-Emma | G22: F | H22: bd De La Sauvenière 138/62 | I22: 4000 | J22: Liège | K22: 39582 | L22: Belgee | N22: 0497/21 87 62 M | O22: gilles.louis@hotmail.com | P22: 161/o | Q22: 42263 | R22: 35 | S22: 42268 | T22: =IF(Q22,IF(ISNUMBER(S22),"OK",IF(Q22+8<TODAY(),"rappel","encour")),"-") -> OK | U22: =IF(ISERROR(VLOOKUP(C22,cotisation15_16,4,FALSE)),".",VLOOKUP(C22,cotisation15_16,4,FALSE)) -> 100 | V22: 42268 | W22: =IF(ISNUMBER(U22),IF(ISNUMBER(V22),"OK",IF(Q22+15<TODAY(),"rappel","encour")),"-") -> OK | Z22: =IF(X22,IF(ISNUMBER(Y22),"OK",IF(X$1<TODAY(),"rappel","encour")),"-") -> - | AC22: =IF(AA22,IF(ISNUMBER(AB22),"OK",IF(AA$1<TODAY(),"rappel","encour")),"-") -> - | AF22: =IF(AD22,IF(ISNUMBER(AE22),"OK",IF(AD$1<TODAY(),"rappel","encour")),"-") -> - | AI22: =IF(AG22,IF(ISNUMBER(AH22),"OK",IF(AG$1<TODAY(),"rappel","encour")),"-") -> - | AK22: =IF(OR(ISNUMBER(U22),ISNUMBER(X22),ISNUMBER(AA22),ISNUMBER(AD22),ISNUMBER(AG22)),+R22+U22+X22+AA22+AD22+AG22,"") -> 135 | AL22: =IF(Q22,IF(T22="ok",+R22)+IF(W22="ok",+U22)+IF(Z22="ok",+X22)+IF(AC22="ok",+AA22)+IF(AF22="ok",+AD22)+IF(AI22="ok",+AG22),"-") -> 135 | AM22: =IF(ISNUMBER(AK22),IF(AK22=AL22,"ok",AK22-AL22),"") -> ok | AQ22: =IF(T22="rappel",TODAY()-Q22,".") -> . | AR22: =IF(W22="rappel",TODAY()-Q22,".") -> . | AS22: =IF(W22="rappel",TODAY()-S22,".") -> .
A23: 42260 | B23: =IF(C23=".","",IF(ISTEXT(C23),IF(C23=C22,B22+1,1),"")) -> 1 | C23: GRC | D23: 58362 | E23: Benvegna-Lilou | G23: F | H23: rue du Travail 32/A | I23: 4420 | J23: St Nicolas | K23: 39336 | L23: Belge | N23: 0475/29 63 71 | P23: 146/o | Q23: 42254 | R23: 35 | S23: 42258 | T23: =IF(Q23,IF(ISNUMBER(S23),"OK",IF(Q23+8<TODAY(),"rappel","encour")),"-") -> OK | U23: =IF(ISERROR(VLOOKUP(C23,cotisation15_16,4,FALSE)),".",VLOOKUP(C23,cotisation15_16,4,FALSE)) -> 100 | V23: 42279 | W23: =IF(ISNUMBER(U23),IF(ISNUMBER(V23),"OK",IF(Q23+15<TODAY(),"rappel","encour")),"-") -> OK | Z23: =IF(X23,IF(ISNUMBER(Y23),"OK",IF(X$1<TODAY(),"rappel","encour")),"-") -> - | AC23: =IF(AA23,IF(ISNUMBER(AB23),"OK",IF(AA$1<TODAY(),"rappel","encour")),"-") -> - | AF23: =IF(AD23,IF(ISNUMBER(AE23),"OK",IF(AD$1<TODAY(),"rappel","encour")),"-") -> - | AI23: =IF(AG23,IF(ISNUMBER(AH23),"OK",IF(AG$1<TODAY(),"rappel","encour")),"-") -> - | AK23: =IF(OR(ISNUMBER(U23),ISNUMBER(X23),ISNUMBER(AA23),ISNUMBER(AD23),ISNUMBER(AG23)),+R23+U23+X23+AA23+AD23+AG23,"") -> 135 | AL23: =IF(T23="ok",+R23)+IF(W23="ok",+U23)+IF(Z23="ok",+X23)+IF(AC23="ok",+AA23)+IF(AF23="ok",+AD23)+IF(AI23="ok",+AG23) -> 135 | AM23: =IF(ISNUMBER(AK23),IF(AK23=AL23,"ok",AK23-AL23),"") -> ok | AQ23: =IF(T23="rappel",TODAY()-Q23,".") -> . | AR23: =IF(W23="rappel",TODAY()-Q23,".") -> . | AS23: =IF(W23="rappel",TODAY()-S23,".") -> .
A24: 42266 | B24: =IF(C24=".","",IF(ISTEXT(C24),IF(C24=C23,B23+1,1),"")) -> 1 | C24: Edam | D24: 58596 | E24: Banken-Josiane | G24: F | H24: rue du Mayeur 14 | I24: 4420 | J24: St Nicolas | K24: 22330 | L24: Belge | N24: 0495/77 23 69 | P24: 149/o | Q24: 42261 | R24: =IF(ISERROR(VLOOKUP(C24,cotisation15_16,3,FALSE)),".",VLOOKUP(C24,cotisation15_16,3,FALSE)) -> 35 | S24: 42266 | T24: =IF(Q24,IF(ISNUMBER(S24),"OK",IF(Q24+8<TODAY(),"rappel","encour")),"-") -> OK | U24: =IF(ISERROR(VLOOKUP(C24,cotisation15_16,4,FALSE)),".",VLOOKUP(C24,cotisation15_16,4,FALSE)) -> 100 | V24: 42266 | W24: =IF(ISNUMBER(U24),IF(ISNUMBER(V24),"OK",IF(Q24+15<TODAY(),"rappel","encour")),"-") -> OK | Z24: =IF(X24,IF(ISNUMBER(Y24),"OK",IF(X$1<TODAY(),"rappel","encour")),"-") -> - | AC24: =IF(AA24,IF(ISNUMBER(AB24),"OK",IF(AA$1<TODAY(),"rappel","encour")),"-") -> - | AF24: =IF(AD24,IF(ISNUMBER(AE24),"OK",IF(AD$1<TODAY(),"rappel","encour")),"-") -> - | AI24: =IF(AG24,IF(ISNUMBER(AH24),"OK",IF(AG$1<TODAY(),"rappel","encour")),"-") -> - | AK24: =IF(OR(ISNUMBER(U24),ISNUMBER(X24),ISNUMBER(AA24),ISNUMBER(AD24),ISNUMBER(AG24)),+R24+U24+X24+AA24+AD24+AG24,"") -> 135 | AL24: =IF(T24="ok",+R24)+IF(W24="ok",+U24)+IF(Z24="ok",+X24)+IF(AC24="ok",+AA24)+IF(AF24="ok",+AD24)+IF(AI24="ok",+AG24) -> 135 | AM24: =IF(ISNUMBER(AK24),IF(AK24=AL24,"ok",AK24-AL24),"") -> ok | AQ24: =IF(T24="rappel",TODAY()-Q24,".") -> . | AR24: =IF(W24="rappel",TODAY()-Q24,".") -> . | AS24: =IF(W24="rappel",TODAY()-S24,".") -> .
A25: 42286 | B25: =IF(C25=".","",IF(ISTEXT(C25),IF(C25=C24,B24+1,1),"")) -> 1 | C25: GRC | D25: 68716 | E25: Maréchal-Maria | G25: F | H25: Rue Bois-Gotha 93 | I25: 4000 | J25: Liège | K25: 38582 | L25: Belg | M25: 04/2242728 | N25: 0485/74 97 35 P 0486/40 87 10 M | O25: ermarechal@gmail.com | P25: 7/o | Q25: 42264 | R25: =IF(ISERROR(VLOOKUP(C25,cotisation15_16,3,FALSE)),".",VLOOKUP(C25,cotisation15_16,3,FALSE)) -> 35 | S25: 42255 | T25: =IF(Q25,IF(ISNUMBER(S25),"OK",IF(Q25+8<TODAY(),"rappel","encour")),"-") -> OK | U25: =IF(ISERROR(VLOOKUP(C25,cotisation15_16,4,FALSE)),".",VLOOKUP(C25,cotisation15_16,4,FALSE)) -> 100 | V25: 42255 | W25: =IF(ISNUMBER(U25),IF(ISNUMBER(V25),"OK",IF(Q25+15<TODAY(),"rappel","encour")),"-") -> OK | Z25: =IF(X25,IF(ISNUMBER(Y25),"OK",IF(X$1<TODAY(),"rappel","encour")),"-") -> - | AC25: =IF(AA25,IF(ISNUMBER(AB25),"OK",IF(AA$1<TODAY(),"rappel","encour")),"-") -> - | AF25: =IF(AD25,IF(ISNUMBER(AE25),"OK",IF(AD$1<TODAY(),"rappel","encour")),"-") -> - | AI25: =IF(AG25,IF(ISNUMBER(AH25),"OK",IF(AG$1<TODAY(),"rappel","encour")),"-") -> - | AK25: =IF(OR(ISNUMBER(U25),ISNUMBER(X25),ISNUMBER(AA25),ISNUMBER(AD25),ISNUMBER(AG25)),+R25+U25+X25+AA25+AD25+AG25,"") -> 135 | AL25: =IF(Q25,IF(T25="ok",+R25)+IF(W25="ok",+U25)+IF(Z25="ok",+X25)+IF(AC25="ok",+AA25)+IF(AF25="ok",+AD25)+IF(AI25="ok",+AG25),"-") -> 135 | AM25: =IF(ISNUMBER(AK25),IF(AK25=AL25,"ok",AK25-AL25),"") -> ok | AQ25: =IF(T25="rappel",TODAY()-Q25,".") -> . | AR25: =IF(W25="rappel",TODAY()-Q25,".") -> . | AS25: =IF(W25="rappel",TODAY()-S25,".") -> .
A26: 42255 | B26: =IF(C26=".","",IF(ISTEXT(C26),IF(C26=C25,B25+1,1),"")) -> 1 | C26: EDam | D26: 71369 | E26: Defresne-Anne Marie | G26: F | H26: Rue Paul Janson 30 | I26: 4420 | J26: St Nicolas | K26: 18935 | L26: Belge | N26: 0471/88 51 89 | P26: 54/o | Q26: 42250 | R26: =IF(ISERROR(VLOOKUP(C26,cotisation15_16,3,FALSE)),".",VLOOKUP(C26,cotisation15_16,3,FALSE)) -> 35 | S26: 42250 | T26: =IF(Q26,IF(ISNUMBER(S26),"OK",IF(Q26+8<TODAY(),"rappel","encour")),"-") -> OK | U26: =IF(ISERROR(VLOOKUP(C26,cotisation15_16,4,FALSE)),".",VLOOKUP(C26,cotisation15_16,4,FALSE)) -> 100 | V26: 42250 | W26: =IF(ISNUMBER(U26),IF(ISNUMBER(V26),"OK",IF(Q26+15<TODAY(),"rappel","encour")),"-") -> OK | Z26: =IF(X26,IF(ISNUMBER(Y26),"OK",IF(X$1<TODAY(),"rappel","encour")),"-") -> - | AC26: =IF(AA26,IF(ISNUMBER(AB26),"OK",IF(AA$1<TODAY(),"rappel","encour")),"-") -> - | AF26: =IF(AD26,IF(ISNUMBER(AE26),"OK",IF(AD$1<TODAY(),"rappel","encour")),"-") -> - | AI26: =IF(AG26,IF(ISNUMBER(AH26),"OK",IF(AG$1<TODAY(),"rappel","encour")),"-") -> - | AK26: =IF(OR(ISNUMBER(U26),ISNUMBER(X26),ISNUMBER(AA26),ISNUMBER(AD26),ISNUMBER(AG26)),+R26+U26+X26+AA26+AD26+AG26,"") -> 135 | AL26: =IF(T26="ok",+R26)+IF(W26="ok",+U26)+IF(Z26="ok",+X26)+IF(AC26="ok",+AA26)+IF(AF26="ok",+AD26)+IF(AI26="ok",+AG26) -> 135 | AM26: =IF(ISNUMBER(AK26),IF(AK26=AL26,"ok",AK26-AL26),"") -> ok | AQ26: =IF(T26="rappel",TODAY()-Q26,".") -> . | AR26: =IF(W26="rappel",TODAY()-Q26,".") -> . | AS26: =IF(W26="rappel",TODAY()-S26,".") -> .
A27: 42268 | B27: =IF(C27=".","",IF(ISTEXT(C27),IF(C27=C26,B26+1,1),"")) -> 2 | C27: EDam | D27: 71385 | E27: Legrand-Marie-Louise | G27: F | H27: Av Francois Van Belle 37 | I27: 4420 | J27: St Nicolas | K27: 21176 | L27: Belge | M27: 04/234 23 05 | N27: 0487/74 95 50 | O27: marie.l-legrand@hotmail.fr | P27: 19/o | Q27: 42248 | R27: 0 | S27: 42248 | T27: =IF(Q27,IF(ISNUMBER(S27),"OK",IF(Q27+8<TODAY(),"rappel","encour")),"-") -> OK | U27: =IF(ISERROR(VLOOKUP(C27,cotisation15_16,4,FALSE)),".",VLOOKUP(C27,cotisation15_16,4,FALSE)) -> 100 | V27: 42264 | W27: =IF(ISNUMBER(U27),IF(ISNUMBER(V27),"OK",IF(Q27+15<TODAY(),"rappel","encour")),"-") -> OK | Z27: =IF(X27,IF(ISNUMBER(Y27),"OK",IF(X$1<TODAY(),"rappel","encour")),"-") -> - | AC27: =IF(AA27,IF(ISNUMBER(AB27),"OK",IF(AA$1<TODAY(),"rappel","encour")),"-") -> - | AF27: =IF(AD27,IF(ISNUMBER(AE27),"OK",IF(AD$1<TODAY(),"rappel","encour")),"-") -> - | AI27: =IF(AG27,IF(ISNUMBER(AH27),"OK",IF(AG$1<TODAY(),"rappel","encour")),"-") -> - | AK27: =IF(OR(ISNUMBER(U27),ISNUMBER(X27),ISNUMBER(AA27),ISNUMBER(AD27),ISNUMBER(AG27)),+R27+U27+X27+AA27+AD27+AG27,"") -> 100 | AL27: =IF(T27="ok",+R27)+IF(W27="ok",+U27)+IF(Z27="ok",+X27)+IF(AC27="ok",+AA27)+IF(AF27="ok",+AD27)+IF(AI27="ok",+AG27) -> 100 | AM27: =IF(ISNUMBER(AK27),IF(AK27=AL27,"ok",AK27-AL27),"") -> ok | AQ27: =IF(T27="rappel",TODAY()-Q27,".") -> . | AR27: =IF(W27="rappel",TODAY()-Q27,".") -> . | AS27: =IF(W27="rappel",TODAY()-S27,".") -> .
A28: 42255 | B28: =IF(C28=".","",IF(ISTEXT(C28),IF(C28=C27,B27+1,1),"")) -> 3 | C28: EDam | D28: 71386 | E28: Mathy-Joelle | G28: F | H28: Rue Thierbise 81 | I28: 4420 | J28: St Nicolas | K28: 22350 | L28: Belge | N28: 0497/18 45 07 | P28: 138/N | Q28: 42250 | R28: 35 | S28: 42250 | T28: =IF(Q28,IF(ISNUMBER(S28),"OK",IF(Q28+8<TODAY(),"rappel","encour")),"-") -> OK | U28: =IF(ISERROR(VLOOKUP(C28,cotisation15_16,4,FALSE)),".",VLOOKUP(C28,cotisation15_16,4,FALSE)) -> 100 | V28: 42250 | W28: =IF(ISNUMBER(U28),IF(ISNUMBER(V28),"OK",IF(Q28+15<TODAY(),"rappel","encour")),"-") -> OK | Z28: =IF(X28,IF(ISNUMBER(Y28),"OK",IF(X$1<TODAY(),"rappel","encour")),"-") -> - | AC28: =IF(AA28,IF(ISNUMBER(AB28),"OK",IF(AA$1<TODAY(),"rappel","encour")),"-") -> - | AF28: =IF(AD28,IF(ISNUMBER(AE28),"OK",IF(AD$1<TODAY(),"rappel","encour")),"-") -> - | AI28: =IF(AG28,IF(ISNUMBER(AH28),"OK",IF(AG$1<TODAY(),"rappel","encour")),"-") -> - | AK28: =IF(OR(ISNUMBER(U28),ISNUMBER(X28),ISNUMBER(AA28),ISNUMBER(AD28),ISNUMBER(AG28)),+R28+U28+X28+AA28+AD28+AG28,"") -> 135 | AL28: =IF(T28="ok",+R28)+IF(W28="ok",+U28)+IF(Z28="ok",+X28)+IF(AC28="ok",+AA28)+IF(AF28="ok",+AD28)+IF(AI28="ok",+AG28) -> 135 | AM28: =IF(ISNUMBER(AK28),IF(AK28=AL28,"ok",AK28-AL28),"") -> ok | AQ28: =IF(T28="rappel",TODAY()-Q28,".") -> . | AR28: =IF(W28="rappel",TODAY()-Q28,".") -> . | AS28: =IF(W28="rappel",TODAY()-S28,".") -> .
A29: 42273 | B29: =IF(C29=".","",IF(ISTEXT(C29),IF(C29=C28,B28+1,1),"")) -> 1 | C29: GRA | D29: 74917 | E29: Maes-Erin | G29: F | H29: Av Henri Lonay 179/3 | I29: 4430 | J29: Ans | K29: 37949 | L29: Belge | N29: 0476/63 54 10 0498/21 27 58 M | O29: catherinemaes12@hotmail.com | P29: 158/? | Q29: 42249 | R29: 35 | S29: 42255 | T29: =IF(Q29,IF(ISNUMBER(S29),"OK",IF(Q29+8<TODAY(),"rappel","encour")),"-") -> OK | U29: =IF(ISERROR(VLOOKUP(C29,cotisation15_16,4,FALSE)),".",VLOOKUP(C29,cotisation15_16,4,FALSE)) -> 100 | W29: =IF(ISNUMBER(U29),IF(ISNUMBER(V29),"OK",IF(Q29+15<TODAY(),"rappel","encour")),"-") -> rappel | Z29: =IF(X29,IF(ISNUMBER(Y29),"OK",IF(X$1<TODAY(),"rappel","encour")),"-") -> - | AC29: =IF(AA29,IF(ISNUMBER(AB29),"OK",IF(AA$1<TODAY(),"rappel","encour")),"-") -> - | AF29: =IF(AD29,IF(ISNUMBER(AE29),"OK",IF(AD$1<TODAY(),"rappel","encour")),"-") -> - | AI29: =IF(AG29,IF(ISNUMBER(AH29),"OK",IF(AG$1<TODAY(),"rappel","encour")),"-") -> - | AK29: =IF(OR(ISNUMBER(U29),ISNUMBER(X29),ISNUMBER(AA29),ISNUMBER(AD29),ISNUMBER(AG29)),+R29+U29+X29+AA29+AD29+AG29,"") -> 135 | AL29: =IF(T29="ok",+R29)+IF(W29="ok",+U29)+IF(Z29="ok",+X29)+IF(AC29="ok",+AA29)+IF(AF29="ok",+AD29)+IF(AI29="ok",+AG29) -> 35 | AM29: =IF(ISNUMBER(AK29),IF(AK29=AL29,"ok",AK29-AL29),"") -> 100 | AN29: 42285 | AQ29: =IF(T29="rappel",TODAY()-Q29,".") -> . | AR29: =IF(W29="rappel",TODAY()-Q29-14,".") -> 27 | AS29: =IF(W29="rappel",TODAY()-S29,".") -> 35
A30: essais 4+3 | B30: =IF(C30=".","",IF(ISTEXT(C30),IF(C30=C29,B29+1,1),"")) -> 2 | C30: GRA | D30: 75581 | E30: Girardi-Charline | F30: MJ | G30: F | H30: rue des Chalets 132 | I30: 4101 | J30: Jemeppe S/M | K30: 39654 | L30: Belge | M30: 04/231 09 57 | N30: 0496/67 07 80 P 0494/84 03 28 M | O30: girardibrun@hotmail.com | P30: 73/o | Q30: 42249 | R30: 35 | T30: =IF(Q30,IF(ISNUMBER(S30),"OK",IF(Q30+8<TODAY(),"rappel","encour")),"-") -> rappel | U30: =IF(ISERROR(VLOOKUP(C30,cotisation15_16,4,FALSE)),".",VLOOKUP(C30,cotisation15_16,4,FALSE)) -> 100 | W30: =IF(ISNUMBER(U30),IF(ISNUMBER(V30),"OK",IF(Q30+15<TODAY(),"rappel","encour")),"-") -> rappel | Z30: =IF(X30,IF(ISNUMBER(Y30),"OK",IF(X$1<TODAY(),"rappel","encour")),"-") -> - | AC30: =IF(AA30,IF(ISNUMBER(AB30),"OK",IF(AA$1<TODAY(),"rappel","encour")),"-") -> - | AF30: =IF(AD30,IF(ISNUMBER(AE30),"OK",IF(AD$1<TODAY(),"rappel","encour")),"-") -> - | AI30: =IF(AG30,IF(ISNUMBER(AH30),"OK",IF(AG$1<TODAY(),"rappel","encour")),"-") -> - | AK30: =IF(OR(ISNUMBER(U30),ISNUMBER(X30),ISNUMBER(AA30),ISNUMBER(AD30),ISNUMBER(AG30)),+R30+U30+X30+AA30+AD30+AG30,"") -> 135 | AL30: =IF(T30="ok",+R30)+IF(W30="ok",+U30)+IF(Z30="ok",+X30)+IF(AC30="ok",+AA30)+IF(AF30="ok",+AD30)+IF(AI30="ok",+AG30) -> 0 | AM30: =IF(ISNUMBER(AK30),IF(AK30=AL30,"ok",AK30-AL30),"") -> 135 | AN30: 42267 | AO30: 42276 | AP30: 42285 | AQ30: =IF(T30="rappel",TODAY()-Q30,".") -> 41 | AR30: =IF(W30="rappel",TODAY()-Q30-14,".") -> 27
A31: essais 3+3 | B31: =IF(C31=".","",IF(ISTEXT(C31),IF(C31=C30,B30+1,1),"")) -> 1 | C31: Mjazz | D31: 75581 | E31: Girardi-Charline | F31: GRA | G31: F | H31: rue des Chalets 132 | I31: 4101 | J31: Jemeppe S/M | K31: 39654 | L31: Belge | M31: 04/231 09 57 | N31: 0496/67 07 80 P 0494/84 03 28 M | O31: girardibrun@hotmail.com | P31: 73/o | Q31: 42254 | R31: 0 | T31: =IF(Q31,IF(ISNUMBER(S31),"OK",IF(Q31+8<TODAY(),"rappel","encour")),"-") -> rappel | U31: =IF(ISERROR(VLOOKUP(C31,cotisation15_16,4,FALSE)),".",VLOOKUP(C31,cotisation15_16,4,FALSE)) -> . | W31: =IF(ISNUMBER(U31),IF(ISNUMBER(V31),"OK",IF(Q31+15<TODAY(),"rappel","encour")),"-") -> - | Z31: =IF(X31,IF(ISNUMBER(Y31),"OK",IF(X$1<TODAY(),"rappel","encour")),"-") -> - | AC31: =IF(AA31,IF(ISNUMBER(AB31),"OK",IF(AA$1<TODAY(),"rappel","encour")),"-") -> - | AF31: =IF(AD31,IF(ISNUMBER(AE31),"OK",IF(AD$1<TODAY(),"rappel","encour")),"-") -> - | AI31: =IF(AG31,IF(ISNUMBER(AH31),"OK",IF(AG$1<TODAY(),"rappel","encour")),"-") -> - | AK31: =IF(OR(ISNUMBER(U31),ISNUMBER(X31),ISNUMBER(AA31),ISNUMBER(AD31),ISNUMBER(AG31)),+R31+U31+X31+AA31+AD31+AG31,"") | AL31: =IF(Q31,IF(T31="ok",+R31)+IF(W31="ok",+U31)+IF(Z31="ok",+X31)+IF(AC31="ok",+AA31)+IF(AF31="ok",+AD31)+IF(AI31="ok",+AG31),"-") -> 0 | AM31: =IF(ISNUMBER(AK31),IF(AK31=AL31,"ok",AK31-AL31),"") | AN31: 42267 | AO31: 42276 | AP31: 42285 | AQ31: =IF(T31="rappel",TODAY()-Q31,".") -> 36 | AR31: =IF(W31="rappel",TODAY()-Q31-14,".") -> .
A32: 42263 | B32: =IF(C32=".","",IF(ISTEXT(C32),IF(C32=C31,B31+1,1),"")) -> 1 | C32: GRA | D32: 78893 | E32: Vanturenhout-Mathilde | G32: F | H32: Rue des Wallons 223 | I32: 4000 | J32: Liège | K32: 39260 | L32: Belge | M32: 04/252 58 28 | N32: 0495/43 36 51 M | O32: genevieve.lizin@gmail.com | P32: 45/o | Q32: 42249 | R32: 35 | S32: 42263 | T32: =IF(Q32,IF(ISNUMBER(S32),"OK",IF(Q32+8<TODAY(),"rappel","encour")),"-") -> OK | U32: =IF(ISERROR(VLOOKUP(C32,cotisation15_16,4,FALSE)),".",VLOOKUP(C32,cotisation15_16,4,FALSE)) -> 100 | V32: 42263 | W32: =IF(ISNUMBER(U32),IF(ISNUMBER(V32),"OK",IF(Q32+15<TODAY(),"rappel","encour")),"-") -> OK | Z32: =IF(X32,IF(ISNUMBER(Y32),"OK",IF(X$1<TODAY(),"rappel","encour")),"-") -> - | AC32: =IF(AA32,IF(ISNUMBER(AB32),"OK",IF(AA$1<TODAY(),"rappel","encour")),"-") -> - | AF32: =IF(AD32,IF(ISNUMBER(AE32),"OK",IF(AD$1<TODAY(),"rappel","encour")),"-") -> - | AI32: =IF(AG32,IF(ISNUMBER(AH32),"OK",IF(AG$1<TODAY(),"rappel","encour")),"-") -> - | AK32: =IF(OR(ISNUMBER(U32),ISNUMBER(X32),ISNUMBER(AA32),ISNUMBER(AD32),ISNUMBER(AG32)),+R32+U32+X32+AA32+AD32+AG32,"") -> 135 | AL32: =IF(T32="ok",+R32)+IF(W32="ok",+U32)+IF(Z32="ok",+X32)+IF(AC32="ok",+AA32)+IF(AF32="ok",+AD32)+IF(AI32="ok",+AG32) -> 135 | AM32: =IF(ISNUMBER(AK32),IF(AK32=AL32,"ok",AK32-AL32),"") -> ok | AQ32: =IF(T32="rappel",TODAY()-Q32,".") -> . | AR32: =IF(W32="rappel",TODAY()-Q32,".") -> . | AS32: =IF(W32="rappel",TODAY()-S32,".") -> .
A33: essais 3 | B33: =IF(C33=".","",IF(ISTEXT(C33),IF(C33=C32,B32+1,1),"")) -> 1 | C33: Mjazz | D33: 78897 | E33: Dagnely-Noella | G33: F | H33: Rue Sous les Vignes 63 | I33: 4000 | J33: Liège | K33: 37676 | L33: Belge | M33: 04/266 21 09 | N33: 0494/36 82 71 M | O33: am.binnici@live.be | P33: 57/o | Q33: 42254 | R33: 35 | T33: =IF(Q33,IF(ISNUMBER(S33),"OK",IF(Q33+8<TODAY(),"rappel","encour")),"-") -> rappel | U33: =IF(ISERROR(VLOOKUP(C33,cotisation15_16,4,FALSE)),".",VLOOKUP(C33,cotisation15_16,4,FALSE)) -> . | W33: =IF(ISNUMBER(U33),IF(ISNUMBER(V33),"OK",IF(Q33+15<TODAY(),"rappel","encour")),"-") -> - | Z33: =IF(X33,IF(ISNUMBER(Y33),"OK",IF(X$1<TODAY(),"rappel","encour")),"-") -> - | AC33: =IF(AA33,IF(ISNUMBER(AB33),"OK",IF(AA$1<TODAY(),"rappel","encour")),"-") -> - | AF33: =IF(AD33,IF(ISNUMBER(AE33),"OK",IF(AD$1<TODAY(),"rappel","encour")),"-") -> - | AI33: =IF(AG33,IF(ISNUMBER(AH33),"OK",IF(AG$1<TODAY(),"rappel","encour")),"-") -> - | AK33: =IF(OR(ISNUMBER(U33),ISNUMBER(X33),ISNUMBER(AA33),ISNUMBER(AD33),ISNUMBER(AG33)),+R33+U33+X33+AA33+AD33+AG33,"") | AL33: =IF(Q33,IF(T33="ok",+R33)+IF(W33="ok",+U33)+IF(Z33="ok",+X33)+IF(AC33="ok",+AA33)+IF(AF33="ok",+AD33)+IF(AI33="ok",+AG33),"-") -> 0 | AM33: =IF(ISNUMBER(AK33),IF(AK33=AL33,"ok",AK33-AL33),"") | AQ33: =IF(T33="rappel",TODAY()-Q33,".") -> 36 | AR33: =IF(W33="rappel",TODAY()-Q33-14,".") -> .
A34: 42289 | B34: =IF(C34=".","",IF(ISTEXT(C34),IF(C34=C33,B33+1,1),"")) -> 1 | C34: GRB | D34: 79570 | E34: Tergui-Naïssa | F34: GRI | G34: F | H34: rue Vivegnis 206 | I34: 4000 | J34: Liège | K34: 38650 | L34: Belge | N34: 0497/54 96 39 M | O34: khalilnaissa@hotmail.com | P34: 132/o | Q34: 42249 | R34: 35 | S34: 42289 | T34: =IF(Q34,IF(ISNUMBER(S34),"OK",IF(Q34+8<TODAY(),"rappel","encour")),"-") -> OK | U34: =IF(ISERROR(VLOOKUP(C34,cotisation15_16,4,FALSE)),".",VLOOKUP(C34,cotisation15_16,4,FALSE)) -> 130 | V34: 42289 | W34: =IF(ISNUMBER(U34),IF(ISNUMBER(V34),"OK",IF(Q34+15<TODAY(),"rappel","encour")),"-") -> OK | Z34: =IF(X34,IF(ISNUMBER(Y34),"OK",IF(X$1<TODAY(),"rappel","encour")),"-") -> - | AC34: =IF(AA34,IF(ISNUMBER(AB34),"OK",IF(AA$1<TODAY(),"rappel","encour")),"-") -> - | AF34: =IF(AD34,IF(ISNUMBER(AE34),"OK",IF(AD$1<TODAY(),"rappel","encour")),"-") -> - | AI34: =IF(AG34,IF(ISNUMBER(AH34),"OK",IF(AG$1<TODAY(),"rappel","encour")),"-") -> - | AK34: =IF(OR(ISNUMBER(U34),ISNUMBER(X34),ISNUMBER(AA34),ISNUMBER(AD34),ISNUMBER(AG34)),+R34+U34+X34+AA34+AD34+AG34,"") -> 165 | AL34: =IF(T34="ok",+R34)+IF(W34="ok",+U34)+IF(Z34="ok",+X34)+IF(AC34="ok",+AA34)+IF(AF34="ok",+AD34)+IF(AI34="ok",+AG34) -> 165 | AM34: =IF(ISNUMBER(AK34),IF(AK34=AL34,"ok",AK34-AL34),"") -> ok | AN34: 42267 | AO34: 42276 | AQ34: =IF(T34="rappel",TODAY()-Q34,".") -> . | AR34: =IF(W34="rappel",TODAY()-Q34-14,".") -> .
A35: 42289 | B35: =IF(C35=".","",IF(ISTEXT(C35),IF(C35=C34,B34+1,1),"")) -> 1 | C35: GRI | D35: 79570 | E35: Tergui-Naïssa | F35: GRB | G35: F | H35: rue Vivegnis 206 | I35: 4000 | J35: Liège | K35: 38650 | L35: Belge | N35: 0497/54 96 39 M | O35: khalilnaissa@hotmail.com | P35: 132/o | Q35: 42260 | R35: 0 | S35: 42289 | T35: =IF(Q35,IF(ISNUMBER(S35),"OK",IF(Q35+8<TODAY(),"rappel","encour")),"-") -> OK | U35: =IF(ISERROR(VLOOKUP(C35,cotisation15_16,4,FALSE)),".",VLOOKUP(C35,cotisation15_16,4,FALSE)) -> 200 | V35: 42289 | W35: =IF(ISNUMBER(U35),IF(ISNUMBER(V35),"OK",IF(Q35+15<TODAY(),"rappel","encour")),"-") -> OK | Z35: =IF(X35,IF(ISNUMBER(Y35),"OK",IF(X$1<TODAY(),"rappel","encour")),"-") -> - | AC35: =IF(AA35,IF(ISNUMBER(AB35),"OK",IF(AA$1<TODAY(),"rappel","encour")),"-") -> - | AF35: =IF(AD35,IF(ISNUMBER(AE35),"OK",IF(AD$1<TODAY(),"rappel","encour")),"-") -> - | AI35: =IF(AG35,IF(ISNUMBER(AH35),"OK",IF(AG$1<TODAY(),"rappel","encour")),"-") -> - | AK35: =IF(OR(ISNUMBER(U35),ISNUMBER(X35),ISNUMBER(AA35),ISNUMBER(AD35),ISNUMBER(AG35)),+R35+U35+X35+AA35+AD35+AG35,"") -> 200 | AL35: =IF(T35="ok",+R35)+IF(W35="ok",+U35)+IF(Z35="ok",+X35)+IF(AC35="ok",+AA35)+IF(AF35="ok",+AD35)+IF(AI35="ok",+AG35) -> 200 | AM35: =IF(ISNUMBER(AK35),IF(AK35=AL35,"ok",AK35-AL35),"") -> ok | AN35: 42267 | AO35: 42276 | AQ35: =IF(T35="rappel",TODAY()-Q35,".") -> . | AR35: =IF(W35="rappel",TODAY()-Q35-14,".") -> .
A36: 42255 | B36: =IF(C36=".","",IF(ISTEXT(C36),IF(C36=C35,B35+1,1),"")) -> 1 | C36: EDam | D36: 83866 | E36: Moszkowicz-Viviane | G36: F | H36: Rue St Laurent 319 | I36: 4000 | J36: Liège | K36: 16456 | L36: Belge | N36: 0497/70 48 99 | P36: 53/o | Q36: 42250 | R36: 35 | S36: 42250 | T36: =IF(Q36,IF(ISNUMBER(S36),"OK",IF(Q36+8<TODAY(),"rappel","encour")),"-") -> OK | U36: =IF(ISERROR(VLOOKUP(C36,cotisation15_16,4,FALSE)),".",VLOOKUP(C36,cotisation15_16,4,FALSE)) -> 100 | V36: 42251 | W36: =IF(ISNUMBER(U36),IF(ISNUMBER(V36),"OK",IF(Q36+15<TODAY(),"rappel","encour")),"-") -> OK | Z36: =IF(X36,IF(ISNUMBER(Y36),"OK",IF(X$1<TODAY(),"rappel","encour")),"-") -> - | AC36: =IF(AA36,IF(ISNUMBER(AB36),"OK",IF(AA$1<TODAY(),"rappel","encour")),"-") -> - | AF36: =IF(AD36,IF(ISNUMBER(AE36),"OK",IF(AD$1<TODAY(),"rappel","encour")),"-") -> - | AI36: =IF(AG36,IF(ISNUMBER(AH36),"OK",IF(AG$1<TODAY(),"rappel","encour")),"-") -> - | AK36: =IF(OR(ISNUMBER(U36),ISNUMBER(X36),ISNUMBER(AA36),ISNUMBER(AD36),ISNUMBER(AG36)),+R36+U36+X36+AA36+AD36+AG36,"") -> 135 | AL36: =IF(T36="ok",+R36)+IF(W36="ok",+U36)+IF(Z36="ok",+X36)+IF(AC36="ok",+AA36)+IF(AF36="ok",+AD36)+IF(AI36="ok",+AG36) -> 135 | AM36: =IF(ISNUMBER(AK36),IF(AK36=AL36,"ok",AK36-AL36),"") -> ok | AQ36: =IF(T36="rappel",TODAY()-Q36,".") -> . | AR36: =IF(W36="rappel",TODAY()-Q36,".") -> . | AS36: =IF(W36="rappel",TODAY()-S36,".") -> .
A37: 42264 | B37: =IF(C37=".","",IF(ISTEXT(C37),IF(C37=C36,B36+1,1),"")) -> 1 | C37: GRB | D37: 83878 | E37: Abbate-Louise | F37: GRI | G37: F | H37: Chaussée J.J. Knaepen 241 | I37: 4420 | J37: Montegnée | K37: 38086 | L37: Belge | M37: 04/246 10 87 | N37: 0476/62 70 68 M | O37: miprilou@hotmail.com | P37: 46/o | Q37: 42256 | R37: 35 | S37: 42264 | T37: =IF(Q37,IF(ISNUMBER(S37),"OK",IF(Q37+8<TODAY(),"rappel","encour")),"-") -> OK | V37: 42283 | W37: =IF(ISNUMBER(U37),IF(ISNUMBER(V37),"OK",IF(Q37+15<TODAY(),"rappel","encour")),"-") -> - | X37: 130 | Y37: 42285 | Z37: =IF(X37,IF(ISNUMBER(Y37),"OK",IF(X$1<TODAY(),"rappel","encour")),"-") -> OK | AC37: =IF(AA37,IF(ISNUMBER(AB37),"OK",IF(AA$1<TODAY(),"rappel","encour")),"-") -> - | AF37: =IF(AD37,IF(ISNUMBER(AE37),"OK",IF(AD$1<TODAY(),"rappel","encour")),"-") -> - | AI37: =IF(AG37,IF(ISNUMBER(AH37),"OK",IF(AG$1<TODAY(),"rappel","encour")),"-") -> - | AK37: =IF(OR(ISNUMBER(U37),ISNUMBER(X37),ISNUMBER(AA37),ISNUMBER(AD37),ISNUMBER(AG37)),+R37+U37+X37+AA37+AD37+AG37,"") -> 165 | AL37: =IF(T37="ok",+R37)+IF(W37="ok",+U37)+IF(Z37="ok",+X37)+IF(AC37="ok",+AA37)+IF(AF37="ok",+AD37)+IF(AI37="ok",+AG37) -> 165 | AM37: =IF(ISNUMBER(AK37),IF(AK37=AL37,"ok",AK37-AL37),"") -> ok | AN37: 42280 | AQ37: =IF(T37="rappel",TODAY()-Q37,".") -> . | AR37: =IF(W37="rappel",TODAY()-Q37-14,".") -> . | AS37: =IF(W37="rappel",TODAY()-S37,".") -> .
A38: 42255 | B38: =IF(C38=".","",IF(ISTEXT(C38),IF(C38=C37,B37+1,1),"")) -> 2 | C38: GRB | D38: 83918 | E38: Marchal-Lise | F38: GRI | G38: F | H38: Rue St Nicolas 47 | I38: 4000 | J38: Liège | K38: 38610 | L38: Belge | M38: 04/375 31 02 | N38: 0476/28 13 47 P | O38: benoit.marchal4000@gmail.com | P38: 48/o | Q38: 42249 | R38: 35 | S38: 42251 | T38: =IF(Q38,IF(ISNUMBER(S38),"OK",IF(Q38+8<TODAY(),"rappel","encour")),"-") -> OK | U38: =IF(ISERROR(VLOOKUP(C38,cotisation15_16,4,FALSE)),".",VLOOKUP(C38,cotisation15_16,4,FALSE)) -> 130 | V38: 42251 | W38: =IF(ISNUMBER(U38),IF(ISNUMBER(V38),"OK",IF(Q38+15<TODAY(),"rappel","encour")),"-") -> OK | Z38: =IF(X38,IF(ISNUMBER(Y38),"OK",IF(X$1<TODAY(),"rappel","encour")),"-") -> - | AC38: =IF(AA38,IF(ISNUMBER(AB38),"OK",IF(AA$1<TODAY(),"rappel","encour")),"-") -> - | AF38: =IF(AD38,IF(ISNUMBER(AE38),"OK",IF(AD$1<TODAY(),"rappel","encour")),"-") -> - | AI38: =IF(AG38,IF(ISNUMBER(AH38),"OK",IF(AG$1<TODAY(),"rappel","encour")),"-") -> - | AK38: =IF(OR(ISNUMBER(U38),ISNUMBER(X38),ISNUMBER(AA38),ISNUMBER(AD38),ISNUMBER(AG38)),+R38+U38+X38+AA38+AD38+AG38,"") -> 165 | AL38: =IF(T38="ok",+R38)+IF(W38="ok",+U38)+IF(Z38="ok",+X38)+IF(AC38="ok",+AA38)+IF(AF38="ok",+AD38)+IF(AI38="ok",+AG38) -> 165 | AM38: =IF(ISNUMBER(AK38),IF(AK38=AL38,"ok",AK38-AL38),"") -> ok | AQ38: =IF(T38="rappel",TODAY()-Q38,".") -> . | AR38: =IF(W38="rappel",TODAY()-Q38,".") -> . | AS38: =IF(W38="rappel",TODAY()-S38,".") -> .
A39: 42255 | B39: =IF(C39=".","",IF(ISTEXT(C39),IF(C39=C38,B38+1,1),"")) -> 1 | C39: GRI | D39: 83918 | E39: Marchal-Lise | F39: GRB | G39: F | H39: Rue St Nicolas 47 | I39: 4000 | J39: Liège | K39: 38610 | L39: Belge | M39: 04/375 31 02 | N39: 0476/28 13 47 P | O39: benoit.marchal4000@gmail.com | P39: 48/o | Q39: 42260 | R39: 0 | S39: 42251 | T39: =IF(Q39,IF(ISNUMBER(S39),"OK",IF(Q39+8<TODAY(),"rappel","encour")),"-") -> OK | U39: 160 | V39: 42268 | W39: =IF(ISNUMBER(U39),IF(ISNUMBER(V39),"OK",IF(Q39+15<TODAY(),"rappel","encour")),"-") -> OK | X39: 40 | Y39: 42270 | Z39: =IF(X39,IF(ISNUMBER(Y39),"OK",IF(X$1<TODAY(),"rappel","encour")),"-") -> OK | AC39: =IF(AA39,IF(ISNUMBER(AB39),"OK",IF(AA$1<TODAY(),"rappel","encour")),"-") -> - | AF39: =IF(AD39,IF(ISNUMBER(AE39),"OK",IF(AD$1<TODAY(),"rappel","encour")),"-") -> - | AI39: =IF(AG39,IF(ISNUMBER(AH39),"OK",IF(AG$1<TODAY(),"rappel","encour")),"-") -> - | AK39: =IF(OR(ISNUMBER(U39),ISNUMBER(X39),ISNUMBER(AA39),ISNUMBER(AD39),ISNUMBER(AG39)),+R39+U39+X39+AA39+AD39+AG39,"") -> 200 | AL39: =IF(T39="ok",+R39)+IF(W39="ok",+U39)+IF(Z39="ok",+X39)+IF(AC39="ok",+AA39)+IF(AF39="ok",+AD39)+IF(AI39="ok",+AG39) -> 200 | AM39: =IF(ISNUMBER(AK39),IF(AK39=AL39,"ok",AK39-AL39),"") -> ok | AQ39: =IF(T39="rappel",TODAY()-Q39,".") -> . | AR39: =IF(W39="rappel",TODAY()-Q39,".") -> . | AS39: =IF(W39="rappel",TODAY()-S39,".") -> .
A40: 42284 | B40: =IF(C40=".","",IF(ISTEXT(C40),IF(C40=C39,B39+1,1),"")) -> 1 | C40: GRB | D40: 83924 | E40: Vincke-Lola | F40: GRI | G40: F | H40: Rue des Genêts 48 | I40: 4420 | J40: St Nicolas | K40: 38381 | L40: Belge | M40: 04/254 22 64 | N40: 0495/20 70 71 M | O40: patrumfels@hotmail.com | P40: 28/o | Q40: 42249 | R40: 35 | S40: 42284 | T40: =IF(Q40,IF(ISNUMBER(S40),"OK",IF(Q40+8<TODAY(),"rappel","encour")),"-") -> OK | U40: =IF(ISERROR(VLOOKUP(C40,cotisation15_16,4,FALSE)),".",VLOOKUP(C40,cotisation15_16,4,FALSE)) -> 130 | V40: 42284 | W40: =IF(ISNUMBER(U40),IF(ISNUMBER(V40),"OK",IF(Q40+15<TODAY(),"rappel","encour")),"-") -> OK | Z40: =IF(X40,IF(ISNUMBER(Y40),"OK",IF(X$1<TODAY(),"rappel","encour")),"-") -> - | AC40: =IF(AA40,IF(ISNUMBER(AB40),"OK",IF(AA$1<TODAY(),"rappel","encour")),"-") -> - | AF40: =IF(AD40,IF(ISNUMBER(AE40),"OK",IF(AD$1<TODAY(),"rappel","encour")),"-") -> - | AI40: =IF(AG40,IF(ISNUMBER(AH40),"OK",IF(AG$1<TODAY(),"rappel","encour")),"-") -> - | AK40: =IF(OR(ISNUMBER(U40),ISNUMBER(X40),ISNUMBER(AA40),ISNUMBER(AD40),ISNUMBER(AG40)),+R40+U40+X40+AA40+AD40+AG40,"") -> 165 | AL40: =IF(Q40,IF(T40="ok",+R40)+IF(W40="ok",+U40)+IF(Z40="ok",+X40)+IF(AC40="ok",+AA40)+IF(AF40="ok",+AD40)+IF(AI40="ok",+AG40),"-") -> 165 | AM40: =IF(ISNUMBER(AK40),IF(AK40=AL40,"ok",AK40-AL40),"") -> ok | AN40: 42267 | AO40: 42276 | AQ40: =IF(T40="rappel",TODAY()-Q40,".") -> . | AR40: =IF(W40="rappel",TODAY()-Q40,".") -> .
A41: 42284 | B41: =IF(C41=".","",IF(ISTEXT(C41),IF(C41=C40,B40+1,1),"")) -> 1 | C41: GRI | D41: 83924 | E41: Vincke-Lola | F41: GRB | G41: F | H41: Rue des Genêts 48 | I41: 4420 | J41: St Nicolas | K41: 38381 | L41: Belge | M41: 04/254 22 64 | N41: 0495/20 70 71 M | O41: patrumfels@hotmail.com | P41: 28/o | Q41: 42260 | R41: 0 | S41: 42284 | T41: =IF(Q41,IF(ISNUMBER(S41),"OK",IF(Q41+8<TODAY(),"rappel","encour")),"-") -> OK | U41: =IF(ISERROR(VLOOKUP(C41,cotisation15_16,4,FALSE)),".",VLOOKUP(C41,cotisation15_16,4,FALSE)) -> 200 | V41: 42284 | W41: =IF(ISNUMBER(U41),IF(ISNUMBER(V41),"OK",IF(Q41+15<TODAY(),"rappel","encour")),"-") -> OK | Z41: =IF(X41,IF(ISNUMBER(Y41),"OK",IF(X$1<TODAY(),"rappel","encour")),"-") -> - | AC41: =IF(AA41,IF(ISNUMBER(AB41),"OK",IF(AA$1<TODAY(),"rappel","encour")),"-") -> - | AF41: =IF(AD41,IF(ISNUMBER(AE41),"OK",IF(AD$1<TODAY(),"rappel","encour")),"-") -> - | AI41: =IF(AG41,IF(ISNUMBER(AH41),"OK",IF(AG$1<TODAY(),"rappel","encour")),"-") -> - | AK41: =IF(OR(ISNUMBER(U41),ISNUMBER(X41),ISNUMBER(AA41),ISNUMBER(AD41),ISNUMBER(AG41)),+R41+U41+X41+AA41+AD41+AG41,"") -> 200 | AL41: =IF(T41="ok",+R41)+IF(W41="ok",+U41)+IF(Z41="ok",+X41)+IF(AC41="ok",+AA41)+IF(AF41="ok",+AD41)+IF(AI41="ok",+AG41) -> 200 | AM41: =IF(ISNUMBER(AK41),IF(AK41=AL41,"ok",AK41-AL41),"") -> ok | AN41: 42267 | AO41: 42276 | AQ41: =IF(T41="rappel",TODAY()-Q41,".") -> . | AR41: =IF(W41="rappel",TODAY()-Q41,".") -> .
A42: 42260 | B42: =IF(C42=".","",IF(ISTEXT(C42),IF(C42=C41,B41+1,1),"")) -> 1 | C42: EDam | D42: 86073 | E42: Costanzo-Giusseppa | G42: F | H42: Rue Cour Robert 51 | I42: 4420 | J42: St Nicolas | K42: 20574 | L42: Belge | M42: 04/233 15 24 | N42: 0479/74 22 10 | O42: pasquale.reale@hotmail.com | P42: 20/o | Q42: 42248 | R42: =IF(ISERROR(VLOOKUP(C42,cotisation15_16,3,FALSE)),".",VLOOKUP(C42,cotisation15_16,3,FALSE)) -> 35 | S42: 42255 | T42: =IF(Q42,IF(ISNUMBER(S42),"OK",IF(Q42+8<TODAY(),"rappel","encour")),"-") -> OK | U42: =IF(ISERROR(VLOOKUP(C42,cotisation15_16,4,FALSE)),".",VLOOKUP(C42,cotisation15_16,4,FALSE)) -> 100 | V42: 42255 | W42: =IF(ISNUMBER(U42),IF(ISNUMBER(V42),"OK",IF(Q42+15<TODAY(),"rappel","encour")),"-") -> OK | Z42: =IF(X42,IF(ISNUMBER(Y42),"OK",IF(X$1<TODAY(),"rappel","encour")),"-") -> - | AC42: =IF(AA42,IF(ISNUMBER(AB42),"OK",IF(AA$1<TODAY(),"rappel","encour")),"-") -> - | AF42: =IF(AD42,IF(ISNUMBER(AE42),"OK",IF(AD$1<TODAY(),"rappel","encour")),"-") -> - | AI42: =IF(AG42,IF(ISNUMBER(AH42),"OK",IF(AG$1<TODAY(),"rappel","encour")),"-") -> - | AK42: =IF(OR(ISNUMBER(U42),ISNUMBER(X42),ISNUMBER(AA42),ISNUMBER(AD42),ISNUMBER(AG42)),+R42+U42+X42+AA42+AD42+AG42,"") -> 135 | AL42: =IF(T42="ok",+R42)+IF(W42="ok",+U42)+IF(Z42="ok",+X42)+IF(AC42="ok",+AA42)+IF(AF42="ok",+AD42)+IF(AI42="ok",+AG42) -> 135 | AM42: =IF(ISNUMBER(AK42),IF(AK42=AL42,"ok",AK42-AL42),"") -> ok | AQ42: =IF(T42="rappel",TODAY()-Q42,".") -> . | AR42: =IF(W42="rappel",TODAY()-Q42,".") -> . | AS42: =IF(W42="rappel",TODAY()-S42,".") -> .
A43: essais 3 | B43: =IF(C43=".","",IF(ISTEXT(C43),IF(C43=C42,B42+1,1),"")) -> 1 | C43: Mjazz | D43: 86081 | E43: Difresco- Ileana | G43: F | H43: rue de l'Hippodrome 10/11 | I43: 4000 | J43: Liège | K43: 37865 | L43: Belge | N43: 0495/19 68 29 M 0485/59 67 90 P | O43: candy32290@msn.com | P43: 59/o | Q43: 42254 | R43: 35 | T43: =IF(Q43,IF(ISNUMBER(S43),"OK",IF(Q43+8<TODAY(),"rappel","encour")),"-") -> rappel | U43: =IF(ISERROR(VLOOKUP(C43,cotisation15_16,4,FALSE)),".",VLOOKUP(C43,cotisation15_16,4,FALSE)) -> . | W43: =IF(ISNUMBER(U43),IF(ISNUMBER(V43),"OK",IF(Q43+15<TODAY(),"rappel","encour")),"-") -> - | Z43: =IF(X43,IF(ISNUMBER(Y43),"OK",IF(X$1<TODAY(),"rappel","encour")),"-") -> - | AC43: =IF(AA43,IF(ISNUMBER(AB43),"OK",IF(AA$1<TODAY(),"rappel","encour")),"-") -> - | AF43: =IF(AD43,IF(ISNUMBER(AE43),"OK",IF(AD$1<TODAY(),"rappel","encour")),"-") -> - | AI43: =IF(AG43,IF(ISNUMBER(AH43),"OK",IF(AG$1<TODAY(),"rappel","encour")),"-") -> - | AK43: =IF(OR(ISNUMBER(U43),ISNUMBER(X43),ISNUMBER(AA43),ISNUMBER(AD43),ISNUMBER(AG43)),+R43+U43+X43+AA43+AD43+AG43,"") | AL43: =IF(Q43,IF(T43="ok",+R43)+IF(W43="ok",+U43)+IF(Z43="ok",+X43)+IF(AC43="ok",+AA43)+IF(AF43="ok",+AD43)+IF(AI43="ok",+AG43),"-") -> 0 | AM43: =IF(ISNUMBER(AK43),IF(AK43=AL43,"ok",AK43-AL43),"") | AQ43: =IF(T43="rappel",TODAY()-Q43,".") -> 36 | AR43: =IF(W43="rappel",TODAY()-Q43-14,".") -> .
A44: 42257 | B44: =IF(C44=".","",IF(ISTEXT(C44),IF(C44=C43,B43+1,1),"")) -> 1 | C44: GRB | D44: 86167 | E44: Quaranta-Issia | F44: GRI | G44: F | H44: Rue Aulichamps 6 | I44: 4460 | J44: Grâce-Hollogne | K44: 39835 | L44: Belge | N44: 0492/31 10 22 M 0492/31 10 26 P | O44: magange@live.be | P44: 38/o | Q44: 42249 | R44: 35 | S44: 42256 | T44: =IF(Q44,IF(ISNUMBER(S44),"OK",IF(Q44+8<TODAY(),"rappel","encour")),"-") -> OK | U44: =IF(ISERROR(VLOOKUP(C44,cotisation15_16,4,FALSE)),".",VLOOKUP(C44,cotisation15_16,4,FALSE)) -> 130 | V44: 42256 | W44: =IF(ISNUMBER(U44),IF(ISNUMBER(V44),"OK",IF(Q44+15<TODAY(),"rappel","encour")),"-") -> OK | Z44: =IF(X44,IF(ISNUMBER(Y44),"OK",IF(X$1<TODAY(),"rappel","encour")),"-") -> - | AC44: =IF(AA44,IF(ISNUMBER(AB44),"OK",IF(AA$1<TODAY(),"rappel","encour")),"-") -> - | AF44: =IF(AD44,IF(ISNUMBER(AE44),"OK",IF(AD$1<TODAY(),"rappel","encour")),"-") -> - | AI44: =IF(AG44,IF(ISNUMBER(AH44),"OK",IF(AG$1<TODAY(),"rappel","encour")),"-") -> - | AK44: =IF(OR(ISNUMBER(U44),ISNUMBER(X44),ISNUMBER(AA44),ISNUMBER(AD44),ISNUMBER(AG44)),+R44+U44+X44+AA44+AD44+AG44,"") -> 165 | AL44: =IF(T44="ok",+R44)+IF(W44="ok",+U44)+IF(Z44="ok",+X44)+IF(AC44="ok",+AA44)+IF(AF44="ok",+AD44)+IF(AI44="ok",+AG44) -> 165 | AM44: =IF(ISNUMBER(AK44),IF(AK44=AL44,"ok",AK44-AL44),"") -> ok | AQ44: =IF(T44="rappel",TODAY()-Q44,".") -> . | AR44: =IF(W44="rappel",TODAY()-Q44,".") -> . | AS44: =IF(W44="rappel",TODAY()-S44,".") -> .
A45: 42257 | B45: =IF(C45=".","",IF(ISTEXT(C45),IF(C45=C44,B44+1,1),"")) -> 1 | C45: GRI | D45: 86167 | E45: Quaranta-Issia | F45: GRB | G45: F | H45: Rue Aulichamps 6 | I45: 4460 | J45: Grâce-Hollogne | K45: 39835 | L45: Belge | N45: 0492/31 10 22 M 0492/31 10 26 P | O45: magange@live.be | P45: 38/o | Q45: 42260 | R45: 0 | S45: 42256 | T45: =IF(Q45,IF(ISNUMBER(S45),"OK",IF(Q45+8<TODAY(),"rappel","encour")),"-") -> OK | U45: =IF(ISERROR(VLOOKUP(C45,cotisation15_16,4,FALSE)),".",VLOOKUP(C45,cotisation15_16,4,FALSE)) -> 200 | V45: 42282 | W45: =IF(ISNUMBER(U45),IF(ISNUMBER(V45),"OK",IF(Q45+15<TODAY(),"rappel","encour")),"-") -> OK | Z45: =IF(X45,IF(ISNUMBER(Y45),"OK",IF(X$1<TODAY(),"rappel","encour")),"-") -> - | AC45: =IF(AA45,IF(ISNUMBER(AB45),"OK",IF(AA$1<TODAY(),"rappel","encour")),"-") -> - | AF45: =IF(AD45,IF(ISNUMBER(AE45),"OK",IF(AD$1<TODAY(),"rappel","encour")),"-") -> - | AI45: =IF(AG45,IF(ISNUMBER(AH45),"OK",IF(AG$1<TODAY(),"rappel","encour")),"-") -> - | AK45: =IF(OR(ISNUMBER(U45),ISNUMBER(X45),ISNUMBER(AA45),ISNUMBER(AD45),ISNUMBER(AG45)),+R45+U45+X45+AA45+AD45+AG45,"") -> 200 | AL45: =IF(T45="ok",+R45)+IF(W45="ok",+U45)+IF(Z45="ok",+X45)+IF(AC45="ok",+AA45)+IF(AF45="ok",+AD45)+IF(AI45="ok",+AG45) -> 200 | AM45: =IF(ISNUMBER(AK45),IF(AK45=AL45,"ok",AK45-AL45),"") -> ok | AQ45: =IF(T45="rappel",TODAY()-Q45,".") -> . | AR45: =IF(W45="rappel",TODAY()-Q45-14,".") -> . | AS45: =IF(W45="rappel",TODAY()-S45,".") -> .
A46: 42257 | B46: =IF(C46=".","",IF(ISTEXT(C46),IF(C46=C45,B45+1,1),"")) -> 1 | C46: GRB | D46: 93824 | E46: Roung-Eva | G46: F | H46: rue de Tilleur 56 | I46: 4420 | J46: st Nicolas | K46: 37853 | L46: Belge | N46: 0495/32 94 03 0494/10 08 05 | O46: cochi_20@hotmail.com | P46: 71/o | Q46: 42249 | R46: 35 | S46: 42256 | T46: =IF(Q46,IF(ISNUMBER(S46),"OK",IF(Q46+8<TODAY(),"rappel","encour")),"-") -> OK | U46: =IF(ISERROR(VLOOKUP(C46,cotisation15_16,4,FALSE)),".",VLOOKUP(C46,cotisation15_16,4,FALSE)) -> 130 | V46: 42256 | W46: =IF(ISNUMBER(U46),IF(ISNUMBER(V46),"OK",IF(Q46+15<TODAY(),"rappel","encour")),"-") -> OK | Z46: =IF(X46,IF(ISNUMBER(Y46),"OK",IF(X$1<TODAY(),"rappel","encour")),"-") -> - | AC46: =IF(AA46,IF(ISNUMBER(AB46),"OK",IF(AA$1<TODAY(),"rappel","encour")),"-") -> - | AF46: =IF(AD46,IF(ISNUMBER(AE46),"OK",IF(AD$1<TODAY(),"rappel","encour")),"-") -> - | AI46: =IF(AG46,IF(ISNUMBER(AH46),"OK",IF(AG$1<TODAY(),"rappel","encour")),"-") -> - | AK46: =IF(OR(ISNUMBER(U46),ISNUMBER(X46),ISNUMBER(AA46),ISNUMBER(AD46),ISNUMBER(AG46)),+R46+U46+X46+AA46+AD46+AG46,"") -> 165 | AL46: =IF(T46="ok",+R46)+IF(W46="ok",+U46)+IF(Z46="ok",+X46)+IF(AC46="ok",+AA46)+IF(AF46="ok",+AD46)+IF(AI46="ok",+AG46) -> 165 | AM46: =IF(ISNUMBER(AK46),IF(AK46=AL46,"ok",AK46-AL46),"") -> ok | AQ46: =IF(T46="rappel",TODAY()-Q46,".") -> . | AR46: =IF(W46="rappel",TODAY()-Q46,".") -> . | AS46: =IF(W46="rappel",TODAY()-S46,".") -> .
A47: 42264 | B47: =IF(C47=".","",IF(ISTEXT(C47),IF(C47=C46,B46+1,1),"")) -> 1 | C47: GRA | D47: 93829 | E47: Abbate-Lucie | G47: F | H47: Chaussée J.J. Knaepen 241 | I47: 4420 | J47: Montegnée | K47: 39357 | L47: Belge | M47: 04/246 10 87 | N47: 0476/62 70 68 M | O47: miprilou@hotmail.com | P47: 70/o | Q47: 42263 | R47: 35 | S47: 42264 | T47: =IF(Q47,IF(ISNUMBER(S47),"OK",IF(Q47+8<TODAY(),"rappel","encour")),"-") -> OK | V47: 42283 | W47: =IF(ISNUMBER(U47),IF(ISNUMBER(V47),"OK",IF(Q47+15<TODAY(),"rappel","encour")),"-") -> - | X47: 100 | Y47: 42285 | Z47: =IF(X47,IF(ISNUMBER(Y47),"OK",IF(X$1<TODAY(),"rappel","encour")),"-") -> OK | AC47: =IF(AA47,IF(ISNUMBER(AB47),"OK",IF(AA$1<TODAY(),"rappel","encour")),"-") -> - | AF47: =IF(AD47,IF(ISNUMBER(AE47),"OK",IF(AD$1<TODAY(),"rappel","encour")),"-") -> - | AI47: =IF(AG47,IF(ISNUMBER(AH47),"OK",IF(AG$1<TODAY(),"rappel","encour")),"-") -> - | AK47: =IF(OR(ISNUMBER(U47),ISNUMBER(X47),ISNUMBER(AA47),ISNUMBER(AD47),ISNUMBER(AG47)),+R47+U47+X47+AA47+AD47+AG47,"") -> 135 | AL47: =IF(T47="ok",+R47)+IF(W47="ok",+U47)+IF(Z47="ok",+X47)+IF(AC47="ok",+AA47)+IF(AF47="ok",+AD47)+IF(AI47="ok",+AG47) -> 135 | AM47: =IF(ISNUMBER(AK47),IF(AK47=AL47,"ok",AK47-AL47),"") -> ok | AN47: 42280 | AQ47: =IF(T47="rappel",TODAY()-Q47,".") -> . | AR47: =IF(W47="rappel",TODAY()-Q47-14,".") -> . | AS47: =IF(W47="rappel",TODAY()-S47,".") -> . | AT47: reponse oui
A48: 42279 | B48: =IF(C48=".","",IF(ISTEXT(C48),IF(C48=C47,B47+1,1),"")) -> 2 | C48: GRA | D48: 98662 | E48: Caputi-Alicia | G48: F | H48: rue Morchamps 188 | I48: 4100 | J48: Seraing | K48: 38849 | L48: Belge | M48: 04/269 55 78 | N48: 0497/86 62 28 M 0496/84 51 81 P | O48: brayeurisabelle@gmail.com | P48: 88/o | Q48: 42249 | R48: 35 | S48: 42279 | T48: =IF(Q48,IF(ISNUMBER(S48),"OK",IF(Q48+8<TODAY(),"rappel","encour")),"-") -> OK | W48: =IF(ISNUMBER(U48),IF(ISNUMBER(V48),"OK",IF(Q48+15<TODAY(),"rappel","encour")),"-") -> - | X48: 100 | Y48: 42279 | Z48: =IF(X48,IF(ISNUMBER(Y48),"OK",IF(X$1<TODAY(),"rappel","encour")),"-") -> OK | AC48: =IF(AA48,IF(ISNUMBER(AB48),"OK",IF(AA$1<TODAY(),"rappel","encour")),"-") -> - | AF48: =IF(AD48,IF(ISNUMBER(AE48),"OK",IF(AD$1<TODAY(),"rappel","encour")),"-") -> - | AI48: =IF(AG48,IF(ISNUMBER(AH48),"OK",IF(AG$1<TODAY(),"rappel","encour")),"-") -> - | AK48: =IF(OR(ISNUMBER(U48),ISNUMBER(X48),ISNUMBER(AA48),ISNUMBER(AD48),ISNUMBER(AG48)),+R48+U48+X48+AA48+AD48+AG48,"") -> 135 | AL48: =IF(T48="ok",+R48)+IF(W48="ok",+U48)+IF(Z48="ok",+X48)+IF(AC48="ok",+AA48)+IF(AF48="ok",+AD48)+IF(AI48="ok",+AG48) -> 135 | AM48: =IF(ISNUMBER(AK48),IF(AK48=AL48,"ok",AK48-AL48),"") -> ok | AN48: 42267 | AQ48: =IF(T48="rappel",TODAY()-Q48,".") -> . | AR48: =IF(W48="rappel",TODAY()-Q48,".") -> . | AS48: =IF(W48="rappel",TODAY()-S48,".") -> .
A49: 42255 | B49: =IF(C49=".","",IF(ISTEXT(C49),IF(C49=C48,B48+1,1),"")) -> 3 | C49: GRA | D49: 98664 | E49: Ramakers-Laly | F49: MJ | G49: F | H49: rue Malaise 5/15 | I49: 4420 | J49: St Nicolas | K49: 39521 | L49: Belge | M49: 042 33 67 00 | N49: 0495/33 52 67 M | O49: cricri57@live.be | P49: 86/o | Q49: 42249 | R49: 35 | S49: 42254 | T49: =IF(Q49,IF(ISNUMBER(S49),"OK",IF(Q49+8<TODAY(),"rappel","encour")),"-") -> OK | U49: =IF(ISERROR(VLOOKUP(C49,cotisation15_16,4,FALSE)),".",VLOOKUP(C49,cotisation15_16,4,FALSE)) -> 100 | V49: 42263 | W49: =IF(ISNUMBER(U49),IF(ISNUMBER(V49),"OK",IF(Q49+15<TODAY(),"rappel","encour")),"-") -> OK | Z49: =IF(X49,IF(ISNUMBER(Y49),"OK",IF(X$1<TODAY(),"rappel","encour")),"-") -> - | AC49: =IF(AA49,IF(ISNUMBER(AB49),"OK",IF(AA$1<TODAY(),"rappel","encour")),"-") -> - | AF49: =IF(AD49,IF(ISNUMBER(AE49),"OK",IF(AD$1<TODAY(),"rappel","encour")),"-") -> - | AI49: =IF(AG49,IF(ISNUMBER(AH49),"OK",IF(AG$1<TODAY(),"rappel","encour")),"-") -> - | AK49: =IF(OR(ISNUMBER(U49),ISNUMBER(X49),ISNUMBER(AA49),ISNUMBER(AD49),ISNUMBER(AG49)),+R49+U49+X49+AA49+AD49+AG49,"") -> 135 | AL49: =IF(T49="ok",+R49)+IF(W49="ok",+U49)+IF(Z49="ok",+X49)+IF(AC49="ok",+AA49)+IF(AF49="ok",+AD49)+IF(AI49="ok",+AG49) -> 135 | AM49: =IF(ISNUMBER(AK49),IF(AK49=AL49,"ok",AK49-AL49),"") -> ok | AQ49: =IF(T49="rappel",TODAY()-Q49,".") -> . | AR49: =IF(W49="rappel",TODAY()-Q49,".") -> . | AS49: =IF(W49="rappel",TODAY()-S49,".") -> .
A50: 42255 | B50: =IF(C50=".","",IF(ISTEXT(C50),IF(C50=C49,B49+1,1),"")) -> 1 | C50: Mjazz | D50: 98664 | E50: Ramakers-Laly | F50: GRA | G50: F | H50: rue Malaise 5/15 | I50: 4420 | J50: St Nicolas | K50: 39521 | L50: Belge | M50: 042 33 67 00 | N50: 0495/33 52 67 M | O50: cricri57@live.be | P50: 86/o | Q50: 42254 | R50: 0 | S50: 42254 | T50: =IF(Q50,IF(ISNUMBER(S50),"OK",IF(Q50+8<TODAY(),"rappel","encour")),"-") -> OK | U50: =IF(ISERROR(VLOOKUP(C50,cotisation15_16,4,FALSE)),".",VLOOKUP(C50,cotisation15_16,4,FALSE)) -> . | V50: 42270 | W50: =IF(ISNUMBER(U50),IF(ISNUMBER(V50),"OK",IF(Q50+15<TODAY(),"rappel","encour")),"-") -> - | Z50: =IF(X50,IF(ISNUMBER(Y50),"OK",IF(X$1<TODAY(),"rappel","encour")),"-") -> - | AC50: =IF(AA50,IF(ISNUMBER(AB50),"OK",IF(AA$1<TODAY(),"rappel","encour")),"-") -> - | AF50: =IF(AD50,IF(ISNUMBER(AE50),"OK",IF(AD$1<TODAY(),"rappel","encour")),"-") -> - | AI50: =IF(AG50,IF(ISNUMBER(AH50),"OK",IF(AG$1<TODAY(),"rappel","encour")),"-") -> - | AK50: =IF(OR(ISNUMBER(U50),ISNUMBER(X50),ISNUMBER(AA50),ISNUMBER(AD50),ISNUMBER(AG50)),+R50+U50+X50+AA50+AD50+AG50,"") | AL50: =IF(T50="ok",+R50)+IF(W50="ok",+U50)+IF(Z50="ok",+X50)+IF(AC50="ok",+AA50)+IF(AF50="ok",+AD50)+IF(AI50="ok",+AG50) -> 0 | AM50: =IF(ISNUMBER(AK50),IF(AK50=AL50,"ok",AK50-AL50),"") | AQ50: =IF(T50="rappel",TODAY()-Q50,".") -> . | AR50: =IF(W50="rappel",TODAY()-Q50,".") -> .
A51: 42268 | B51: =IF(C51=".","",IF(ISTEXT(C51),IF(C51=C50,B50+1,1),"")) -> 1 | C51: GRA | D51: 98665 | E51: Vanstraelen-Clémentine | G51: F | H51: rue du Pommier 42 | I51: 4000 | J51: Liege | K51: 38971 | L51: Belge | N51: 0474/62 15 28 P | O51: rudyvanstraelen@yahoo.fr | P51: 87/o | Q51: 42256 | R51: 35 | S51: 42268 | T51: =IF(Q51,IF(ISNUMBER(S51),"OK",IF(Q51+8<TODAY(),"rappel","encour")),"-") -> OK | U51: 5 | V51: 42268 | W51: =IF(ISNUMBER(U51),IF(ISNUMBER(V51),"OK",IF(Q51+15<TODAY(),"rappel","encour")),"-") -> OK | X51: 45 | Y51: 42283 | Z51: =IF(X51,IF(ISNUMBER(Y51),"OK",IF(X$1<TODAY(),"rappel","encour")),"-") -> OK | AA51: 50 | AC51: =IF(AA51,IF(ISNUMBER(AB51),"OK",IF(AA$1<TODAY(),"rappel","encour")),"-") -> encour | AF51: =IF(AD51,IF(ISNUMBER(AE51),"OK",IF(AD$1<TODAY(),"rappel","encour")),"-") -> - | AI51: =IF(AG51,IF(ISNUMBER(AH51),"OK",IF(AG$1<TODAY(),"rappel","encour")),"-") -> - | AK51: =IF(OR(ISNUMBER(U51),ISNUMBER(X51),ISNUMBER(AA51),ISNUMBER(AD51),ISNUMBER(AG51)),+R51+U51+X51+AA51+AD51+AG51,"") -> 135 | AL51: =IF(T51="ok",+R51)+IF(W51="ok",+U51)+IF(Z51="ok",+X51)+IF(AC51="ok",+AA51)+IF(AF51="ok",+AD51)+IF(AI51="ok",+AG51) -> 85 | AM51: =IF(ISNUMBER(AK51),IF(AK51=AL51,"ok",AK51-AL51),"") -> 50 | AN51: 42267 | AQ51: =IF(T51="rappel",TODAY()-Q51,".") -> . | AR51: =IF(W51="rappel",TODAY()-Q51,".") -> . | AS51: =IF(W51="rappel",TODAY()-S51,".") -> .
A52: 42279 | B52: =IF(C52=".","",IF(ISTEXT(C52),IF(C52=C51,B51+1,1),"")) -> 2 | C52: GRA | D52: 100296 | E52: Santangelo-Eva | F52: GRC | G52: F | H52: rue Ferdinand Nicolay 517 | I52: 4420 | J52: St Nicolas | K52: 38230 | L52: Belge | N52: 0493/20 54 04 0494/51 53 52 M | O52: mary.licata@hotmail.com | P52: 162/o | Q52: 42263 | R52: 35 | S52: 42279 | T52: =IF(Q52,IF(ISNUMBER(S52),"OK",IF(Q52+8<TODAY(),"rappel","encour")),"-") -> OK | V52: 42275 | W52: =IF(ISNUMBER(U52),IF(ISNUMBER(V52),"OK",IF(Q52+15<TODAY(),"rappel","encour")),"-") -> - | X52: 23 | Y52: 42289 | Z52: =IF(X52,IF(ISNUMBER(Y52),"OK",IF(X$1<TODAY(),"rappel","encour")),"-") -> OK | AA52: 40 | AC52: =IF(AA52,IF(ISNUMBER(AB52),"OK",IF(AA$1<TODAY(),"rappel","encour")),"-") -> encour | AD52: 37 | AF52: =IF(AD52,IF(ISNUMBER(AE52),"OK",IF(AD$1<TODAY(),"rappel","encour")),"-") -> encour | AI52: =IF(AG52,IF(ISNUMBER(AH52),"OK",IF(AG$1<TODAY(),"rappel","encour")),"-") -> - | AK52: =IF(OR(ISNUMBER(U52),ISNUMBER(X52),ISNUMBER(AA52),ISNUMBER(AD52),ISNUMBER(AG52)),+R52+U52+X52+AA52+AD52+AG52,"") -> 135 | AL52: =IF(T52="ok",+R52)+IF(W52="ok",+U52)+IF(Z52="ok",+X52)+IF(AC52="ok",+AA52)+IF(AF52="ok",+AD52)+IF(AI52="ok",+AG52) -> 58 | AM52: =IF(ISNUMBER(AK52),IF(AK52=AL52,"ok",AK52-AL52),"") -> 77 | AQ52: =IF(T52="rappel",TODAY()-Q52,".") -> . | AR52: =IF(W52="rappel",TODAY()-Q52-14,".") -> . | AS52: =IF(W52="rappel",TODAY()-S52,".") -> .
A53: 42279 | B53: =IF(C53=".","",IF(ISTEXT(C53),IF(C53=C52,B52+1,1),"")) -> 1 | C53: GRC | D53: 100296 | E53: Santangelo-Eva | F53: GRA | G53: F | H53: rue Ferdinand Nicolay 517 | I53: 4420 | J53: St Nicolas | K53: 38230 | L53: Belge | N53: 0493/20 54 04 0494/51 53 52 M | O53: mary.licata@hotmail.com | P53: 162/o | Q53: 42263 | R53: 0 | S53: 42279 | T53: =IF(Q53,IF(ISNUMBER(S53),"OK",IF(Q53+8<TODAY(),"rappel","encour")),"-") -> OK | V53: 42275 | W53: =IF(ISNUMBER(U53),IF(ISNUMBER(V53),"OK",IF(Q53+15<TODAY(),"rappel","encour")),"-") -> - | X53: 23 | Y53: 42289 | Z53: =IF(X53,IF(ISNUMBER(Y53),"OK",IF(X$1<TODAY(),"rappel","encour")),"-") -> OK | AA53: 37 | AC53: =IF(AA53,IF(ISNUMBER(AB53),"OK",IF(AA$1<TODAY(),"rappel","encour")),"-") -> encour | AD53: 40 | AF53: =IF(AD53,IF(ISNUMBER(AE53),"OK",IF(AD$1<TODAY(),"rappel","encour")),"-") -> encour | AI53: =IF(AG53,IF(ISNUMBER(AH53),"OK",IF(AG$1<TODAY(),"rappel","encour")),"-") -> - | AK53: =IF(OR(ISNUMBER(U53),ISNUMBER(X53),ISNUMBER(AA53),ISNUMBER(AD53),ISNUMBER(AG53)),+R53+U53+X53+AA53+AD53+AG53,"") -> 100 | AL53: =IF(T53="ok",+R53)+IF(W53="ok",+U53)+IF(Z53="ok",+X53)+IF(AC53="ok",+AA53)+IF(AF53="ok",+AD53)+IF(AI53="ok",+AG53) -> 23 | AM53: =IF(ISNUMBER(AK53),IF(AK53=AL53,"ok",AK53-AL53),"") -> 77 | AQ53: =IF(T53="rappel",TODAY()-Q53,".") -> . | AR53: =IF(W53="rappel",TODAY()-Q53-14,".") -> . | AS53: =IF(W53="rappel",TODAY()-S53,".") -> .
A54: 42262 | B54: =IF(C54=".","",IF(ISTEXT(C54),IF(C54=C53,B53+1,1),"")) -> 1 | C54: GRA | D54: 100362 | E54: Preud'homme-Noémie | G54: F | H54: rue cheveaufosse 70 | I54: 4000 | J54: Liège | K54: 37667 | L54: Belge | M54: 04/223 00 58 | N54: Bastin Bernard R | O54: asbllamaison@skynet.be | P54: 106/N | Q54: 42249 | R54: 35 | S54: 42262 | T54: =IF(Q54,IF(ISNUMBER(S54),"OK",IF(Q54+8<TODAY(),"rappel","encour")),"-") -> OK | U54: =IF(ISERROR(VLOOKUP(C54,cotisation15_16,4,FALSE)),".",VLOOKUP(C54,cotisation15_16,4,FALSE)) -> 100 | V54: 42262 | W54: =IF(ISNUMBER(U54),IF(ISNUMBER(V54),"OK",IF(Q54+15<TODAY(),"rappel","encour")),"-") -> OK | Z54: =IF(X54,IF(ISNUMBER(Y54),"OK",IF(X$1<TODAY(),"rappel","encour")),"-") -> - | AC54: =IF(AA54,IF(ISNUMBER(AB54),"OK",IF(AA$1<TODAY(),"rappel","encour")),"-") -> - | AF54: =IF(AD54,IF(ISNUMBER(AE54),"OK",IF(AD$1<TODAY(),"rappel","encour")),"-") -> - | AI54: =IF(AG54,IF(ISNUMBER(AH54),"OK",IF(AG$1<TODAY(),"rappel","encour")),"-") -> - | AK54: =IF(OR(ISNUMBER(U54),ISNUMBER(X54),ISNUMBER(AA54),ISNUMBER(AD54),ISNUMBER(AG54)),+R54+U54+X54+AA54+AD54+AG54,"") -> 135 | AL54: =IF(T54="ok",+R54)+IF(W54="ok",+U54)+IF(Z54="ok",+X54)+IF(AC54="ok",+AA54)+IF(AF54="ok",+AD54)+IF(AI54="ok",+AG54) -> 135 | AM54: =IF(ISNUMBER(AK54),IF(AK54=AL54,"ok",AK54-AL54),"") -> ok | AQ54: =IF(T54="rappel",TODAY()-Q54,".") -> . | AR54: =IF(W54="rappel",TODAY()-Q54,".") -> . | AS54: =IF(W54="rappel",TODAY()-S54,".") -> .
A55: 42262 | B55: =IF(C55=".","",IF(ISTEXT(C55),IF(C55=C54,B54+1,1),"")) -> 2 | C55: GRA | D55: 100363 | E55: Lahaye-Priscilla | G55: F | H55: rue cheveaufosse 70 | I55: 4000 | J55: Liège | K55: 37333 | L55: Belge | M55: 04/223 00 58 | N55: Bastin Bernard R | O55: asbllamaison@skynet.be | P55: 107/N | Q55: 42249 | R55: 35 | S55: 42262 | T55: =IF(Q55,IF(ISNUMBER(S55),"OK",IF(Q55+8<TODAY(),"rappel","encour")),"-") -> OK | U55: =IF(ISERROR(VLOOKUP(C55,cotisation15_16,4,FALSE)),".",VLOOKUP(C55,cotisation15_16,4,FALSE)) -> 100 | V55: 42262 | W55: =IF(ISNUMBER(U55),IF(ISNUMBER(V55),"OK",IF(Q55+15<TODAY(),"rappel","encour")),"-") -> OK | Z55: =IF(X55,IF(ISNUMBER(Y55),"OK",IF(X$1<TODAY(),"rappel","encour")),"-") -> - | AC55: =IF(AA55,IF(ISNUMBER(AB55),"OK",IF(AA$1<TODAY(),"rappel","encour")),"-") -> - | AF55: =IF(AD55,IF(ISNUMBER(AE55),"OK",IF(AD$1<TODAY(),"rappel","encour")),"-") -> - | AI55: =IF(AG55,IF(ISNUMBER(AH55),"OK",IF(AG$1<TODAY(),"rappel","encour")),"-") -> - | AK55: =IF(OR(ISNUMBER(U55),ISNUMBER(X55),ISNUMBER(AA55),ISNUMBER(AD55),ISNUMBER(AG55)),+R55+U55+X55+AA55+AD55+AG55,"") -> 135 | AL55: =IF(T55="ok",+R55)+IF(W55="ok",+U55)+IF(Z55="ok",+X55)+IF(AC55="ok",+AA55)+IF(AF55="ok",+AD55)+IF(AI55="ok",+AG55) -> 135 | AM55: =IF(ISNUMBER(AK55),IF(AK55=AL55,"ok",AK55-AL55),"") -> ok | AQ55: =IF(T55="rappel",TODAY()-Q55,".") -> . | AR55: =IF(W55="rappel",TODAY()-Q55,".") -> . | AS55: =IF(W55="rappel",TODAY()-S55,".") -> .
A56: 42255 | B56: =IF(C56=".","",IF(ISTEXT(C56),IF(C56=C55,B55+1,1),"")) -> 1 | C56: GRB | D56: 100365 | E56: Lognoul-Luna | G56: F | H56: rue Louis Barmol 66 | I56: 4000 | J56: Liège | K56: 37873 | L56: Belge | N56: 0495/79 51 86 P 0479/45 67 43 M | O56: macgil2405@gmail.com | P56: 108/o | Q56: 42249 | R56: 35 | S56: 42255 | T56: =IF(Q56,IF(ISNUMBER(S56),"OK",IF(Q56+8<TODAY(),"rappel","encour")),"-") -> OK | U56: 65 | V56: 42264 | W56: =IF(ISNUMBER(U56),IF(ISNUMBER(V56),"OK",IF(Q56+15<TODAY(),"rappel","encour")),"-") -> OK | X56: 65 | Z56: =IF(X56,IF(ISNUMBER(Y56),"OK",IF(X$1<TODAY(),"rappel","encour")),"-") -> encour | AC56: =IF(AA56,IF(ISNUMBER(AB56),"OK",IF(AA$1<TODAY(),"rappel","encour")),"-") -> - | AF56: =IF(AD56,IF(ISNUMBER(AE56),"OK",IF(AD$1<TODAY(),"rappel","encour")),"-") -> - | AI56: =IF(AG56,IF(ISNUMBER(AH56),"OK",IF(AG$1<TODAY(),"rappel","encour")),"-") -> - | AK56: =IF(OR(ISNUMBER(U56),ISNUMBER(X56),ISNUMBER(AA56),ISNUMBER(AD56),ISNUMBER(AG56)),+R56+U56+X56+AA56+AD56+AG56,"") -> 165 | AL56: =IF(T56="ok",+R56)+IF(W56="ok",+U56)+IF(Z56="ok",+X56)+IF(AC56="ok",+AA56)+IF(AF56="ok",+AD56)+IF(AI56="ok",+AG56) -> 100 | AM56: =IF(ISNUMBER(AK56),IF(AK56=AL56,"ok",AK56-AL56),"") -> 65 | AQ56: =IF(T56="rappel",TODAY()-Q56,".") -> . | AR56: =IF(W56="rappel",TODAY()-Q56,".") -> . | AS56: =IF(W56="rappel",TODAY()-S56,".") -> .
A57: essais 4 | B57: =IF(C57=".","",IF(ISTEXT(C57),IF(C57=C56,B56+1,1),"")) -> 1 | C57: Mjazz | D57: 100384 | E57: Rizzo-Alissa | G57: F | H57: rue du Bonnet 159 | I57: 4420 | J57: St Nicolas | K57: 39386 | L57: Belge | M57: 04/226 23 05 | N57: 0495/21 06 39 | O57: fc211151@skynet.be | P57: 97/o | Q57: 42254 | R57: 35 | T57: =IF(Q57,IF(ISNUMBER(S57),"OK",IF(Q57+8<TODAY(),"rappel","encour")),"-") -> rappel | U57: =IF(ISERROR(VLOOKUP(C57,cotisation15_16,4,FALSE)),".",VLOOKUP(C57,cotisation15_16,4,FALSE)) -> . | W57: =IF(ISNUMBER(U57),IF(ISNUMBER(V57),"OK",IF(Q57+15<TODAY(),"rappel","encour")),"-") -> - | Z57: =IF(X57,IF(ISNUMBER(Y57),"OK",IF(X$1<TODAY(),"rappel","encour")),"-") -> - | AC57: =IF(AA57,IF(ISNUMBER(AB57),"OK",IF(AA$1<TODAY(),"rappel","encour")),"-") -> - | AF57: =IF(AD57,IF(ISNUMBER(AE57),"OK",IF(AD$1<TODAY(),"rappel","encour")),"-") -> - | AI57: =IF(AG57,IF(ISNUMBER(AH57),"OK",IF(AG$1<TODAY(),"rappel","encour")),"-") -> - | AK57: =IF(OR(ISNUMBER(U57),ISNUMBER(X57),ISNUMBER(AA57),ISNUMBER(AD57),ISNUMBER(AG57)),+R57+U57+X57+AA57+AD57+AG57,"") | AL57: =IF(Q57,IF(T57="ok",+R57)+IF(W57="ok",+U57)+IF(Z57="ok",+X57)+IF(AC57="ok",+AA57)+IF(AF57="ok",+AD57)+IF(AI57="ok",+AG57),"-") -> 0 | AM57: =IF(ISNUMBER(AK57),IF(AK57=AL57,"ok",AK57-AL57),"") | AQ57: =IF(T57="rappel",TODAY()-Q57,".") -> 36 | AR57: =IF(W57="rappel",TODAY()-Q57-14,".") -> .
A58: 42262 | B58: =IF(C58=".","",IF(ISTEXT(C58),IF(C58=C57,B57+1,1),"")) -> 1 | C58: GRC | D58: 100884 | E58: Rhimi-Maissa | G58: F | H58: rue Mavis 17 | I58: 4420 | J58: St Nicolas | K58: 38331 | L58: Belge | N58: 0494/23 58 29 P 0498/56 98 39 M | O58: sandu-semi@hotmail.com | P58: 133/o | Q58: 42249 | R58: 35 | S58: 42261 | T58: =IF(Q58,IF(ISNUMBER(S58),"OK",IF(Q58+8<TODAY(),"rappel","encour")),"-") -> OK | U58: =IF(ISERROR(VLOOKUP(C58,cotisation15_16,4,FALSE)),".",VLOOKUP(C58,cotisation15_16,4,FALSE)) -> 100 | V58: 42261 | W58: =IF(ISNUMBER(U58),IF(ISNUMBER(V58),"OK",IF(Q58+15<TODAY(),"rappel","encour")),"-") -> OK | Z58: =IF(X58,IF(ISNUMBER(Y58),"OK",IF(X$1<TODAY(),"rappel","encour")),"-") -> - | AC58: =IF(AA58,IF(ISNUMBER(AB58),"OK",IF(AA$1<TODAY(),"rappel","encour")),"-") -> - | AF58: =IF(AD58,IF(ISNUMBER(AE58),"OK",IF(AD$1<TODAY(),"rappel","encour")),"-") -> - | AI58: =IF(AG58,IF(ISNUMBER(AH58),"OK",IF(AG$1<TODAY(),"rappel","encour")),"-") -> - | AK58: =IF(OR(ISNUMBER(U58),ISNUMBER(X58),ISNUMBER(AA58),ISNUMBER(AD58),ISNUMBER(AG58)),+R58+U58+X58+AA58+AD58+AG58,"") -> 135 | AL58: =IF(T58="ok",+R58)+IF(W58="ok",+U58)+IF(Z58="ok",+X58)+IF(AC58="ok",+AA58)+IF(AF58="ok",+AD58)+IF(AI58="ok",+AG58) -> 135 | AM58: =IF(ISNUMBER(AK58),IF(AK58=AL58,"ok",AK58-AL58),"") -> ok | AQ58: =IF(T58="rappel",TODAY()-Q58,".") -> . | AR58: =IF(W58="rappel",TODAY()-Q58,".") -> . | AS58: =IF(W58="rappel",TODAY()-S58,".") -> .
A59: 42270 | B59: =IF(C59=".","",IF(ISTEXT(C59),IF(C59=C58,B58+1,1),"")) -> 1 | C59: GRA | D59: 100885 | E59: Bergmans-Romane | G59: F | H59: rue Blanche Planchard 88 | I59: 4430 | J59: Ans | K59: 38509 | L59: Belge | M59: 04/371 97 68 | N59: 0476/41 40 51 M | O59: nancy-longree@hotmail.com | P59: 154/o | Q59: 42249 | R59: 35 | S59: 42268 | T59: =IF(Q59,IF(ISNUMBER(S59),"OK",IF(Q59+8<TODAY(),"rappel","encour")),"-") -> OK | U59: =IF(ISERROR(VLOOKUP(C59,cotisation15_16,4,FALSE)),".",VLOOKUP(C59,cotisation15_16,4,FALSE)) -> 100 | V59: 42282 | W59: =IF(ISNUMBER(U59),IF(ISNUMBER(V59),"OK",IF(Q59+15<TODAY(),"rappel","encour")),"-") -> OK | Z59: =IF(X59,IF(ISNUMBER(Y59),"OK",IF(X$1<TODAY(),"rappel","encour")),"-") -> - | AC59: =IF(AA59,IF(ISNUMBER(AB59),"OK",IF(AA$1<TODAY(),"rappel","encour")),"-") -> - | AF59: =IF(AD59,IF(ISNUMBER(AE59),"OK",IF(AD$1<TODAY(),"rappel","encour")),"-") -> - | AI59: =IF(AG59,IF(ISNUMBER(AH59),"OK",IF(AG$1<TODAY(),"rappel","encour")),"-") -> - | AK59: =IF(OR(ISNUMBER(U59),ISNUMBER(X59),ISNUMBER(AA59),ISNUMBER(AD59),ISNUMBER(AG59)),+R59+U59+X59+AA59+AD59+AG59,"") -> 135 | AL59: =IF(T59="ok",+R59)+IF(W59="ok",+U59)+IF(Z59="ok",+X59)+IF(AC59="ok",+AA59)+IF(AF59="ok",+AD59)+IF(AI59="ok",+AG59) -> 135 | AM59: =IF(ISNUMBER(AK59),IF(AK59=AL59,"ok",AK59-AL59),"") -> ok | AN59: 42280 | AQ59: =IF(T59="rappel",TODAY()-Q59,".") -> . | AR59: =IF(W59="rappel",TODAY()-Q59,".") -> . | AS59: =IF(W59="rappel",TODAY()-S59,".") -> .
A60: 42286 | B60: =IF(C60=".","",IF(ISTEXT(C60),IF(C60=C59,B59+1,1),"")) -> 1 | C60: GRC | D60: 101046 | E60: Lombardo-Célia | G60: F | H60: rue du Rond Point 7 | I60: 4420 | J60: St Nicolas | K60: 38946 | L60: Belge | N60: 0476/46 43 31 M | O60: pippo.lombardo@hotmail.com | P60: 79/o | Q60: 42249 | R60: 35 | S60: 42286 | T60: =IF(Q60,IF(ISNUMBER(S60),"OK",IF(Q60+8<TODAY(),"rappel","encour")),"-") -> OK | U60: =IF(ISERROR(VLOOKUP(C60,cotisation15_16,4,FALSE)),".",VLOOKUP(C60,cotisation15_16,4,FALSE)) -> 100 | W60: =IF(ISNUMBER(U60),IF(ISNUMBER(V60),"OK",IF(Q60+15<TODAY(),"rappel","encour")),"-") -> rappel | Z60: =IF(X60,IF(ISNUMBER(Y60),"OK",IF(X$1<TODAY(),"rappel","encour")),"-") -> - | AC60: =IF(AA60,IF(ISNUMBER(AB60),"OK",IF(AA$1<TODAY(),"rappel","encour")),"-") -> - | AF60: =IF(AD60,IF(ISNUMBER(AE60),"OK",IF(AD$1<TODAY(),"rappel","encour")),"-") -> - | AI60: =IF(AG60,IF(ISNUMBER(AH60),"OK",IF(AG$1<TODAY(),"rappel","encour")),"-") -> - | AK60: =IF(OR(ISNUMBER(U60),ISNUMBER(X60),ISNUMBER(AA60),ISNUMBER(AD60),ISNUMBER(AG60)),+R60+U60+X60+AA60+AD60+AG60,"") -> 135 | AL60: =IF(Q60,IF(T60="ok",+R60)+IF(W60="ok",+U60)+IF(Z60="ok",+X60)+IF(AC60="ok",+AA60)+IF(AF60="ok",+AD60)+IF(AI60="ok",+AG60),"-") -> 35 | AM60: =IF(ISNUMBER(AK60),IF(AK60=AL60,"ok",AK60-AL60),"") -> 100 | AN60: 42282 | AQ60: =IF(T60="rappel",TODAY()-Q60,".") -> . | AR60: =IF(W60="rappel",TODAY()-Q60-14,".") -> 27
A61: 42269 | B61: =IF(C61=".","",IF(ISTEXT(C61),IF(C61=C60,B60+1,1),"")) -> 1 | C61: GRB | D61: 101047 | E61: Chammache-Yassmine | F61: GRI | G61: F | H61: rue Ferdinant Nicolay 52/B | I61: 4000 | J61: Liege | K61: 38757 | L61: Belge | N61: 0487/72 16 08 M | O61: nayass_anas@hotmail.com | P61: 110/o | Q61: 42256 | R61: =IF(ISERROR(VLOOKUP(C61,cotisation15_16,3,FALSE)),".",VLOOKUP(C61,cotisation15_16,3,FALSE)) -> 35 | S61: 42268 | T61: =IF(Q61,IF(ISNUMBER(S61),"OK",IF(Q61+8<TODAY(),"rappel","encour")),"-") -> OK | U61: =IF(ISERROR(VLOOKUP(C61,cotisation15_16,4,FALSE)),".",VLOOKUP(C61,cotisation15_16,4,FALSE)) -> 130 | V61: 42268 | W61: =IF(ISNUMBER(U61),IF(ISNUMBER(V61),"OK",IF(Q61+15<TODAY(),"rappel","encour")),"-") -> OK | Z61: =IF(X61,IF(ISNUMBER(Y61),"OK",IF(X$1<TODAY(),"rappel","encour")),"-") -> - | AC61: =IF(AA61,IF(ISNUMBER(AB61),"OK",IF(AA$1<TODAY(),"rappel","encour")),"-") -> - | AF61: =IF(AD61,IF(ISNUMBER(AE61),"OK",IF(AD$1<TODAY(),"rappel","encour")),"-") -> - | AI61: =IF(AG61,IF(ISNUMBER(AH61),"OK",IF(AG$1<TODAY(),"rappel","encour")),"-") -> - | AK61: =IF(OR(ISNUMBER(U61),ISNUMBER(X61),ISNUMBER(AA61),ISNUMBER(AD61),ISNUMBER(AG61)),+R61+U61+X61+AA61+AD61+AG61,"") -> 165 | AL61: =IF(T61="ok",+R61)+IF(W61="ok",+U61)+IF(Z61="ok",+X61)+IF(AC61="ok",+AA61)+IF(AF61="ok",+AD61)+IF(AI61="ok",+AG61) -> 165 | AM61: =IF(ISNUMBER(AK61),IF(AK61=AL61,"ok",AK61-AL61),"") -> ok | AN61: 42267 | AQ61: =IF(T61="rappel",TODAY()-Q61,".") -> . | AR61: =IF(W61="rappel",TODAY()-Q61,".") -> . | AS61: =IF(W61="rappel",TODAY()-S61,".") -> .
A62: 42269 | B62: =IF(C62=".","",IF(ISTEXT(C62),IF(C62=C61,B61+1,1),"")) -> 1 | C62: GRI | D62: 101047 | E62: Chammache-Yassmine | F62: GRB | G62: F | H62: rue Ferdinant Nicolay 52/B | I62: 4000 | J62: Liege | K62: 38757 | L62: Belge | N62: 0487/72 16 08 M | O62: nayass_anas@hotmail.com | P62: 110/o | Q62: 42260 | R62: 0 | S62: 42268 | T62: =IF(Q62,IF(ISNUMBER(S62),"OK",IF(Q62+8<TODAY(),"rappel","encour")),"-") -> OK | U62: 35 | V62: 42268 | W62: =IF(ISNUMBER(U62),IF(ISNUMBER(V62),"OK",IF(Q62+15<TODAY(),"rappel","encour")),"-") -> OK | X62: 80 | Y62: 42283 | Z62: =IF(X62,IF(ISNUMBER(Y62),"OK",IF(X$1<TODAY(),"rappel","encour")),"-") -> OK | AA62: 85 | AC62: =IF(AA62,IF(ISNUMBER(AB62),"OK",IF(AA$1<TODAY(),"rappel","encour")),"-") -> encour | AF62: =IF(AD62,IF(ISNUMBER(AE62),"OK",IF(AD$1<TODAY(),"rappel","encour")),"-") -> - | AI62: =IF(AG62,IF(ISNUMBER(AH62),"OK",IF(AG$1<TODAY(),"rappel","encour")),"-") -> - | AK62: =IF(OR(ISNUMBER(U62),ISNUMBER(X62),ISNUMBER(AA62),ISNUMBER(AD62),ISNUMBER(AG62)),+R62+U62+X62+AA62+AD62+AG62,"") -> 200 | AL62: =IF(T62="ok",+R62)+IF(W62="ok",+U62)+IF(Z62="ok",+X62)+IF(AC62="ok",+AA62)+IF(AF62="ok",+AD62)+IF(AI62="ok",+AG62) -> 115 | AM62: =IF(ISNUMBER(AK62),IF(AK62=AL62,"ok",AK62-AL62),"") -> 85 | AN62: 42267 | AQ62: =IF(T62="rappel",TODAY()-Q62,".") -> . | AR62: =IF(W62="rappel",TODAY()-Q62,".") -> . | AS62: =IF(W62="rappel",TODAY()-S62,".") -> .
A63: 42273 | B63: =IF(C63=".","",IF(ISTEXT(C63),IF(C63=C62,B62+1,1),"")) -> 1 | C63: GRC | D63: 102574 | E63: Paulus-Elana | G63: F | H63: rue Frédéric Braconier 31 | I63: 4420 | J63: St Nicolas | K63: 40499 | L63: Belge | N63: 0494/21 42 56 M | O63: laurencemaquet@hotmail.com | P63: 156/o | Q63: 42264 | R63: =IF(ISERROR(VLOOKUP(C63,cotisation15_16,3,FALSE)),".",VLOOKUP(C63,cotisation15_16,3,FALSE)) -> 35 | S63: 42271 | T63: =IF(Q63,IF(ISNUMBER(S63),"OK",IF(Q63+8<TODAY(),"rappel","encour")),"-") -> OK | U63: =IF(ISERROR(VLOOKUP(C63,cotisation15_16,4,FALSE)),".",VLOOKUP(C63,cotisation15_16,4,FALSE)) -> 100 | W63: =IF(ISNUMBER(U63),IF(ISNUMBER(V63),"OK",IF(Q63+15<TODAY(),"rappel","encour")),"-") -> rappel | Z63: =IF(X63,IF(ISNUMBER(Y63),"OK",IF(X$1<TODAY(),"rappel","encour")),"-") -> - | AC63: =IF(AA63,IF(ISNUMBER(AB63),"OK",IF(AA$1<TODAY(),"rappel","encour")),"-") -> - | AF63: =IF(AD63,IF(ISNUMBER(AE63),"OK",IF(AD$1<TODAY(),"rappel","encour")),"-") -> - | AI63: =IF(AG63,IF(ISNUMBER(AH63),"OK",IF(AG$1<TODAY(),"rappel","encour")),"-") -> - | AK63: =IF(OR(ISNUMBER(U63),ISNUMBER(X63),ISNUMBER(AA63),ISNUMBER(AD63),ISNUMBER(AG63)),+R63+U63+X63+AA63+AD63+AG63,"") -> 135 | AL63: =IF(Q63,IF(T63="ok",+R63)+IF(W63="ok",+U63)+IF(Z63="ok",+X63)+IF(AC63="ok",+AA63)+IF(AF63="ok",+AD63)+IF(AI63="ok",+AG63),"-") -> 35 | AM63: =IF(ISNUMBER(AK63),IF(AK63=AL63,"ok",AK63-AL63),"") -> 100 | AQ63: =IF(T63="rappel",TODAY()-Q63,".") -> . | AR63: =IF(W63="rappel",TODAY()-Q63-14,".") -> 12 | AS63: =IF(W63="rappel",TODAY()-S63,".") -> 19
A64: 42262 | B64: =IF(C64=".","",IF(ISTEXT(C64),IF(C64=C63,B63+1,1),"")) -> 1 | C64: GRE | D64: 103776 | E64: Herman-Léa | G64: F | H64: rue Baltus 47 | I64: 4420 | J64: St Nicolas | K64: 36832 | L64: Belge | M64: 042/52 25 46 | N64: 0497/24 06 76 0495/94 56 10 M 0495/65 68 92 P | O64: mfallea@skynet.be | P64: 118/o | Q64: 42251 | R64: 35 | S64: 42262 | T64: =IF(Q64,IF(ISNUMBER(S64),"OK",IF(Q64+8<TODAY(),"rappel","encour")),"-") -> OK | U64: 115 | V64: 42262 | W64: =IF(ISNUMBER(U64),IF(ISNUMBER(V64),"OK",IF(Q64+15<TODAY(),"rappel","encour")),"-") -> OK | X64: 35 | Y64: 42261 | Z64: =IF(X64,IF(ISNUMBER(Y64),"OK",IF(X$1<TODAY(),"rappel","encour")),"-") -> OK | AC64: =IF(AA64,IF(ISNUMBER(AB64),"OK",IF(AA$1<TODAY(),"rappel","encour")),"-") -> - | AF64: =IF(AD64,IF(ISNUMBER(AE64),"OK",IF(AD$1<TODAY(),"rappel","encour")),"-") -> - | AI64: =IF(AG64,IF(ISNUMBER(AH64),"OK",IF(AG$1<TODAY(),"rappel","encour")),"-") -> - | AK64: =IF(OR(ISNUMBER(U64),ISNUMBER(X64),ISNUMBER(AA64),ISNUMBER(AD64),ISNUMBER(AG64)),+R64+U64+X64+AA64+AD64+AG64,"") -> 185 | AL64: =IF(T64="ok",+R64)+IF(W64="ok",+U64)+IF(Z64="ok",+X64)+IF(AC64="ok",+AA64)+IF(AF64="ok",+AD64)+IF(AI64="ok",+AG64) -> 185 | AM64: =IF(ISNUMBER(AK64),IF(AK64=AL64,"ok",AK64-AL64),"") -> ok | AQ64: =IF(T64="rappel",TODAY()-Q64,".") -> . | AR64: =IF(W64="rappel",TODAY()-Q64,".") -> . | AS64: =IF(W64="rappel",TODAY()-S64,".") -> .
A65: 42255 | B65: =IF(C65=".","",IF(ISTEXT(C65),IF(C65=C64,B64+1,1),"")) -> 1 | C65: EDam | D65: 104336 | E65: Legrand-Antoinette | G65: F | H65: rue basse Henne 57 | I65: 4051 | J65: vaux s/chèvremont | K65: 18778 | L65: Belge | M65: 043/676848 | N65: 0499/742834 | O65: dubleg9@hotmail.com | P65: 119/o | Q65: 42248 | R65: =IF(ISERROR(VLOOKUP(C65,cotisation15_16,3,FALSE)),".",VLOOKUP(C65,cotisation15_16,3,FALSE)) -> 35 | S65: 42248 | T65: =IF(Q65,IF(ISNUMBER(S65),"OK",IF(Q65+8<TODAY(),"rappel","encour")),"-") -> OK | U65: =IF(ISERROR(VLOOKUP(C65,cotisation15_16,4,FALSE)),".",VLOOKUP(C65,cotisation15_16,4,FALSE)) -> 100 | V65: 42248 | W65: =IF(ISNUMBER(U65),IF(ISNUMBER(V65),"OK",IF(Q65+15<TODAY(),"rappel","encour")),"-") -> OK | Z65: =IF(X65,IF(ISNUMBER(Y65),"OK",IF(X$1<TODAY(),"rappel","encour")),"-") -> - | AC65: =IF(AA65,IF(ISNUMBER(AB65),"OK",IF(AA$1<TODAY(),"rappel","encour")),"-") -> - | AF65: =IF(AD65,IF(ISNUMBER(AE65),"OK",IF(AD$1<TODAY(),"rappel","encour")),"-") -> - | AI65: =IF(AG65,IF(ISNUMBER(AH65),"OK",IF(AG$1<TODAY(),"rappel","encour")),"-") -> - | AK65: =IF(OR(ISNUMBER(U65),ISNUMBER(X65),ISNUMBER(AA65),ISNUMBER(AD65),ISNUMBER(AG65)),+R65+U65+X65+AA65+AD65+AG65,"") -> 135 | AL65: =IF(T65="ok",+R65)+IF(W65="ok",+U65)+IF(Z65="ok",+X65)+IF(AC65="ok",+AA65)+IF(AF65="ok",+AD65)+IF(AI65="ok",+AG65) -> 135 | AM65: =IF(ISNUMBER(AK65),IF(AK65=AL65,"ok",AK65-AL65),"") -> ok | AQ65: =IF(T65="rappel",TODAY()-Q65,".") -> . | AR65: =IF(W65="rappel",TODAY()-Q65,".") -> . | AS65: =IF(W65="rappel",TODAY()-S65,".") -> .
A66: 42268 | B66: =IF(C66=".","",IF(ISTEXT(C66),IF(C66=C65,B65+1,1),"")) -> 1 | C66: GRA | D66: 106496 | E66: Papeliers-Clémence | G66: F | H66: rue de Noville 27 | I66: 4347 | J66: Fexhe le Haut Clocher | K66: 38753 | L66: Belge | N66: 0475/30 53 30 | O66: sandrine.bxl@gmail.com | P66: 126/o | Q66: 42249 | R66: 35 | S66: 42268 | T66: =IF(Q66,IF(ISNUMBER(S66),"OK",IF(Q66+8<TODAY(),"rappel","encour")),"-") -> OK | U66: =IF(ISERROR(VLOOKUP(C66,cotisation15_16,4,FALSE)),".",VLOOKUP(C66,cotisation15_16,4,FALSE)) -> 100 | V66: 42268 | W66: =IF(ISNUMBER(U66),IF(ISNUMBER(V66),"OK",IF(Q66+15<TODAY(),"rappel","encour")),"-") -> OK | Z66: =IF(X66,IF(ISNUMBER(Y66),"OK",IF(X$1<TODAY(),"rappel","encour")),"-") -> - | AC66: =IF(AA66,IF(ISNUMBER(AB66),"OK",IF(AA$1<TODAY(),"rappel","encour")),"-") -> - | AF66: =IF(AD66,IF(ISNUMBER(AE66),"OK",IF(AD$1<TODAY(),"rappel","encour")),"-") -> - | AI66: =IF(AG66,IF(ISNUMBER(AH66),"OK",IF(AG$1<TODAY(),"rappel","encour")),"-") -> - | AK66: =IF(OR(ISNUMBER(U66),ISNUMBER(X66),ISNUMBER(AA66),ISNUMBER(AD66),ISNUMBER(AG66)),+R66+U66+X66+AA66+AD66+AG66,"") -> 135 | AL66: =IF(T66="ok",+R66)+IF(W66="ok",+U66)+IF(Z66="ok",+X66)+IF(AC66="ok",+AA66)+IF(AF66="ok",+AD66)+IF(AI66="ok",+AG66) -> 135 | AM66: =IF(ISNUMBER(AK66),IF(AK66=AL66,"ok",AK66-AL66),"") -> ok | AN66: 42267 | AQ66: =IF(T66="rappel",TODAY()-Q66,".") -> . | AR66: =IF(W66="rappel",TODAY()-Q66,".") -> . | AS66: =IF(W66="rappel",TODAY()-S66,".") -> .
A67: 42263 | B67: =IF(C67=".","",IF(ISTEXT(C67),IF(C67=C66,B66+1,1),"")) -> 1 | C67: EDam | D67: 107691 | E67: Zattolo-Giovanna | G67: F | H67: rue Gilles Galler 79 | I67: 4000 | J67: Sclessin | K67: 22775 | L67: Belge | N67: 0498/19 44 16 | O67: moa_c_moa33@hotmail.com | P67: 121/o | Q67: 42250 | R67: 35 | S67: 42263 | T67: =IF(Q67,IF(ISNUMBER(S67),"OK",IF(Q67+8<TODAY(),"rappel","encour")),"-") -> OK | U67: 35 | V67: 42263 | W67: =IF(ISNUMBER(U67),IF(ISNUMBER(V67),"OK",IF(Q67+15<TODAY(),"rappel","encour")),"-") -> OK | X67: 30 | Z67: =IF(X67,IF(ISNUMBER(Y67),"OK",IF(X$1<TODAY(),"rappel","encour")),"-") -> encour | AA67: 35 | AC67: =IF(AA67,IF(ISNUMBER(AB67),"OK",IF(AA$1<TODAY(),"rappel","encour")),"-") -> encour | AF67: =IF(AD67,IF(ISNUMBER(AE67),"OK",IF(AD$1<TODAY(),"rappel","encour")),"-") -> - | AI67: =IF(AG67,IF(ISNUMBER(AH67),"OK",IF(AG$1<TODAY(),"rappel","encour")),"-") -> - | AK67: =IF(OR(ISNUMBER(U67),ISNUMBER(X67),ISNUMBER(AA67),ISNUMBER(AD67),ISNUMBER(AG67)),+R67+U67+X67+AA67+AD67+AG67,"") -> 135 | AL67: =IF(Q67,IF(T67="ok",+R67)+IF(W67="ok",+U67)+IF(Z67="ok",+X67)+IF(AC67="ok",+AA67)+IF(AF67="ok",+AD67)+IF(AI67="ok",+AG67),"-") -> 70 | AM67: =IF(ISNUMBER(AK67),IF(AK67=AL67,"ok",AK67-AL67),"") -> 65 | AQ67: =IF(T67="rappel",TODAY()-Q67,".") -> . | AR67: =IF(W67="rappel",TODAY()-Q67,".") -> . | AS67: =IF(W67="rappel",TODAY()-S67,".") -> .
A68: 42260 | B68: =IF(C68=".","",IF(ISTEXT(C68),IF(C68=C67,B67+1,1),"")) -> 2 | C68: EDam | D68: 107695 | E68: Coppola-Melina | G68: F | H68: rue Grimberieux 6 | I68: 4420 | J68: St Nicolas | K68: 24472 | L68: Belge | M68: 04/269 43 83 | N68: 0499/08 77 02 | P68: 136/o | Q68: 42257 | R68: =IF(ISERROR(VLOOKUP(C68,cotisation15_16,3,FALSE)),".",VLOOKUP(C68,cotisation15_16,3,FALSE)) -> 35 | S68: 42257 | T68: =IF(Q68,IF(ISNUMBER(S68),"OK",IF(Q68+8<TODAY(),"rappel","encour")),"-") -> OK | U68: 65 | V68: 42257 | W68: =IF(ISNUMBER(U68),IF(ISNUMBER(V68),"OK",IF(Q68+15<TODAY(),"rappel","encour")),"-") -> OK | X68: 35 | Y68: 42285 | Z68: =IF(X68,IF(ISNUMBER(Y68),"OK",IF(X$1<TODAY(),"rappel","encour")),"-") -> OK | AC68: =IF(AA68,IF(ISNUMBER(AB68),"OK",IF(AA$1<TODAY(),"rappel","encour")),"-") -> - | AF68: =IF(AD68,IF(ISNUMBER(AE68),"OK",IF(AD$1<TODAY(),"rappel","encour")),"-") -> - | AI68: =IF(AG68,IF(ISNUMBER(AH68),"OK",IF(AG$1<TODAY(),"rappel","encour")),"-") -> - | AK68: =IF(OR(ISNUMBER(U68),ISNUMBER(X68),ISNUMBER(AA68),ISNUMBER(AD68),ISNUMBER(AG68)),+R68+U68+X68+AA68+AD68+AG68,"") -> 135 | AL68: =IF(T68="ok",+R68)+IF(W68="ok",+U68)+IF(Z68="ok",+X68)+IF(AC68="ok",+AA68)+IF(AF68="ok",+AD68)+IF(AI68="ok",+AG68) -> 135 | AM68: =IF(ISNUMBER(AK68),IF(AK68=AL68,"ok",AK68-AL68),"") -> ok | AQ68: =IF(T68="rappel",TODAY()-Q68,".") -> . | AR68: =IF(W68="rappel",TODAY()-Q68,".") -> . | AS68: =IF(W68="rappel",TODAY()-S68,".") -> .
A69: 42260 | B69: =IF(C69=".","",IF(ISTEXT(C69),IF(C69=C68,B68+1,1),"")) -> 3 | C69: EDam | D69: 107697 | E69: Di Martile-Vanda | G69: F | H69: Av Francois Van Belle 103 | I69: 4420 | J69: St Nicolas | K69: 20621 | L69: Belge | M69: 04/235 64 77 | N69: 0495/15 60 60 | P69: 139/o | Q69: 42255 | R69: =IF(ISERROR(VLOOKUP(C69,cotisation15_16,3,FALSE)),".",VLOOKUP(C69,cotisation15_16,3,FALSE)) -> 35 | S69: 42255 | T69: =IF(Q69,IF(ISNUMBER(S69),"OK",IF(Q69+8<TODAY(),"rappel","encour")),"-") -> OK | U69: =IF(ISERROR(VLOOKUP(C69,cotisation15_16,4,FALSE)),".",VLOOKUP(C69,cotisation15_16,4,FALSE)) -> 100 | V69: 42255 | W69: =IF(ISNUMBER(U69),IF(ISNUMBER(V69),"OK",IF(Q69+15<TODAY(),"rappel","encour")),"-") -> OK | Z69: =IF(X69,IF(ISNUMBER(Y69),"OK",IF(X$1<TODAY(),"rappel","encour")),"-") -> - | AC69: =IF(AA69,IF(ISNUMBER(AB69),"OK",IF(AA$1<TODAY(),"rappel","encour")),"-") -> - | AF69: =IF(AD69,IF(ISNUMBER(AE69),"OK",IF(AD$1<TODAY(),"rappel","encour")),"-") -> - | AI69: =IF(AG69,IF(ISNUMBER(AH69),"OK",IF(AG$1<TODAY(),"rappel","encour")),"-") -> - | AK69: =IF(OR(ISNUMBER(U69),ISNUMBER(X69),ISNUMBER(AA69),ISNUMBER(AD69),ISNUMBER(AG69)),+R69+U69+X69+AA69+AD69+AG69,"") -> 135 | AL69: =IF(T69="ok",+R69)+IF(W69="ok",+U69)+IF(Z69="ok",+X69)+IF(AC69="ok",+AA69)+IF(AF69="ok",+AD69)+IF(AI69="ok",+AG69) -> 135 | AM69: =IF(ISNUMBER(AK69),IF(AK69=AL69,"ok",AK69-AL69),"") -> ok | AQ69: =IF(T69="rappel",TODAY()-Q69,".") -> . | AR69: =IF(W69="rappel",TODAY()-Q69,".") -> . | AS69: =IF(W69="rappel",TODAY()-S69,".") -> .
A70: 42260 | B70: =IF(C70=".","",IF(ISTEXT(C70),IF(C70=C69,B69+1,1),"")) -> 4 | C70: EDam | D70: 107699 | E70: Sperandeo-Giuseppina | G70: F | H70: rue Horloz 97 | I70: 4420 | J70: St Nicolas | K70: 29512 | L70: Ital | N70: 0491/50 28 09 | P70: 137/o | Q70: 42255 | R70: 35 | S70: 42255 | T70: =IF(Q70,IF(ISNUMBER(S70),"OK",IF(Q70+8<TODAY(),"rappel","encour")),"-") -> OK | W70: =IF(ISNUMBER(U70),IF(ISNUMBER(V70),"OK",IF(Q70+15<TODAY(),"rappel","encour")),"-") -> - | X70: 100 | Y70: 42285 | Z70: =IF(X70,IF(ISNUMBER(Y70),"OK",IF(X$1<TODAY(),"rappel","encour")),"-") -> OK | AC70: =IF(AA70,IF(ISNUMBER(AB70),"OK",IF(AA$1<TODAY(),"rappel","encour")),"-") -> - | AF70: =IF(AD70,IF(ISNUMBER(AE70),"OK",IF(AD$1<TODAY(),"rappel","encour")),"-") -> - | AI70: =IF(AG70,IF(ISNUMBER(AH70),"OK",IF(AG$1<TODAY(),"rappel","encour")),"-") -> - | AK70: =IF(OR(ISNUMBER(U70),ISNUMBER(X70),ISNUMBER(AA70),ISNUMBER(AD70),ISNUMBER(AG70)),+R70+U70+X70+AA70+AD70+AG70,"") -> 135 | AL70: =IF(T70="ok",+R70)+IF(W70="ok",+U70)+IF(Z70="ok",+X70)+IF(AC70="ok",+AA70)+IF(AF70="ok",+AD70)+IF(AI70="ok",+AG70) -> 135 | AM70: =IF(ISNUMBER(AK70),IF(AK70=AL70,"ok",AK70-AL70),"") -> ok | AQ70: =IF(T70="rappel",TODAY()-Q70,".") -> . | AR70: =IF(W70="rappel",TODAY()-Q70,".") -> . | AS70: =IF(W70="rappel",TODAY()-S70,".") -> .
A71: 42264 | B71: =IF(C71=".","",IF(ISTEXT(C71),IF(C71=C70,B70+1,1),"")) -> 1 | C71: GRB | D71: 108354 | E71: Caltabellotta-Eva | G71: F | H71: Les Frondaisons 1 | I71: 4400 | J71: Mons lez Liège | K71: 37343 | L71: Belge | M71: 04/265 58 27 | N71: 0485/ 89 33 52 | O71: giabitelli@hotmail.com | P71: 144/o | Q71: 42256 | R71: 35 | S71: 42264 | T71: =IF(Q71,IF(ISNUMBER(S71),"OK",IF(Q71+8<TODAY(),"rappel","encour")),"-") -> OK | U71: 100 | V71: 42264 | W71: =IF(ISNUMBER(U71),IF(ISNUMBER(V71),"OK",IF(Q71+15<TODAY(),"rappel","encour")),"-") -> OK | X71: 30 | Z71: =IF(X71,IF(ISNUMBER(Y71),"OK",IF(X$1<TODAY(),"rappel","encour")),"-") -> encour | AC71: =IF(AA71,IF(ISNUMBER(AB71),"OK",IF(AA$1<TODAY(),"rappel","encour")),"-") -> - | AF71: =IF(AD71,IF(ISNUMBER(AE71),"OK",IF(AD$1<TODAY(),"rappel","encour")),"-") -> - | AI71: =IF(AG71,IF(ISNUMBER(AH71),"OK",IF(AG$1<TODAY(),"rappel","encour")),"-") -> - | AK71: =IF(OR(ISNUMBER(U71),ISNUMBER(X71),ISNUMBER(AA71),ISNUMBER(AD71),ISNUMBER(AG71)),+R71+U71+X71+AA71+AD71+AG71,"") -> 165 | AL71: =IF(T71="ok",+R71)+IF(W71="ok",+U71)+IF(Z71="ok",+X71)+IF(AC71="ok",+AA71)+IF(AF71="ok",+AD71)+IF(AI71="ok",+AG71) -> 135 | AM71: =IF(ISNUMBER(AK71),IF(AK71=AL71,"ok",AK71-AL71),"") -> 30 | AQ71: =IF(T71="rappel",TODAY()-Q71,".") -> . | AR71: =IF(W71="rappel",TODAY()-Q71,".") -> . | AS71: =IF(W71="rappel",TODAY()-S71,".") -> .
A72: 42264 | B72: =IF(C72=".","",IF(ISTEXT(C72),IF(C72=C71,B71+1,1),"")) -> 2 | C72: GRB | D72: 108355 | E72: Caltabellotta-Lola | G72: F | H72: Les Frondaisons 1 | I72: 4400 | J72: Mons lez Liège | K72: 38110 | L72: Belge | M72: 04/265 58 27 | N72: 0485/ 89 33 52 | O72: giabitelli@hotmail.com | P72: 145/o | Q72: 42256 | R72: 35 | S72: 42264 | T72: =IF(Q72,IF(ISNUMBER(S72),"OK",IF(Q72+8<TODAY(),"rappel","encour")),"-") -> OK | U72: 100 | V72: 42264 | W72: =IF(ISNUMBER(U72),IF(ISNUMBER(V72),"OK",IF(Q72+15<TODAY(),"rappel","encour")),"-") -> OK | X72: 30 | Z72: =IF(X72,IF(ISNUMBER(Y72),"OK",IF(X$1<TODAY(),"rappel","encour")),"-") -> encour | AC72: =IF(AA72,IF(ISNUMBER(AB72),"OK",IF(AA$1<TODAY(),"rappel","encour")),"-") -> - | AF72: =IF(AD72,IF(ISNUMBER(AE72),"OK",IF(AD$1<TODAY(),"rappel","encour")),"-") -> - | AI72: =IF(AG72,IF(ISNUMBER(AH72),"OK",IF(AG$1<TODAY(),"rappel","encour")),"-") -> - | AK72: =IF(OR(ISNUMBER(U72),ISNUMBER(X72),ISNUMBER(AA72),ISNUMBER(AD72),ISNUMBER(AG72)),+R72+U72+X72+AA72+AD72+AG72,"") -> 165 | AL72: =IF(T72="ok",+R72)+IF(W72="ok",+U72)+IF(Z72="ok",+X72)+IF(AC72="ok",+AA72)+IF(AF72="ok",+AD72)+IF(AI72="ok",+AG72) -> 135 | AM72: =IF(ISNUMBER(AK72),IF(AK72=AL72,"ok",AK72-AL72),"") -> 30 | AQ72: =IF(T72="rappel",TODAY()-Q72,".") -> . | AR72: =IF(W72="rappel",TODAY()-Q72,".") -> . | AS72: =IF(W72="rappel",TODAY()-S72,".") -> .
A73: 42266 | B73: =IF(C73=".","",IF(ISTEXT(C73),IF(C73=C72,B72+1,1),"")) -> 1 | C73: GRC | D73: 108356 | E73: Donato-lily | G73: F | H73: Clos des Cotiresses 22 | I73: 4041 | J73: Vottem | K73: 38931 | L73: Belge | M73: 04/358 78 89 | N73: 0497/39 54 64 P | O73: geoffroydonato@gmail.com | P73: 147/o | Q73: 42257 | R73: 35 | S73: 42264 | T73: =IF(Q73,IF(ISNUMBER(S73),"OK",IF(Q73+8<TODAY(),"rappel","encour")),"-") -> OK | U73: =IF(ISERROR(VLOOKUP(C73,cotisation15_16,4,FALSE)),".",VLOOKUP(C73,cotisation15_16,4,FALSE)) -> 100 | V73: 42264 | W73: =IF(ISNUMBER(U73),IF(ISNUMBER(V73),"OK",IF(Q73+15<TODAY(),"rappel","encour")),"-") -> OK | Z73: =IF(X73,IF(ISNUMBER(Y73),"OK",IF(X$1<TODAY(),"rappel","encour")),"-") -> - | AC73: =IF(AA73,IF(ISNUMBER(AB73),"OK",IF(AA$1<TODAY(),"rappel","encour")),"-") -> - | AF73: =IF(AD73,IF(ISNUMBER(AE73),"OK",IF(AD$1<TODAY(),"rappel","encour")),"-") -> - | AI73: =IF(AG73,IF(ISNUMBER(AH73),"OK",IF(AG$1<TODAY(),"rappel","encour")),"-") -> - | AK73: =IF(OR(ISNUMBER(U73),ISNUMBER(X73),ISNUMBER(AA73),ISNUMBER(AD73),ISNUMBER(AG73)),+R73+U73+X73+AA73+AD73+AG73,"") -> 135 | AL73: =IF(T73="ok",+R73)+IF(W73="ok",+U73)+IF(Z73="ok",+X73)+IF(AC73="ok",+AA73)+IF(AF73="ok",+AD73)+IF(AI73="ok",+AG73) -> 135 | AM73: =IF(ISNUMBER(AK73),IF(AK73=AL73,"ok",AK73-AL73),"") -> ok | AQ73: =IF(T73="rappel",TODAY()-Q73,".") -> . | AR73: =IF(W73="rappel",TODAY()-Q73,".") -> . | AS73: =IF(W73="rappel",TODAY()-S73,".") -> .
A74: 42273 | B74: =IF(C74=".","",IF(ISTEXT(C74),IF(C74=C73,B73+1,1),"")) -> 1 | C74: GRA | D74: 109282 | E74: Katambowe-Ruth-Claude | G74: F | H74: rue Malaise 5/12 | I74: 4420 | J74: St Nicolas | K74: 38955 | L74: Belge | M74: 04/233 98 19 | N74: 0492/49 34 27 0498/ 88 82 39 M | O74: yollandemayamba@gmail.com | P74: 159/o | Q74: 42256 | R74: 35 | S74: 42263 | T74: =IF(Q74,IF(ISNUMBER(S74),"OK",IF(Q74+8<TODAY(),"rappel","encour")),"-") -> OK | U74: 35 | V74: 42263 | W74: =IF(ISNUMBER(U74),IF(ISNUMBER(V74),"OK",IF(Q74+15<TODAY(),"rappel","encour")),"-") -> OK | X74: 65 | Z74: =IF(X74,IF(ISNUMBER(Y74),"OK",IF(X$1<TODAY(),"rappel","encour")),"-") -> encour | AC74: =IF(AA74,IF(ISNUMBER(AB74),"OK",IF(AA$1<TODAY(),"rappel","encour")),"-") -> - | AF74: =IF(AD74,IF(ISNUMBER(AE74),"OK",IF(AD$1<TODAY(),"rappel","encour")),"-") -> - | AI74: =IF(AG74,IF(ISNUMBER(AH74),"OK",IF(AG$1<TODAY(),"rappel","encour")),"-") -> - | AK74: =IF(OR(ISNUMBER(U74),ISNUMBER(X74),ISNUMBER(AA74),ISNUMBER(AD74),ISNUMBER(AG74)),+R74+U74+X74+AA74+AD74+AG74,"") -> 135 | AL74: =IF(T74="ok",+R74)+IF(W74="ok",+U74)+IF(Z74="ok",+X74)+IF(AC74="ok",+AA74)+IF(AF74="ok",+AD74)+IF(AI74="ok",+AG74) -> 70 | AM74: =IF(ISNUMBER(AK74),IF(AK74=AL74,"ok",AK74-AL74),"") -> 65 | AQ74: =IF(T74="rappel",TODAY()-Q74,".") -> . | AR74: =IF(W74="rappel",TODAY()-Q74,".") -> . | AS74: =IF(W74="rappel",TODAY()-S74,".") -> .
A75: 42273 | B75: =IF(C75=".","",IF(ISTEXT(C75),IF(C75=C74,B74+1,1),"")) -> 1 | C75: GRC | D75: 109283 | E75: Addouche-Sophia | G75: F | H75: rue Piron 37 | I75: 4420 | J75: St Nicolas | K75: 38135 | L75: Belge | N75: 0465/63 19 32 M | O75: krause_angelique@hotmail.com | P75: 157/o | Q75: 42271 | R75: =IF(ISERROR(VLOOKUP(C75,cotisation15_16,3,FALSE)),".",VLOOKUP(C75,cotisation15_16,3,FALSE)) -> 35 | S75: 42271 | T75: =IF(Q75,IF(ISNUMBER(S75),"OK",IF(Q75+8<TODAY(),"rappel","encour")),"-") -> OK | W75: =IF(ISNUMBER(U75),IF(ISNUMBER(V75),"OK",IF(Q75+15<TODAY(),"rappel","encour")),"-") -> - | X75: 100 | Z75: =IF(X75,IF(ISNUMBER(Y75),"OK",IF(X$1<TODAY(),"rappel","encour")),"-") -> encour | AC75: =IF(AA75,IF(ISNUMBER(AB75),"OK",IF(AA$1<TODAY(),"rappel","encour")),"-") -> - | AF75: =IF(AD75,IF(ISNUMBER(AE75),"OK",IF(AD$1<TODAY(),"rappel","encour")),"-") -> - | AI75: =IF(AG75,IF(ISNUMBER(AH75),"OK",IF(AG$1<TODAY(),"rappel","encour")),"-") -> - | AK75: =IF(OR(ISNUMBER(U75),ISNUMBER(X75),ISNUMBER(AA75),ISNUMBER(AD75),ISNUMBER(AG75)),+R75+U75+X75+AA75+AD75+AG75,"") -> 135 | AL75: =IF(Q75,IF(T75="ok",+R75)+IF(W75="ok",+U75)+IF(Z75="ok",+X75)+IF(AC75="ok",+AA75)+IF(AF75="ok",+AD75)+IF(AI75="ok",+AG75),"-") -> 35 | AM75: =IF(ISNUMBER(AK75),IF(AK75=AL75,"ok",AK75-AL75),"") -> 100 | AQ75: =IF(T75="rappel",TODAY()-Q75,".") -> . | AR75: =IF(W75="rappel",TODAY()-Q75,".") -> . | AS75: =IF(W75="rappel",TODAY()-S75,".") -> .
A76: 42275 | B76: =IF(C76=".","",IF(ISTEXT(C76),IF(C76=C75,B75+1,1),"")) -> 1 | C76: GRA | D76: 109469 | E76: Moriello-Olivia | G76: F | H76: rue de la Chaîne 41 | I76: 4000 | J76: Liège | K76: 39154 | L76: Belge | N76: 0479/64 96 02 M 0476/59 28 47 P | O76: gabriel.moriello@gmail | P76: 176/o | Q76: 42256 | R76: 35 | S76: 42275 | T76: =IF(Q76,IF(ISNUMBER(S76),"OK",IF(Q76+8<TODAY(),"rappel","encour")),"-") -> OK | U76: =IF(ISERROR(VLOOKUP(C76,cotisation15_16,4,FALSE)),".",VLOOKUP(C76,cotisation15_16,4,FALSE)) -> 100 | V76: 42275 | W76: =IF(ISNUMBER(U76),IF(ISNUMBER(V76),"OK",IF(Q76+15<TODAY(),"rappel","encour")),"-") -> OK | Z76: =IF(X76,IF(ISNUMBER(Y76),"OK",IF(X$1<TODAY(),"rappel","encour")),"-") -> - | AC76: =IF(AA76,IF(ISNUMBER(AB76),"OK",IF(AA$1<TODAY(),"rappel","encour")),"-") -> - | AF76: =IF(AD76,IF(ISNUMBER(AE76),"OK",IF(AD$1<TODAY(),"rappel","encour")),"-") -> - | AI76: =IF(AG76,IF(ISNUMBER(AH76),"OK",IF(AG$1<TODAY(),"rappel","encour")),"-") -> - | AK76: =IF(OR(ISNUMBER(U76),ISNUMBER(X76),ISNUMBER(AA76),ISNUMBER(AD76),ISNUMBER(AG76)),+R76+U76+X76+AA76+AD76+AG76,"") -> 135 | AL76: =IF(T76="ok",+R76)+IF(W76="ok",+U76)+IF(Z76="ok",+X76)+IF(AC76="ok",+AA76)+IF(AF76="ok",+AD76)+IF(AI76="ok",+AG76) -> 135 | AM76: =IF(ISNUMBER(AK76),IF(AK76=AL76,"ok",AK76-AL76),"") -> ok | AN76: 42267 | AQ76: =IF(T76="rappel",TODAY()-Q76,".") -> . | AR76: =IF(W76="rappel",TODAY()-Q76,".") -> . | AS76: =IF(W76="rappel",TODAY()-S76,".") -> .
A77: 42270 | B77: =IF(C77=".","",IF(ISTEXT(C77),IF(C77=C76,B76+1,1),"")) -> 1 | C77: Psych | D77: 109470 | E77: Bodson-Elise | G77: F | H77: rue de Wallon 149 | I77: 4000 | J77: Liège | K77: 40533 | L77: Belge | N77: 0476/96 49 09 M | O77: chagosse@hotmail.com | P77: 151/o | Q77: 42261 | R77: 35 | S77: 42265 | T77: =IF(Q77,IF(ISNUMBER(S77),"OK",IF(Q77+8<TODAY(),"rappel","encour")),"-") -> OK | U77: =IF(ISERROR(VLOOKUP(C77,cotisation15_16,4,FALSE)),".",VLOOKUP(C77,cotisation15_16,4,FALSE)) -> 70 | V77: 42265 | W77: =IF(ISNUMBER(U77),IF(ISNUMBER(V77),"OK",IF(Q77+15<TODAY(),"rappel","encour")),"-") -> OK | Z77: =IF(X77,IF(ISNUMBER(Y77),"OK",IF(X$1<TODAY(),"rappel","encour")),"-") -> - | AC77: =IF(AA77,IF(ISNUMBER(AB77),"OK",IF(AA$1<TODAY(),"rappel","encour")),"-") -> - | AF77: =IF(AD77,IF(ISNUMBER(AE77),"OK",IF(AD$1<TODAY(),"rappel","encour")),"-") -> - | AI77: =IF(AG77,IF(ISNUMBER(AH77),"OK",IF(AG$1<TODAY(),"rappel","encour")),"-") -> - | AK77: =IF(OR(ISNUMBER(U77),ISNUMBER(X77),ISNUMBER(AA77),ISNUMBER(AD77),ISNUMBER(AG77)),+R77+U77+X77+AA77+AD77+AG77,"") -> 105 | AL77: =IF(T77="ok",+R77)+IF(W77="ok",+U77)+IF(Z77="ok",+X77)+IF(AC77="ok",+AA77)+IF(AF77="ok",+AD77)+IF(AI77="ok",+AG77) -> 105 | AM77: =IF(ISNUMBER(AK77),IF(AK77=AL77,"ok",AK77-AL77),"") -> ok | AQ77: =IF(T77="rappel",TODAY()-Q77,".") -> . | AR77: =IF(W77="rappel",TODAY()-Q77,".") -> .
A78: 42270 | B78: =IF(C78=".","",IF(ISTEXT(C78),IF(C78=C77,B77+1,1),"")) -> 2 | C78: Psych | D78: 109472 | E78: Bodson-Martin | G78: M | H78: rue de Wallon 149 | I78: 4000 | J78: Liège | K78: 41254 | L78: Belge | N78: 0476/96 49 09 M | O78: chagosse@hotmail.com | P78: 150/o | Q78: 42261 | R78: 35 | S78: 42265 | T78: =IF(Q78,IF(ISNUMBER(S78),"OK",IF(Q78+8<TODAY(),"rappel","encour")),"-") -> OK | U78: =IF(ISERROR(VLOOKUP(C78,cotisation15_16,4,FALSE)),".",VLOOKUP(C78,cotisation15_16,4,FALSE)) -> 70 | V78: 42265 | W78: =IF(ISNUMBER(U78),IF(ISNUMBER(V78),"OK",IF(Q78+15<TODAY(),"rappel","encour")),"-") -> OK | Z78: =IF(X78,IF(ISNUMBER(Y78),"OK",IF(X$1<TODAY(),"rappel","encour")),"-") -> - | AC78: =IF(AA78,IF(ISNUMBER(AB78),"OK",IF(AA$1<TODAY(),"rappel","encour")),"-") -> - | AF78: =IF(AD78,IF(ISNUMBER(AE78),"OK",IF(AD$1<TODAY(),"rappel","encour")),"-") -> - | AI78: =IF(AG78,IF(ISNUMBER(AH78),"OK",IF(AG$1<TODAY(),"rappel","encour")),"-") -> - | AK78: =IF(OR(ISNUMBER(U78),ISNUMBER(X78),ISNUMBER(AA78),ISNUMBER(AD78),ISNUMBER(AG78)),+R78+U78+X78+AA78+AD78+AG78,"") -> 105 | AL78: =IF(T78="ok",+R78)+IF(W78="ok",+U78)+IF(Z78="ok",+X78)+IF(AC78="ok",+AA78)+IF(AF78="ok",+AD78)+IF(AI78="ok",+AG78) -> 105 | AM78: =IF(ISNUMBER(AK78),IF(AK78=AL78,"ok",AK78-AL78),"") -> ok | AQ78: =IF(T78="rappel",TODAY()-Q78,".") -> . | AR78: =IF(W78="rappel",TODAY()-Q78,".") -> .
A79: 42270 | B79: =IF(C79=".","",IF(ISTEXT(C79),IF(C79=C78,B78+1,1),"")) -> 3 | C79: Psych | D79: 109473 | E79: Lo Presti-Ilario | G79: M | H79: rue du Centre 31 | I79: 4420 | J79: St Nicolas | K79: 41151 | L79: Belge | N79: 0495/65 47 87 M 0497/23 45 68 P | O79: gramme.gaelle@hotmail.com | Q79: 42261 | R79: 35 | S79: 42267 | T79: =IF(Q79,IF(ISNUMBER(S79),"OK",IF(Q79+8<TODAY(),"rappel","encour")),"-") -> OK | U79: =IF(ISERROR(VLOOKUP(C79,cotisation15_16,4,FALSE)),".",VLOOKUP(C79,cotisation15_16,4,FALSE)) -> 70 | V79: 42267 | W79: =IF(ISNUMBER(U79),IF(ISNUMBER(V79),"OK",IF(Q79+15<TODAY(),"rappel","encour")),"-") -> OK | Z79: =IF(X79,IF(ISNUMBER(Y79),"OK",IF(X$1<TODAY(),"rappel","encour")),"-") -> - | AC79: =IF(AA79,IF(ISNUMBER(AB79),"OK",IF(AA$1<TODAY(),"rappel","encour")),"-") -> - | AF79: =IF(AD79,IF(ISNUMBER(AE79),"OK",IF(AD$1<TODAY(),"rappel","encour")),"-") -> - | AI79: =IF(AG79,IF(ISNUMBER(AH79),"OK",IF(AG$1<TODAY(),"rappel","encour")),"-") -> - | AK79: =IF(OR(ISNUMBER(U79),ISNUMBER(X79),ISNUMBER(AA79),ISNUMBER(AD79),ISNUMBER(AG79)),+R79+U79+X79+AA79+AD79+AG79,"") -> 105 | AL79: =IF(Q79,IF(T79="ok",+R79)+IF(W79="ok",+U79)+IF(Z79="ok",+X79)+IF(AC79="ok",+AA79)+IF(AF79="ok",+AD79)+IF(AI79="ok",+AG79),"-") -> 105 | AM79: =IF(ISNUMBER(AK79),IF(AK79=AL79,"ok",AK79-AL79),"") -> ok | AQ79: =IF(T79="rappel",TODAY()-Q79,".") -> . | AR79: =IF(W79="rappel",TODAY()-Q79,".") -> . | AS79: =IF(W79="rappel",TODAY()-S79,".") -> .
A80: 42270 | B80: =IF(C80=".","",IF(ISTEXT(C80),IF(C80=C79,B79+1,1),"")) -> 1 | C80: Mjazz | D80: 109474 | E80: Van Raemdonck-Célia | G80: F | H80: rue du Bonnet 23 | I80: 4420 | J80: St Nicolas | K80: 38911 | L80: Belge | N80: 0497/99 49 54 M 0495/87 07 14 GM | P80: 165/? | Q80: 42254 | R80: 35 | S80: 42254 | T80: =IF(Q80,IF(ISNUMBER(S80),"OK",IF(Q80+8<TODAY(),"rappel","encour")),"-") -> OK | U80: =IF(ISERROR(VLOOKUP(C80,cotisation15_16,4,FALSE)),".",VLOOKUP(C80,cotisation15_16,4,FALSE)) -> . | V80: 42254 | W80: =IF(ISNUMBER(U80),IF(ISNUMBER(V80),"OK",IF(Q80+15<TODAY(),"rappel","encour")),"-") -> - | Z80: =IF(X80,IF(ISNUMBER(Y80),"OK",IF(X$1<TODAY(),"rappel","encour")),"-") -> - | AC80: =IF(AA80,IF(ISNUMBER(AB80),"OK",IF(AA$1<TODAY(),"rappel","encour")),"-") -> - | AF80: =IF(AD80,IF(ISNUMBER(AE80),"OK",IF(AD$1<TODAY(),"rappel","encour")),"-") -> - | AI80: =IF(AG80,IF(ISNUMBER(AH80),"OK",IF(AG$1<TODAY(),"rappel","encour")),"-") -> - | AK80: =IF(OR(ISNUMBER(U80),ISNUMBER(X80),ISNUMBER(AA80),ISNUMBER(AD80),ISNUMBER(AG80)),+R80+U80+X80+AA80+AD80+AG80,"") | AL80: =IF(T80="ok",+R80)+IF(W80="ok",+U80)+IF(Z80="ok",+X80)+IF(AC80="ok",+AA80)+IF(AF80="ok",+AD80)+IF(AI80="ok",+AG80) -> 35 | AM80: =IF(ISNUMBER(AK80),IF(AK80=AL80,"ok",AK80-AL80),"") | AQ80: =IF(T80="rappel",TODAY()-Q80,".") -> . | AR80: =IF(W80="rappel",TODAY()-Q80,".") -> .
A81: 42279 | B81: =IF(C81=".","",IF(ISTEXT(C81),IF(C81=C80,B80+1,1),"")) -> 1 | C81: GRA | D81: 110293 | E81: Caputi-Romane | G81: F | H81: rue ferdinand Nicolay 576 | I81: 4420 | J81: Tilleur (lg) | K81: 38950 | L81: Belge | N81: 0497/27 28 78 0497/25 94 63 M | P81: 172/o | Q81: 42263 | R81: =IF(ISERROR(VLOOKUP(C81,cotisation15_16,3,FALSE)),".",VLOOKUP(C81,cotisation15_16,3,FALSE)) -> 35 | S81: 42272 | T81: =IF(Q81,IF(ISNUMBER(S81),"OK",IF(Q81+8<TODAY(),"rappel","encour")),"-") -> OK | U81: =IF(ISERROR(VLOOKUP(C81,cotisation15_16,4,FALSE)),".",VLOOKUP(C81,cotisation15_16,4,FALSE)) -> 100 | W81: =IF(ISNUMBER(U81),IF(ISNUMBER(V81),"OK",IF(Q81+15<TODAY(),"rappel","encour")),"-") -> rappel | Z81: =IF(X81,IF(ISNUMBER(Y81),"OK",IF(X$1<TODAY(),"rappel","encour")),"-") -> - | AC81: =IF(AA81,IF(ISNUMBER(AB81),"OK",IF(AA$1<TODAY(),"rappel","encour")),"-") -> - | AF81: =IF(AD81,IF(ISNUMBER(AE81),"OK",IF(AD$1<TODAY(),"rappel","encour")),"-") -> - | AI81: =IF(AG81,IF(ISNUMBER(AH81),"OK",IF(AG$1<TODAY(),"rappel","encour")),"-") -> - | AK81: =IF(OR(ISNUMBER(U81),ISNUMBER(X81),ISNUMBER(AA81),ISNUMBER(AD81),ISNUMBER(AG81)),+R81+U81+X81+AA81+AD81+AG81,"") -> 135 | AL81: =IF(Q81,IF(T81="ok",+R81)+IF(W81="ok",+U81)+IF(Z81="ok",+X81)+IF(AC81="ok",+AA81)+IF(AF81="ok",+AD81)+IF(AI81="ok",+AG81),"-") -> 35 | AM81: =IF(ISNUMBER(AK81),IF(AK81=AL81,"ok",AK81-AL81),"") -> 100 | AQ81: =IF(T81="rappel",TODAY()-Q81,".") -> . | AR81: =IF(W81="rappel",TODAY()-Q81-14,".") -> 13 | AS81: =IF(W81="rappel",TODAY()-S81,".") -> 18
A82: 42279 | B82: =IF(C82=".","",IF(ISTEXT(C82),IF(C82=C81,B81+1,1),"")) -> 2 | C82: GRA | D82: 110294 | E82: De Saint Georges-Iseut | G82: F | H82: rue Jean Haust 90 | I82: 4000 | J82: Liège | K82: 39107 | L82: Belge | M82: 04/365 14 44 | N82: 0486/27 56 32 P 0485/52 34 64 M | O82: oli.d56@gmail.com marie.chantry@gmail.com | P82: 143/o | Q82: 42263 | R82: 35 | S82: 42279 | T82: =IF(Q82,IF(ISNUMBER(S82),"OK",IF(Q82+8<TODAY(),"rappel","encour")),"-") -> OK | U82: =IF(ISERROR(VLOOKUP(C82,cotisation15_16,4,FALSE)),".",VLOOKUP(C82,cotisation15_16,4,FALSE)) -> 100 | W82: =IF(ISNUMBER(U82),IF(ISNUMBER(V82),"OK",IF(Q82+15<TODAY(),"rappel","encour")),"-") -> rappel | Z82: =IF(X82,IF(ISNUMBER(Y82),"OK",IF(X$1<TODAY(),"rappel","encour")),"-") -> - | AC82: =IF(AA82,IF(ISNUMBER(AB82),"OK",IF(AA$1<TODAY(),"rappel","encour")),"-") -> - | AF82: =IF(AD82,IF(ISNUMBER(AE82),"OK",IF(AD$1<TODAY(),"rappel","encour")),"-") -> - | AI82: =IF(AG82,IF(ISNUMBER(AH82),"OK",IF(AG$1<TODAY(),"rappel","encour")),"-") -> - | AK82: =IF(OR(ISNUMBER(U82),ISNUMBER(X82),ISNUMBER(AA82),ISNUMBER(AD82),ISNUMBER(AG82)),+R82+U82+X82+AA82+AD82+AG82,"") -> 135 | AL82: =IF(T82="ok",+R82)+IF(W82="ok",+U82)+IF(Z82="ok",+X82)+IF(AC82="ok",+AA82)+IF(AF82="ok",+AD82)+IF(AI82="ok",+AG82) -> 35 | AM82: =IF(ISNUMBER(AK82),IF(AK82=AL82,"ok",AK82-AL82),"") -> 100 | AN82: 42276 | AQ82: =IF(T82="rappel",TODAY()-Q82,".") -> . | AR82: =IF(W82="rappel",TODAY()-Q82-14,".") -> 13 | AS82: =IF(W82="rappel",TODAY()-S82,".") -> 11
A83: 42279 | B83: =IF(C83=".","",IF(ISTEXT(C83),IF(C83=C82,B82+1,1),"")) -> 3 | C83: GRA | D83: 110295 | E83: Essaidi-Ines | G83: F | H83: rue Jonckeu 31 | I83: 4460 | J83: Grâce-Hollogne | K83: 39919 | L83: Belge | N83: 0489/42 61 70 M 0486/03 05 15 P | O83: fauvillerachel@gmail.com | P83: 134/o | Q83: 42249 | R83: 35 | S83: 42279 | T83: =IF(Q83,IF(ISNUMBER(S83),"OK",IF(Q83+8<TODAY(),"rappel","encour")),"-") -> OK | V83: 42277 | W83: =IF(ISNUMBER(U83),IF(ISNUMBER(V83),"OK",IF(Q83+15<TODAY(),"rappel","encour")),"-") -> - | X83: 50 | Y83: 23/10 | Z83: =IF(X83,IF(ISNUMBER(Y83),"OK",IF(X$1<TODAY(),"rappel","encour")),"-") -> encour | AA83: 50 | AB83: 15/11 | AC83: =IF(AA83,IF(ISNUMBER(AB83),"OK",IF(AA$1<TODAY(),"rappel","encour")),"-") -> encour | AF83: =IF(AD83,IF(ISNUMBER(AE83),"OK",IF(AD$1<TODAY(),"rappel","encour")),"-") -> - | AI83: =IF(AG83,IF(ISNUMBER(AH83),"OK",IF(AG$1<TODAY(),"rappel","encour")),"-") -> - | AK83: =IF(OR(ISNUMBER(U83),ISNUMBER(X83),ISNUMBER(AA83),ISNUMBER(AD83),ISNUMBER(AG83)),+R83+U83+X83+AA83+AD83+AG83,"") -> 135 | AL83: =IF(T83="ok",+R83)+IF(W83="ok",+U83)+IF(Z83="ok",+X83)+IF(AC83="ok",+AA83)+IF(AF83="ok",+AD83)+IF(AI83="ok",+AG83) -> 35 | AM83: =IF(ISNUMBER(AK83),IF(AK83=AL83,"ok",AK83-AL83),"") -> 100 | AN83: 42267 | AO83: 42276 | AQ83: =IF(T83="rappel",TODAY()-Q83,".") -> . | AR83: =IF(W83="rappel",TODAY()-Q83,".") -> . | AS83: =IF(W83="rappel",TODAY()-S83,".") -> . | AT83: réponse le 12/10 échéancier
A84: 42279 | B84: =IF(C84=".","",IF(ISTEXT(C84),IF(C84=C83,B83+1,1),"")) -> 1 | C84: GRC | D84: 110297 | E84: San Lorenzo-Mila | G84: F | H84: rue Frédéric Braconier 74/011 | I84: 4420 | J84: St Nicolas | K84: 40654 | L84: Belge | M84: 043/33 33 93 | N84: 0486/26 20 55 0475/65 87 27 | O84: aud-portaro@hotmail.com | P84: 155/o | Q84: 42257 | R84: 35 | S84: 42258 | T84: =IF(Q84,IF(ISNUMBER(S84),"OK",IF(Q84+8<TODAY(),"rappel","encour")),"-") -> OK | U84: =IF(ISERROR(VLOOKUP(C84,cotisation15_16,4,FALSE)),".",VLOOKUP(C84,cotisation15_16,4,FALSE)) -> 100 | V84: 42258 | W84: =IF(ISNUMBER(U84),IF(ISNUMBER(V84),"OK",IF(Q84+15<TODAY(),"rappel","encour")),"-") -> OK | Z84: =IF(X84,IF(ISNUMBER(Y84),"OK",IF(X$1<TODAY(),"rappel","encour")),"-") -> - | AC84: =IF(AA84,IF(ISNUMBER(AB84),"OK",IF(AA$1<TODAY(),"rappel","encour")),"-") -> - | AF84: =IF(AD84,IF(ISNUMBER(AE84),"OK",IF(AD$1<TODAY(),"rappel","encour")),"-") -> - | AI84: =IF(AG84,IF(ISNUMBER(AH84),"OK",IF(AG$1<TODAY(),"rappel","encour")),"-") -> - | AK84: =IF(OR(ISNUMBER(U84),ISNUMBER(X84),ISNUMBER(AA84),ISNUMBER(AD84),ISNUMBER(AG84)),+R84+U84+X84+AA84+AD84+AG84,"") -> 135 | AL84: =IF(T84="ok",+R84)+IF(W84="ok",+U84)+IF(Z84="ok",+X84)+IF(AC84="ok",+AA84)+IF(AF84="ok",+AD84)+IF(AI84="ok",+AG84) -> 135 | AM84: =IF(ISNUMBER(AK84),IF(AK84=AL84,"ok",AK84-AL84),"") -> ok | AQ84: =IF(T84="rappel",TODAY()-Q84,".") -> . | AR84: =IF(W84="rappel",TODAY()-Q84,".") -> . | AS84: =IF(W84="rappel",TODAY()-S84,".") -> .
A85: 42279 | B85: =IF(C85=".","",IF(ISTEXT(C85),IF(C85=C84,B84+1,1),"")) -> 2 | C85: GRC | D85: 110298 | E85: Desmicht-Orlane | F85: MJ | G85: F | H85: rue des Grands Champs 39 | I85: 4000 | J85: Liège | K85: 38902 | L85: Belge | N85: 0494/07 64 25 M | P85: 169/o | Q85: 42271 | R85: =IF(ISERROR(VLOOKUP(C85,cotisation15_16,3,FALSE)),".",VLOOKUP(C85,cotisation15_16,3,FALSE)) -> 35 | S85: 42279 | T85: =IF(Q85,IF(ISNUMBER(S85),"OK",IF(Q85+8<TODAY(),"rappel","encour")),"-") -> OK | U85: =IF(ISERROR(VLOOKUP(C85,cotisation15_16,4,FALSE)),".",VLOOKUP(C85,cotisation15_16,4,FALSE)) -> 100 | W85: =IF(ISNUMBER(U85),IF(ISNUMBER(V85),"OK",IF(Q85+15<TODAY(),"rappel","encour")),"-") -> rappel | Z85: =IF(X85,IF(ISNUMBER(Y85),"OK",IF(X$1<TODAY(),"rappel","encour")),"-") -> - | AC85: =IF(AA85,IF(ISNUMBER(AB85),"OK",IF(AA$1<TODAY(),"rappel","encour")),"-") -> - | AF85: =IF(AD85,IF(ISNUMBER(AE85),"OK",IF(AD$1<TODAY(),"rappel","encour")),"-") -> - | AI85: =IF(AG85,IF(ISNUMBER(AH85),"OK",IF(AG$1<TODAY(),"rappel","encour")),"-") -> - | AK85: =IF(OR(ISNUMBER(U85),ISNUMBER(X85),ISNUMBER(AA85),ISNUMBER(AD85),ISNUMBER(AG85)),+R85+U85+X85+AA85+AD85+AG85,"") -> 135 | AL85: =IF(Q85,IF(T85="ok",+R85)+IF(W85="ok",+U85)+IF(Z85="ok",+X85)+IF(AC85="ok",+AA85)+IF(AF85="ok",+AD85)+IF(AI85="ok",+AG85),"-") -> 35 | AM85: =IF(ISNUMBER(AK85),IF(AK85=AL85,"ok",AK85-AL85),"") -> 100 | AQ85: =IF(T85="rappel",TODAY()-Q85,".") -> . | AR85: =IF(W85="rappel",TODAY()-Q85,".") -> 19 | AS85: =IF(W85="rappel",TODAY()-S85,".") -> 11
A86: 42279 | B86: =IF(C86=".","",IF(ISTEXT(C86),IF(C86=C85,B85+1,1),"")) -> 1 | C86: Mjazz | D86: 110298 | E86: Desmicht-Orlane | F86: GRC | G86: F | H86: Inconnu | P86: 169/o | Q86: 42261 | R86: 0 | S86: 42279 | T86: =IF(Q86,IF(ISNUMBER(S86),"OK",IF(Q86+8<TODAY(),"rappel","encour")),"-") -> OK | U86: =IF(ISERROR(VLOOKUP(C86,cotisation15_16,4,FALSE)),".",VLOOKUP(C86,cotisation15_16,4,FALSE)) -> . | W86: =IF(ISNUMBER(U86),IF(ISNUMBER(V86),"OK",IF(Q86+15<TODAY(),"rappel","encour")),"-") -> - | Z86: =IF(X86,IF(ISNUMBER(Y86),"OK",IF(X$1<TODAY(),"rappel","encour")),"-") -> - | AC86: =IF(AA86,IF(ISNUMBER(AB86),"OK",IF(AA$1<TODAY(),"rappel","encour")),"-") -> - | AF86: =IF(AD86,IF(ISNUMBER(AE86),"OK",IF(AD$1<TODAY(),"rappel","encour")),"-") -> - | AI86: =IF(AG86,IF(ISNUMBER(AH86),"OK",IF(AG$1<TODAY(),"rappel","encour")),"-") -> - | AK86: =IF(OR(ISNUMBER(U86),ISNUMBER(X86),ISNUMBER(AA86),ISNUMBER(AD86),ISNUMBER(AG86)),+R86+U86+X86+AA86+AD86+AG86,"") | AL86: =IF(Q86,IF(T86="ok",+R86)+IF(W86="ok",+U86)+IF(Z86="ok",+X86)+IF(AC86="ok",+AA86)+IF(AF86="ok",+AD86)+IF(AI86="ok",+AG86),"-") -> 0 | AM86: =IF(ISNUMBER(AK86),IF(AK86=AL86,"ok",AK86-AL86),"") | AN86: 42279 | AQ86: =IF(T86="rappel",TODAY()-Q86,".") -> . | AR86: =IF(W86="rappel",TODAY()-Q86-14,".") -> .
A87: 42279 | B87: =IF(C87=".","",IF(ISTEXT(C87),IF(C87=C86,B86+1,1),"")) -> 1 | C87: Psych | D87: 110310 | E87: Delvaux-Juliette | G87: F | H87: rue Pavé du Gosson 496/31 | I87: 4420 | J87: St Nicolas | K87: 41446 | L87: Belge | N87: 0494/100596 | O87: jennifertromme@gmail.com | P87: 168/o | Q87: 42261 | R87: =IF(ISERROR(VLOOKUP(C87,cotisation15_16,3,FALSE)),".",VLOOKUP(C87,cotisation15_16,3,FALSE)) -> 35 | S87: 42279 | T87: =IF(Q87,IF(ISNUMBER(S87),"OK",IF(Q87+8<TODAY(),"rappel","encour")),"-") -> OK | U87: =IF(ISERROR(VLOOKUP(C87,cotisation15_16,4,FALSE)),".",VLOOKUP(C87,cotisation15_16,4,FALSE)) -> 70 | V87: 42279 | W87: =IF(ISNUMBER(U87),IF(ISNUMBER(V87),"OK",IF(Q87+15<TODAY(),"rappel","encour")),"-") -> OK | Z87: =IF(X87,IF(ISNUMBER(Y87),"OK",IF(X$1<TODAY(),"rappel","encour")),"-") -> - | AC87: =IF(AA87,IF(ISNUMBER(AB87),"OK",IF(AA$1<TODAY(),"rappel","encour")),"-") -> - | AF87: =IF(AD87,IF(ISNUMBER(AE87),"OK",IF(AD$1<TODAY(),"rappel","encour")),"-") -> - | AI87: =IF(AG87,IF(ISNUMBER(AH87),"OK",IF(AG$1<TODAY(),"rappel","encour")),"-") -> - | AK87: =IF(OR(ISNUMBER(U87),ISNUMBER(X87),ISNUMBER(AA87),ISNUMBER(AD87),ISNUMBER(AG87)),+R87+U87+X87+AA87+AD87+AG87,"") -> 105 | AL87: =IF(Q87,IF(T87="ok",+R87)+IF(W87="ok",+U87)+IF(Z87="ok",+X87)+IF(AC87="ok",+AA87)+IF(AF87="ok",+AD87)+IF(AI87="ok",+AG87),"-") -> 105 | AM87: =IF(ISNUMBER(AK87),IF(AK87=AL87,"ok",AK87-AL87),"") -> ok | AQ87: =IF(T87="rappel",TODAY()-Q87,".") -> . | AR87: =IF(W87="rappel",TODAY()-Q87,".") -> . | AS87: =IF(W87="rappel",TODAY()-S87,".") -> .
A88: 42281 | B88: =IF(C88=".","",IF(ISTEXT(C88),IF(C88=C87,B87+1,1),"")) -> 2 | C88: Psych | D88: 110328 | E88: Capitano-Calogero | G88: M | H88: rue Tout Va Bien 182 | I88: 4420 | J88: St Nicolas | K88: 41053 | L88: Belge | N88: 0496/99 38 71 | P88: 167/? | Q88: 42254 | R88: =IF(ISERROR(VLOOKUP(C88,cotisation15_16,3,FALSE)),".",VLOOKUP(C88,cotisation15_16,3,FALSE)) -> 35 | S88: 42280 | T88: =IF(Q88,IF(ISNUMBER(S88),"OK",IF(Q88+8<TODAY(),"rappel","encour")),"-") -> OK | U88: =IF(ISERROR(VLOOKUP(C88,cotisation15_16,4,FALSE)),".",VLOOKUP(C88,cotisation15_16,4,FALSE)) -> 70 | V88: 42280 | W88: =IF(ISNUMBER(U88),IF(ISNUMBER(V88),"OK",IF(Q88+15<TODAY(),"rappel","encour")),"-") -> OK | Z88: =IF(X88,IF(ISNUMBER(Y88),"OK",IF(X$1<TODAY(),"rappel","encour")),"-") -> - | AC88: =IF(AA88,IF(ISNUMBER(AB88),"OK",IF(AA$1<TODAY(),"rappel","encour")),"-") -> - | AF88: =IF(AD88,IF(ISNUMBER(AE88),"OK",IF(AD$1<TODAY(),"rappel","encour")),"-") -> - | AI88: =IF(AG88,IF(ISNUMBER(AH88),"OK",IF(AG$1<TODAY(),"rappel","encour")),"-") -> - | AK88: =IF(OR(ISNUMBER(U88),ISNUMBER(X88),ISNUMBER(AA88),ISNUMBER(AD88),ISNUMBER(AG88)),+R88+U88+X88+AA88+AD88+AG88,"") -> 105 | AL88: =IF(Q88,IF(T88="ok",+R88)+IF(W88="ok",+U88)+IF(Z88="ok",+X88)+IF(AC88="ok",+AA88)+IF(AF88="ok",+AD88)+IF(AI88="ok",+AG88),"-") -> 105 | AM88: =IF(ISNUMBER(AK88),IF(AK88=AL88,"ok",AK88-AL88),"") -> ok | AQ88: =IF(T88="rappel",TODAY()-Q88,".") -> . | AR88: =IF(W88="rappel",TODAY()-Q88,".") -> .
A89: 42281 | B89: =IF(C89=".","",IF(ISTEXT(C89),IF(C89=C88,B88+1,1),"")) -> 3 | C89: Psych | D89: 110329 | E89: Capitano-Carmelo | G89: M | H89: rue Tout Va Bien 182 | I89: 4420 | J89: St Nicolas | K89: 41053 | L89: Belge | N89: 0496/99 38 71 | P89: 166/? | Q89: 42254 | R89: =IF(ISERROR(VLOOKUP(C89,cotisation15_16,3,FALSE)),".",VLOOKUP(C89,cotisation15_16,3,FALSE)) -> 35 | S89: 42280 | T89: =IF(Q89,IF(ISNUMBER(S89),"OK",IF(Q89+8<TODAY(),"rappel","encour")),"-") -> OK | U89: =IF(ISERROR(VLOOKUP(C89,cotisation15_16,4,FALSE)),".",VLOOKUP(C89,cotisation15_16,4,FALSE)) -> 70 | V89: 42280 | W89: =IF(ISNUMBER(U89),IF(ISNUMBER(V89),"OK",IF(Q89+15<TODAY(),"rappel","encour")),"-") -> OK | Z89: =IF(X89,IF(ISNUMBER(Y89),"OK",IF(X$1<TODAY(),"rappel","encour")),"-") -> - | AC89: =IF(AA89,IF(ISNUMBER(AB89),"OK",IF(AA$1<TODAY(),"rappel","encour")),"-") -> - | AF89: =IF(AD89,IF(ISNUMBER(AE89),"OK",IF(AD$1<TODAY(),"rappel","encour")),"-") -> - | AI89: =IF(AG89,IF(ISNUMBER(AH89),"OK",IF(AG$1<TODAY(),"rappel","encour")),"-") -> - | AK89: =IF(OR(ISNUMBER(U89),ISNUMBER(X89),ISNUMBER(AA89),ISNUMBER(AD89),ISNUMBER(AG89)),+R89+U89+X89+AA89+AD89+AG89,"") -> 105 | AL89: =IF(Q89,IF(T89="ok",+R89)+IF(W89="ok",+U89)+IF(Z89="ok",+X89)+IF(AC89="ok",+AA89)+IF(AF89="ok",+AD89)+IF(AI89="ok",+AG89),"-") -> 105 | AM89: =IF(ISNUMBER(AK89),IF(AK89=AL89,"ok",AK89-AL89),"") -> ok | AQ89: =IF(T89="rappel",TODAY()-Q89,".") -> . | AR89: =IF(W89="rappel",TODAY()-Q89,".") -> .
A90: 42282 | B90: =IF(C90=".","",IF(ISTEXT(C90),IF(C90=C89,B89+1,1),"")) -> 1 | C90: GRA | D90: 110354 | E90: Caputi-Maelle | G90: F | H90: rue ferdinand Nicolay 576 | I90: 4420 | J90: Tilleur (lg) | K90: 38950 | L90: Belge | N90: 0497/27 28 78 0497/25 94 63 M | P90: 173/o | Q90: 42263 | R90: =IF(ISERROR(VLOOKUP(C90,cotisation15_16,3,FALSE)),".",VLOOKUP(C90,cotisation15_16,3,FALSE)) -> 35 | S90: 42272 | T90: =IF(Q90,IF(ISNUMBER(S90),"OK",IF(Q90+8<TODAY(),"rappel","encour")),"-") -> OK | U90: =IF(ISERROR(VLOOKUP(C90,cotisation15_16,4,FALSE)),".",VLOOKUP(C90,cotisation15_16,4,FALSE)) -> 100 | W90: =IF(ISNUMBER(U90),IF(ISNUMBER(V90),"OK",IF(Q90+15<TODAY(),"rappel","encour")),"-") -> rappel | Z90: =IF(X90,IF(ISNUMBER(Y90),"OK",IF(X$1<TODAY(),"rappel","encour")),"-") -> - | AC90: =IF(AA90,IF(ISNUMBER(AB90),"OK",IF(AA$1<TODAY(),"rappel","encour")),"-") -> - | AF90: =IF(AD90,IF(ISNUMBER(AE90),"OK",IF(AD$1<TODAY(),"rappel","encour")),"-") -> - | AI90: =IF(AG90,IF(ISNUMBER(AH90),"OK",IF(AG$1<TODAY(),"rappel","encour")),"-") -> - | AK90: =IF(OR(ISNUMBER(U90),ISNUMBER(X90),ISNUMBER(AA90),ISNUMBER(AD90),ISNUMBER(AG90)),+R90+U90+X90+AA90+AD90+AG90,"") -> 135 | AL90: =IF(Q90,IF(T90="ok",+R90)+IF(W90="ok",+U90)+IF(Z90="ok",+X90)+IF(AC90="ok",+AA90)+IF(AF90="ok",+AD90)+IF(AI90="ok",+AG90),"-") -> 35 | AM90: =IF(ISNUMBER(AK90),IF(AK90=AL90,"ok",AK90-AL90),"") -> 100 | AQ90: =IF(T90="rappel",TODAY()-Q90,".") -> . | AR90: =IF(W90="rappel",TODAY()-Q90-14,".") -> 13 | AS90: =IF(W90="rappel",TODAY()-S90,".") -> 18
A91: 42283 | B91: =IF(C91=".","",IF(ISTEXT(C91),IF(C91=C90,B90+1,1),"")) -> 1 | C91: GRC | D91: 110568 | E91: Meys-Jeanne | G91: F | H91: rue des Wallons 168 | I91: 4000 | J91: Liège | K91: 39983 | L91: Belge | M91: 04/226 70 57 | N91: 0470/84 63 00 | Q91: 42271 | R91: 35 | S91: 42283 | T91: =IF(Q91,IF(ISNUMBER(S91),"OK",IF(Q91+8<TODAY(),"rappel","encour")),"-") -> OK | U91: =IF(ISERROR(VLOOKUP(C91,cotisation15_16,4,FALSE)),".",VLOOKUP(C91,cotisation15_16,4,FALSE)) -> 100 | V91: 42283 | W91: =IF(ISNUMBER(U91),IF(ISNUMBER(V91),"OK",IF(Q91+15<TODAY(),"rappel","encour")),"-") -> OK | Z91: =IF(X91,IF(ISNUMBER(Y91),"OK",IF(X$1<TODAY(),"rappel","encour")),"-") -> - | AC91: =IF(AA91,IF(ISNUMBER(AB91),"OK",IF(AA$1<TODAY(),"rappel","encour")),"-") -> - | AF91: =IF(AD91,IF(ISNUMBER(AE91),"OK",IF(AD$1<TODAY(),"rappel","encour")),"-") -> - | AI91: =IF(AG91,IF(ISNUMBER(AH91),"OK",IF(AG$1<TODAY(),"rappel","encour")),"-") -> - | AK91: =IF(OR(ISNUMBER(U91),ISNUMBER(X91),ISNUMBER(AA91),ISNUMBER(AD91),ISNUMBER(AG91)),+R91+U91+X91+AA91+AD91+AG91,"") -> 135 | AL91: =IF(Q91,IF(T91="ok",+R91)+IF(W91="ok",+U91)+IF(Z91="ok",+X91)+IF(AC91="ok",+AA91)+IF(AF91="ok",+AD91)+IF(AI91="ok",+AG91),"-") -> 135 | AM91: =IF(ISNUMBER(AK91),IF(AK91=AL91,"ok",AK91-AL91),"") -> ok | AQ91: =IF(T91="rappel",TODAY()-Q91,".") -> . | AR91: =IF(W91="rappel",TODAY()-Q91,".") -> . | AS91: =IF(W91="rappel",TODAY()-S91,".") -> .
A92: 42286 | B92: =IF(C92=".","",IF(ISTEXT(C92),IF(C92=C91,B91+1,1),"")) -> 2 | C92: GRC | D92: 111532 | E92: Mouloudi-Aya | G92: F | H92: rue Tout Va Bien 135 | I92: 4420 | J92: St Nicolas | K92: 40103 | L92: belge | N92: 0498/28 21 03 M | P92: 177/N | Q92: 42285 | R92: =IF(ISERROR(VLOOKUP(C92,cotisation15_16,3,FALSE)),".",VLOOKUP(C92,cotisation15_16,3,FALSE)) -> 35 | S92: 42285 | T92: =IF(Q92,IF(ISNUMBER(S92),"OK",IF(Q92+8<TODAY(),"rappel","encour")),"-") -> OK | W92: =IF(ISNUMBER(U92),IF(ISNUMBER(V92),"OK",IF(Q92+15<TODAY(),"rappel","encour")),"-") -> - | X92: 100 | Z92: =IF(X92,IF(ISNUMBER(Y92),"OK",IF(X$1<TODAY(),"rappel","encour")),"-") -> encour | AC92: =IF(AA92,IF(ISNUMBER(AB92),"OK",IF(AA$1<TODAY(),"rappel","encour")),"-") -> - | AF92: =IF(AD92,IF(ISNUMBER(AE92),"OK",IF(AD$1<TODAY(),"rappel","encour")),"-") -> - | AI92: =IF(AG92,IF(ISNUMBER(AH92),"OK",IF(AG$1<TODAY(),"rappel","encour")),"-") -> - | AK92: =IF(OR(ISNUMBER(U92),ISNUMBER(X92),ISNUMBER(AA92),ISNUMBER(AD92),ISNUMBER(AG92)),+R92+U92+X92+AA92+AD92+AG92,"") -> 135 | AL92: =IF(Q92,IF(T92="ok",+R92)+IF(W92="ok",+U92)+IF(Z92="ok",+X92)+IF(AC92="ok",+AA92)+IF(AF92="ok",+AD92)+IF(AI92="ok",+AG92),"-") -> 35 | AM92: =IF(ISNUMBER(AK92),IF(AK92=AL92,"ok",AK92-AL92),"") -> 100 | AQ92: =IF(T92="rappel",TODAY()-Q92,".") -> . | AR92: =IF(W92="rappel",TODAY()-Q92,".") -> . | AS92: =IF(W92="rappel",TODAY()-S92,".") -> .
A93: 42286 | B93: =IF(C93=".","",IF(ISTEXT(C93),IF(C93=C92,B92+1,1),"")) -> 3 | C93: GRC | D93: 111533 | E93: Tahri-Sirine | G93: F | H93: rue du Calvaire 139/31 | I93: 4000 | J93: Liège | K93: 39394 | L93: belge | N93: 0484/83 71 91 M | O93: elkhajouti_hassana@hotmail.fr | P93: 175/o | Q93: 42285 | R93: =IF(ISERROR(VLOOKUP(C93,cotisation15_16,3,FALSE)),".",VLOOKUP(C93,cotisation15_16,3,FALSE)) -> 35 | S93: 42286 | T93: =IF(Q93,IF(ISNUMBER(S93),"OK",IF(Q93+8<TODAY(),"rappel","encour")),"-") -> OK | U93: =IF(ISERROR(VLOOKUP(C93,cotisation15_16,4,FALSE)),".",VLOOKUP(C93,cotisation15_16,4,FALSE)) -> 100 | V93: 42286 | W93: =IF(ISNUMBER(U93),IF(ISNUMBER(V93),"OK",IF(Q93+15<TODAY(),"rappel","encour")),"-") -> OK | Z93: =IF(X93,IF(ISNUMBER(Y93),"OK",IF(X$1<TODAY(),"rappel","encour")),"-") -> - | AC93: =IF(AA93,IF(ISNUMBER(AB93),"OK",IF(AA$1<TODAY(),"rappel","encour")),"-") -> - | AF93: =IF(AD93,IF(ISNUMBER(AE93),"OK",IF(AD$1<TODAY(),"rappel","encour")),"-") -> - | AI93: =IF(AG93,IF(ISNUMBER(AH93),"OK",IF(AG$1<TODAY(),"rappel","encour")),"-") -> - | AK93: =IF(OR(ISNUMBER(U93),ISNUMBER(X93),ISNUMBER(AA93),ISNUMBER(AD93),ISNUMBER(AG93)),+R93+U93+X93+AA93+AD93+AG93,"") -> 135 | AL93: =IF(Q93,IF(T93="ok",+R93)+IF(W93="ok",+U93)+IF(Z93="ok",+X93)+IF(AC93="ok",+AA93)+IF(AF93="ok",+AD93)+IF(AI93="ok",+AG93),"-") -> 135 | AM93: =IF(ISNUMBER(AK93),IF(AK93=AL93,"ok",AK93-AL93),"") -> ok | AQ93: =IF(T93="rappel",TODAY()-Q93,".") -> . | AR93: =IF(W93="rappel",TODAY()-Q93,".") -> . | AS93: =IF(W93="rappel",TODAY()-S93,".") -> .
A94: 42286 | B94: =IF(C94=".","",IF(ISTEXT(C94),IF(C94=C93,B93+1,1),"")) -> 1 | C94: GRA | D94: 111535 | E94: Karatzas-Angélique | G94: F | H94: rue des Tamaris 6 | I94: 4000 | J94: Liège | K94: 40060 | L94: Belge | N94: 0485/52 57 91 M | O94: blom.isabelle@gmail.com | P94: 170/o | Q94: 42277 | R94: =IF(ISERROR(VLOOKUP(C94,cotisation15_16,3,FALSE)),".",VLOOKUP(C94,cotisation15_16,3,FALSE)) -> 35 | S94: 42285 | T94: =IF(Q94,IF(ISNUMBER(S94),"OK",IF(Q94+8<TODAY(),"rappel","encour")),"-") -> OK | U94: =IF(ISERROR(VLOOKUP(C94,cotisation15_16,4,FALSE)),".",VLOOKUP(C94,cotisation15_16,4,FALSE)) -> 100 | V94: 42285 | W94: =IF(ISNUMBER(U94),IF(ISNUMBER(V94),"OK",IF(Q94+15<TODAY(),"rappel","encour")),"-") -> OK | Z94: =IF(X94,IF(ISNUMBER(Y94),"OK",IF(X$1<TODAY(),"rappel","encour")),"-") -> - | AC94: =IF(AA94,IF(ISNUMBER(AB94),"OK",IF(AA$1<TODAY(),"rappel","encour")),"-") -> - | AF94: =IF(AD94,IF(ISNUMBER(AE94),"OK",IF(AD$1<TODAY(),"rappel","encour")),"-") -> - | AI94: =IF(AG94,IF(ISNUMBER(AH94),"OK",IF(AG$1<TODAY(),"rappel","encour")),"-") -> - | AK94: =IF(OR(ISNUMBER(U94),ISNUMBER(X94),ISNUMBER(AA94),ISNUMBER(AD94),ISNUMBER(AG94)),+R94+U94+X94+AA94+AD94+AG94,"") -> 135 | AL94: =IF(Q94,IF(T94="ok",+R94)+IF(W94="ok",+U94)+IF(Z94="ok",+X94)+IF(AC94="ok",+AA94)+IF(AF94="ok",+AD94)+IF(AI94="ok",+AG94),"-") -> 135 | AM94: =IF(ISNUMBER(AK94),IF(AK94=AL94,"ok",AK94-AL94),"") -> ok | AQ94: =IF(T94="rappel",TODAY()-Q94,".") -> . | AR94: =IF(W94="rappel",TODAY()-Q94,".") -> . | AS94: =IF(W94="rappel",TODAY()-S94,".") -> .
A95: 42286 | B95: =IF(C95=".","",IF(ISTEXT(C95),IF(C95=C94,B94+1,1),"")) -> 2 | C95: GRA | D95: 111536 | E95: Karatzas-Anastasia | G95: F | H95: rue des Tamaris 6 | I95: 4000 | J95: Liège | K95: 39370 | L95: Belge | N95: 0485/52 57 91 M | O95: blom.isabelle@gmail.com | P95: 171/o | Q95: 42277 | R95: =IF(ISERROR(VLOOKUP(C95,cotisation15_16,3,FALSE)),".",VLOOKUP(C95,cotisation15_16,3,FALSE)) -> 35 | S95: 42285 | T95: =IF(Q95,IF(ISNUMBER(S95),"OK",IF(Q95+8<TODAY(),"rappel","encour")),"-") -> OK | U95: =IF(ISERROR(VLOOKUP(C95,cotisation15_16,4,FALSE)),".",VLOOKUP(C95,cotisation15_16,4,FALSE)) -> 100 | V95: 42285 | W95: =IF(ISNUMBER(U95),IF(ISNUMBER(V95),"OK",IF(Q95+15<TODAY(),"rappel","encour")),"-") -> OK | Z95: =IF(X95,IF(ISNUMBER(Y95),"OK",IF(X$1<TODAY(),"rappel","encour")),"-") -> - | AC95: =IF(AA95,IF(ISNUMBER(AB95),"OK",IF(AA$1<TODAY(),"rappel","encour")),"-") -> - | AF95: =IF(AD95,IF(ISNUMBER(AE95),"OK",IF(AD$1<TODAY(),"rappel","encour")),"-") -> - | AI95: =IF(AG95,IF(ISNUMBER(AH95),"OK",IF(AG$1<TODAY(),"rappel","encour")),"-") -> - | AK95: =IF(OR(ISNUMBER(U95),ISNUMBER(X95),ISNUMBER(AA95),ISNUMBER(AD95),ISNUMBER(AG95)),+R95+U95+X95+AA95+AD95+AG95,"") -> 135 | AL95: =IF(Q95,IF(T95="ok",+R95)+IF(W95="ok",+U95)+IF(Z95="ok",+X95)+IF(AC95="ok",+AA95)+IF(AF95="ok",+AD95)+IF(AI95="ok",+AG95),"-") -> 135 | AM95: =IF(ISNUMBER(AK95),IF(AK95=AL95,"ok",AK95-AL95),"") -> ok | AQ95: =IF(T95="rappel",TODAY()-Q95,".") -> . | AR95: =IF(W95="rappel",TODAY()-Q95,".") -> . | AS95: =IF(W95="rappel",TODAY()-S95,".") -> .
A96: 42286 | B96: =IF(C96=".","",IF(ISTEXT(C96),IF(C96=C95,B95+1,1),"")) -> 3 | C96: GRA | D96: 111537 | E96: Gazibaric-Alena | G96: F | H96: rue Entre deux Thiers 55 | I96: 4520 | J96: Huccorgne | K96: 39053 | L96: belge | N96: 0498/40 58 12 M 0494/76 83 98 GM | Q96: 42256 | R96: 35 | S96: 42264 | T96: =IF(Q96,IF(ISNUMBER(S96),"OK",IF(Q96+8<TODAY(),"rappel","encour")),"-") -> OK | U96: =IF(ISERROR(VLOOKUP(C96,cotisation15_16,4,FALSE)),".",VLOOKUP(C96,cotisation15_16,4,FALSE)) -> 100 | V96: 42264 | W96: =IF(ISNUMBER(U96),IF(ISNUMBER(V96),"OK",IF(Q96+15<TODAY(),"rappel","encour")),"-") -> OK | Z96: =IF(X96,IF(ISNUMBER(Y96),"OK",IF(X$1<TODAY(),"rappel","encour")),"-") -> - | AC96: =IF(AA96,IF(ISNUMBER(AB96),"OK",IF(AA$1<TODAY(),"rappel","encour")),"-") -> - | AF96: =IF(AD96,IF(ISNUMBER(AE96),"OK",IF(AD$1<TODAY(),"rappel","encour")),"-") -> - | AI96: =IF(AG96,IF(ISNUMBER(AH96),"OK",IF(AG$1<TODAY(),"rappel","encour")),"-") -> - | AK96: =IF(OR(ISNUMBER(U96),ISNUMBER(X96),ISNUMBER(AA96),ISNUMBER(AD96),ISNUMBER(AG96)),+R96+U96+X96+AA96+AD96+AG96,"") -> 135 | AL96: =IF(T96="ok",+R96)+IF(W96="ok",+U96)+IF(Z96="ok",+X96)+IF(AC96="ok",+AA96)+IF(AF96="ok",+AD96)+IF(AI96="ok",+AG96) -> 135 | AM96: =IF(ISNUMBER(AK96),IF(AK96=AL96,"ok",AK96-AL96),"") -> ok | AQ96: =IF(T96="rappel",TODAY()-Q96,".") -> . | AR96: =IF(W96="rappel",TODAY()-Q96,".") -> . | AS96: =IF(W96="rappel",TODAY()-S96,".") -> .
A97: 42286 | B97: =IF(C97=".","",IF(ISTEXT(C97),IF(C97=C96,B96+1,1),"")) -> 4 | C97: GRA | D97: 111538 | E97: Cennetoglu-Aksel | G97: F | H97: rue Emile Vandervelde 326 | I97: 4000 | J97: Liège | K97: 39871 | L97: Belge | N97: 0498/23 05 14 M | O97: tekatliraziye@live.be | P97: ? | Q97: 42277 | R97: =IF(ISERROR(VLOOKUP(C97,cotisation15_16,3,FALSE)),".",VLOOKUP(C97,cotisation15_16,3,FALSE)) -> 35 | S97: 42255 | T97: =IF(Q97,IF(ISNUMBER(S97),"OK",IF(Q97+8<TODAY(),"rappel","encour")),"-") -> OK | U97: 65 | V97: 42255 | W97: =IF(ISNUMBER(U97),IF(ISNUMBER(V97),"OK",IF(Q97+15<TODAY(),"rappel","encour")),"-") -> OK | X97: 35 | Z97: =IF(X97,IF(ISNUMBER(Y97),"OK",IF(X$1<TODAY(),"rappel","encour")),"-") -> encour | AC97: =IF(AA97,IF(ISNUMBER(AB97),"OK",IF(AA$1<TODAY(),"rappel","encour")),"-") -> - | AF97: =IF(AD97,IF(ISNUMBER(AE97),"OK",IF(AD$1<TODAY(),"rappel","encour")),"-") -> - | AI97: =IF(AG97,IF(ISNUMBER(AH97),"OK",IF(AG$1<TODAY(),"rappel","encour")),"-") -> - | AK97: =IF(OR(ISNUMBER(U97),ISNUMBER(X97),ISNUMBER(AA97),ISNUMBER(AD97),ISNUMBER(AG97)),+R97+U97+X97+AA97+AD97+AG97,"") -> 135 | AL97: =IF(Q97,IF(T97="ok",+R97)+IF(W97="ok",+U97)+IF(Z97="ok",+X97)+IF(AC97="ok",+AA97)+IF(AF97="ok",+AD97)+IF(AI97="ok",+AG97),"-") -> 100 | AM97: =IF(ISNUMBER(AK97),IF(AK97=AL97,"ok",AK97-AL97),"") -> 35 | AQ97: =IF(T97="rappel",TODAY()-Q97,".") -> . | AR97: =IF(W97="rappel",TODAY()-Q97,".") -> . | AS97: =IF(W97="rappel",TODAY()-S97,".") -> .
